Workbook
Name XDO_?XDOFIELD1?: PTR!$A$4:$A$9
Name XDO_?XDOFIELD10?: PTR!$J$4:$J$9
Name XDO_?XDOFIELD11?: PTR!$K$4:$K$9
Name XDO_?XDOFIELD12?: PTR!$L$4:$L$9
Name XDO_?XDOFIELD13?: PTR!$M$4:$M$9
Name XDO_?XDOFIELD14?: PTR!$N$4:$N$9
Name XDO_?XDOFIELD15?: PTR!$O$4:$O$9
Name XDO_?XDOFIELD16?: PTR!$P$4:$P$9
Name XDO_?XDOFIELD17?: PTR!$Q$4:$Q$9
Name XDO_?XDOFIELD18?: PTR!$R$4:$R$9
Name XDO_?XDOFIELD19?: PTR!$S$4:$S$9
Name XDO_?XDOFIELD2?: PTR!$B$4:$B$9
Name XDO_?XDOFIELD20?: PTR!$T$4:$T$9
Name XDO_?XDOFIELD21?: PTR!$U$4:$U$9
Name XDO_?XDOFIELD22?: PTR!$V$4:$V$9
Name XDO_?XDOFIELD23?: PTR!$W$4:$W$9
Name XDO_?XDOFIELD24?: PTR!$X$4:$X$9
Name XDO_?XDOFIELD25?: PTR!$Y$4:$Y$9
Name XDO_?XDOFIELD26?: PTR!$Z$4:$Z$9
Name XDO_?XDOFIELD27?: PTR!$AA$4:$AA$9
Name XDO_?XDOFIELD28?: PTR!$AB$4:$AB$9
Name XDO_?XDOFIELD29?: PTR!$AC$4:$AC$9
Name XDO_?XDOFIELD3?: PTR!$C$4:$C$9
Name XDO_?XDOFIELD30?: PTR!$AD$4:$AD$9
Name XDO_?XDOFIELD30?: #REF!
Name XDO_?XDOFIELD31?: PTR!$AE$4:$AE$9
Name XDO_?XDOFIELD32?: PTR!$AF$4:$AF$9
Name XDO_?XDOFIELD33?: PTR!$AG$4:$AG$9
Name XDO_?XDOFIELD34?: PTR!$AH$4:$AH$9
Name XDO_?XDOFIELD35?: PTR!$AI$4:$AI$9
Name XDO_?XDOFIELD36?: PTR!$AJ$4:$AJ$9
Name XDO_?XDOFIELD37?: PTR!$AK$4:$AK$9
Name XDO_?XDOFIELD38?: PTR!$AL$4:$AL$9
Name XDO_?XDOFIELD39?: PTR!$AM$4:$AM$9
Name XDO_?XDOFIELD4?: PTR!$D$4:$D$9
Name XDO_?XDOFIELD40?: PTR!$AN$4:$AN$9
Name XDO_?XDOFIELD41?: PTR!$AO$4:$AO$9
Name XDO_?XDOFIELD42?: PTR!$AP$4:$AP$9
Name XDO_?XDOFIELD43?: PTR!$AQ$4:$AQ$9
Name XDO_?XDOFIELD44?: PTR!$AR$4:$AR$9
Name XDO_?XDOFIELD45?: PTR!$AS$4:$AS$9
Name XDO_?XDOFIELD46?: PTR!$AT$4:$AT$9
Name XDO_?XDOFIELD47?: PTR!$AU$4:$AU$9
Name XDO_?XDOFIELD48?: PTR!$AV$4:$AV$9
Name XDO_?XDOFIELD49?: PTR!$AW$4:$AW$9
Name XDO_?XDOFIELD5?: PTR!$E$4:$E$9
Name XDO_?XDOFIELD50?: PTR!$AX$4:$AX$9
Name XDO_?XDOFIELD51?: PTR!$AY$4:$AY$9
Name XDO_?XDOFIELD52?: PTR!$AZ$4:$AZ$9
Name XDO_?XDOFIELD53?: PTR!$BA$4:$BA$9
Name XDO_?XDOFIELD54?: PTR!$BB$4:$BB$9
Name XDO_?XDOFIELD55?: PTR!$BC$4:$BC$9
Name XDO_?XDOFIELD55?: '[1]UN AA Report_01.01.23-01.03.23'!#REF!
Name XDO_?XDOFIELD56?: PTR!$BD$4:$BD$9
Name XDO_?XDOFIELD57?: PTR!$BE$4:$BE$9
Name XDO_?XDOFIELD58?: PTR!$BF$4:$BF$9
Name XDO_?XDOFIELD58?: '[1]UN AA Report_01.01.23-01.03.23'!#REF!
Name XDO_?XDOFIELD59?: PTR!$BG$4:$BG$9
Name XDO_?XDOFIELD6?: PTR!$F$4:$F$9
Name XDO_?XDOFIELD60?: PTR!$BH$4:$BH$9

Sheet Interim finreport
C3: INTERIM FINANCIAL REPORT
C4: Award ID: | D4: 1176166
C5: Project Title: | D5: Support to the stabilization and recovery of war affected communities (frontline, return and hosting areas)
C6: Project ID: | D6: 01001136
C7: Donor: | D7: GOVERNMENT OF NETHERLANDS (000182)
C9: EXPECTED OUTPUTS | D9: Approved budget, USD | E9: Expenses , period 08.2023-31.12.2024, USD | F9: Commitments as of 31.12.2024, USD | G9: Total Budget Balance, USD | H9: Total Budget Utilization, %
A10: Mapping | D10: A | E10: B | F10: C | G10: D=A-B-C | H10: E=(B+C)/A, %
A11: Output 1 | C11: Output 1: Local communities and local justice service providers more effectively implement response and recovery processes. | D11: ='Detailed budget'!Q25 -> 315000 | E11: =SUMIFS(AAA!F:F,AAA!A:A,"yes",AAA!C:C,A11,AAA!AZ:AZ,"<>2025")+SUMIFS(AAA!F:F,AAA!A:A,"yes",AAA!D:D,A11,AAA!AZ:AZ,"<>2025")+SUMIFS(AAA!F:F,AAA!A:A,"yes",AAA!E:E,A11,AAA!AZ:AZ,"<>2025") -> 203862.92 | F11: =SUMIFS('IPSAS Commitment report'!Z:Z,'IPSAS Commitment report'!A:A,'Interim finreport'!A11) -> 49984.67 | G11: =D11-SUM(E11:F11) -> 61152.41 | H11: =SUM(E11:F11)/D11 -> 0.80586537
A12: Output 2 | C12: Output 2: Social fabric is strengthened, and social divisions are bridged through greater institutional and citizen dialogue, and through enabling reintegration of veterans in their communities. | D12: ='Detailed budget'!Q51 -> 454000 | E12: =SUMIFS(AAA!F:F,AAA!A:A,"yes",AAA!C:C,A12,AAA!AZ:AZ,"<>2025")+SUMIFS(AAA!F:F,AAA!A:A,"yes",AAA!D:D,A12,AAA!AZ:AZ,"<>2025")+SUMIFS(AAA!F:F,AAA!A:A,"yes",AAA!E:E,A12,AAA!AZ:AZ,"<>2025") -> 297880.15 | F12: =SUMIFS('IPSAS Commitment report'!Z:Z,'IPSAS Commitment report'!A:A,'Interim finreport'!A12) -> 61773.54 | G12: =D12-SUM(E12:F12) -> 94346.31 | H12: =SUM(E12:F12)/D12 -> 0.79218874
A13: Output 3 | C13: Output 3: Citizens, especially young women and men, take an active role in inclusive, area-based planning and implementation of security and recovery initiatives. | D13: ='Detailed budget'!Q69 -> 343632 | E13: =SUMIFS(AAA!F:F,AAA!A:A,"yes",AAA!C:C,A13,AAA!AZ:AZ,"<>2025")+SUMIFS(AAA!F:F,AAA!A:A,"yes",AAA!D:D,A13,AAA!AZ:AZ,"<>2025")+SUMIFS(AAA!F:F,AAA!A:A,"yes",AAA!E:E,A13,AAA!AZ:AZ,"<>2025") -> 283435.98 | F13: =SUMIFS('IPSAS Commitment report'!Z:Z,'IPSAS Commitment report'!A:A,'Interim finreport'!A13) -> 1086.06 | G13: =D13-SUM(E13:F13) -> 59109.96 | H13: =SUM(E13:F13)/D13 -> 0.8279847
A14: MC | C14: Management costs directly related to implementation including security costs | D14: ='Detailed budget'!Q71 -> 279207.57 | E14: =SUMIFS(AAA!F:F,AAA!A:A,"yes",AAA!C:C,A14,AAA!AZ:AZ,"<>2025")+SUMIFS(AAA!F:F,AAA!A:A,"yes",AAA!D:D,A14,AAA!AZ:AZ,"<>2025")+SUMIFS(AAA!F:F,AAA!A:A,"yes",AAA!E:E,A14,AAA!AZ:AZ,"<>2025") -> 220284.9 | F14: =SUMIFS('IPSAS Commitment report'!Z:Z,'IPSAS Commitment report'!A:A,'Interim finreport'!A14) -> 0 | G14: =D14-SUM(E14:F14) -> 58922.672 | H14: =SUM(E14:F14)/D14 -> 0.78896463
A15: DPC | C15: Support services (4%) | D15: ='Detailed budget'!Q86 -> 55673.603 | E15: =SUMIFS(AAA!F:F,AAA!A:A,"yes",AAA!B:B,A15,AAA!AZ:AZ,"<>2025") -> 53101.8 | F15: =SUMIFS('IPSAS Commitment report'!Z:Z,'IPSAS Commitment report'!A:A,'Interim finreport'!A15) -> 0 | G15: =D15-SUM(E15:F15) -> 2571.8029 | H15: =SUM(E15:F15)/D15 -> 0.9538057
A16: GMS | C16: Facilities & Administration (8%) | D16: ='Detailed budget'!Q88 -> 115801.05 | E16: =SUMIFS(AAA!F:F,AAA!A:A,"yes",AAA!B:B,A16,AAA!AZ:AZ,"<>2025") -> 84407.66 | F16: =SUMIFS('IPSAS Commitment report'!Z:Z,'IPSAS Commitment report'!A:A,'Interim finreport'!A16) -> 0 | G16: =D16-SUM(E16:F16) -> 31393.392 | H16: =SUM(E16:F16)/D16 -> 0.72890236
C17: TOTAL | D17: =SUM(D11:D16) -> 1563314.2 | E17: =SUM(E11:E16) -> 1142973.4 | F17: =SUM(F11:F16) -> 112844.27 | G17: =SUM(G11:G16) -> 307496.55 | H17: =SUM(E17:F17)/D17 -> 0.80330471
C18: NOTE: Data contained in this report is an extract of UNDP financial records and subject to change. The accounting period is an open period and data from some accounting processes may not have been processed. Financial data above is provisional.
E20: USD
D22: 2023, tranche #1 | E22: 1010682.7
D23: 2024, tranche #2 | E23: =552611.58+20 -> 552631.58 | F23: Utilization of tranches
D24: Total | E24: =SUM(E21:E23) -> 1563314.2 | F24: =SUM(E17:F17)/E24 -> 0.80330471

Sheet IPSAS Comm
A1: COMMENTS | B1: Mapping Activities to outputs | C1: Cutoff Date | D1: Region/Bureau | E1: Office | F1: OPERATING_UNIT | G1: COST_CENTRE | H1: PURCHASE_ORDER_NUMBER | I1: BUSINESS_UNIT | J1: PROJECT | K1: PROJECT_NUMBER | L1: TASK_NUMBER | M1: DONOR | N1: RESPONSIBLE_PARTY | O1: ACCOUNT | P1: EXPENDITURE_TYPE | Q1: EXPENDITURE_ORGANIZATION | R1: CONTRACT_NUMBER | S1: FUND | T1: FUNDING_SOURCE | U1: PO_CURRENCY | V1: ORDERED_AMOUNT | W1: ORDERED_AMOUNT_FUNC_CURRENCY | X1: OPEN_ORDERED_AMOUNT | Y1: OPEN_ORDERED_AMOUNT_FUNC_CURRENCY | Z1: EXCHANGE_RATE | AA1: REVALUED_OPEN_ORDERED_AMOUNT | AB1: REPORT_DATE | AC1: REPORT_RUN_BY | AD1: PO_HEADER_STATUS | AE1: SUPPLIER_NAME
A2: Will be transferred to 2025 | B2: =VLOOKUP(L2,'Mapping Activities to outputs'!B:C,2,FALSE) -> Output 3 | C2: 45657 | D2: RBEC | E2: Ukraine | F2: UKR | G2: 58203 | H2: 10264305 | I2: UNDP-UKR | J2: 01001136 | K2: 01001136 | L2: ACT 3.2.2. | M2: 000182 | N2: 001981-UNDP | O2: 74120 | P2: 74120 - Capacity Assessment | Q2: 58203 - Ukraine - Crisis Prev & Rcvry | R2: 1176166 | S2: 30000 | T2: GOVERNMENT OF NETHERLANDS | U2: USD | V2: 855 | W2: 855 | X2: 855 | Y2: 855 | Z2: 1 | AA2: 855 | AB2: 01-01-2025 02.01.34 | AC2: varun.panchal@undp.org | AD2: OPEN | AE2: BDO LLP
A3: Finally Closed | B3: =VLOOKUP(L3,'Mapping Activities to outputs'!B:C,2,FALSE) -> Output 2 | C3: 45657 | D3: RBEC | E3: Ukraine | F3: UKR | G3: 58203 | H3: 10266892 | I3: UNDP-UKR | J3: 01001136 | K3: 01001136 | L3: Act 2.1.2. | M3: 000182 | N3: 001981-UNDP | O3: 75709 | P3: 75709 - Learning Costs - Training of Counter | Q3: 58203 - Ukraine - Crisis Prev & Rcvry | R3: 1176166 | S3: 30000 | T3: GOVERNMENT OF NETHERLANDS | U3: UAH | V3: 267571.6 | W3: 6447.51 | X3: 3838.79 | Y3: 92.5 | Z3: 0.02380952 | AA3: 91.4 | AB3: 01-01-2025 02.01.34 | AC3: varun.panchal@undp.org | AD3: OPEN | AE3: KYI AVIA, PJSC
A4: Finally Closed | B4: =VLOOKUP(L4,'Mapping Activities to outputs'!B:C,2,FALSE) -> Output 2 | C4: 45657 | D4: RBEC | E4: Ukraine | F4: UKR | G4: 58204 | H4: 10273594 | I4: UNDP-UKR | J4: 01001136 | K4: 01001136 | L4: Act 2.1.2. | M4: 000182 | N4: 001981-UNDP | O4: 75709 | P4: 75709 - Learning Costs - Training of Counter | Q4: 58204 - Ukraine - Dem. Governance | R4: 1176166 | S4: 30000 | T4: GOVERNMENT OF NETHERLANDS | U4: UAH | V4: 404786.4 | W4: 9753.89 | X4: 38962.32 | Y4: 938.85 | Z4: 0.02380952 | AA4: 927.67 | AB4: 01-01-2025 02.01.34 | AC4: varun.panchal@undp.org | AD4: OPEN | AE4: KYI AVIA, PJSC
A5: 2025 | B5: =VLOOKUP(L5,'Mapping Activities to outputs'!B:C,2,FALSE) -> Output 1 | C5: 45657 | D5: RBEC | E5: Ukraine | F5: UKR | G5: 58203 | H5: 10274675 | I5: UNDP-UKR | J5: 01001136 | K5: 01001136 | L5: ACT 1.1.1. | M5: 000182 | N5: 001981-UNDP | O5: 72165 | P5: 72165 - Service Cost - Social Services and Social Sciences | Q5: 58203 - Ukraine - Crisis Prev & Rcvry | R5: 1176166 | S5: 30000 | T5: GOVERNMENT OF NETHERLANDS | U5: UAH | V5: 70422.55 | W5: 1696.93 | X5: 70422.55 | Y5: 1696.93 | Z5: 0.02380952 | AA5: 1676.73 | AB5: 01-01-2025 02.01.34 | AC5: varun.panchal@undp.org | AD5: OPEN | AE5: Research Bureau Sociologist, NGO
A6: Finally Closed | B6: =VLOOKUP(L6,'Mapping Activities to outputs'!B:C,2,FALSE) -> MC | C6: 45657 | D6: RBEC | E6: Ukraine | F6: UKR | G6: 58203 | H6: 10284947 | I6: UNDP-UKR | J6: 01001136 | K6: 01001136 | L6: ACT 4 | M6: 000182 | N6: 001981-UNDP | O6: 74210 | P6: 74210 - Printing and Publications | Q6: 58203 - Ukraine - Crisis Prev & Rcvry | R6: 1176166 | S6: 30000 | T6: GOVERNMENT OF NETHERLANDS | U6: UAH | V6: 31802.83 | W6: 766.33 | X6: 10119.1 | Y6: 243.83 | Z6: 0.02380952 | AA6: 240.93 | AB6: 01-01-2025 02.01.34 | AC6: varun.panchal@undp.org | AD6: OPEN | AE6: MEGAPRYNT SERVIS, TOV
A7: 2025 | B7: =VLOOKUP(L7,'Mapping Activities to outputs'!B:C,2,FALSE) -> Output 2 | C7: 45657 | D7: RBEC | E7: Ukraine | F7: UKR | G7: 58203 | H7: 10291795 | I7: UNDP-UKR | J7: 01001136 | K7: 01001136 | L7: ACT 2.3.1. | M7: 000182 | N7: 001981-UNDP | O7: 71305 | P7: 71305 - Local Consultants Expenses - Short-Term Technical Contractors | Q7: 58203 - Ukraine - Crisis Prev & Rcvry | R7: 1176166 | S7: 30000 | T7: GOVERNMENT OF NETHERLANDS | U7: UAH | V7: 99600 | W7: 2400 | X7: 99600 | Y7: 2400 | Z7: 0.02380952 | AA7: 2371.43 | AB7: 01-01-2025 02.01.34 | AC7: varun.panchal@undp.org | AD7: OPEN | AE7: Saienko Maryna Ivanivna, FOP
A8: Finally Closed | B8: =VLOOKUP(L8,'Mapping Activities to outputs'!B:C,2,FALSE) -> Output 3 | C8: 45657 | D8: RBEC | E8: Ukraine | F8: UKR | G8: 58203 | H8: 10293557 | I8: UNDP-UKR | J8: 01001136 | K8: 01001136 | L8: ACT 3.1.1. | M8: 000182 | N8: 001981-UNDP | O8: 75709 | P8: 75709 - Learning Costs - Training of Counter | Q8: 58203 - Ukraine - Crisis Prev & Rcvry | R8: 1176166 | S8: 30000 | T8: GOVERNMENT OF NETHERLANDS | U8: UAH | V8: 300094.68 | W8: 7231.2 | X8: 565 | Y8: 13.61 | Z8: 0.02380952 | AA8: 13.45 | AB8: 01-01-2025 02.01.34 | AC8: varun.panchal@undp.org | AD8: OPEN | AE8: KYI AVIA, PJSC
A9: 2024 | B9: =VLOOKUP(L9,'Mapping Activities to outputs'!B:C,2,FALSE) -> Output 1 | C9: 45657 | D9: RBEC | E9: Ukraine | F9: UKR | G9: 58203 | H9: 10301459 | I9: UNDP-UKR | J9: 01001136 | K9: 01001136 | L9: Act 1.2.3. | M9: 000182 | N9: 001981-UNDP | O9: 72410 | P9: 72410 - Information and Communications Technology (ICT) Equipment | Q9: 58203 - Ukraine - Crisis Prev & Rcvry | R9: 1176166 | S9: 30000 | T9: GOVERNMENT OF NETHERLANDS | U9: UAH | V9: 1998640.1 | W9: 48160.01 | X9: 1998640.1 | Y9: 48160.01 | Z9: 0.02380952 | AA9: 47586.66 | AB9: 01-01-2025 02.01.34 | AC9: varun.panchal@undp.org | AD9: OPEN | AE9: LLC IT-INTEGRATOR
A10: 2025 | B10: =VLOOKUP(L10,'Mapping Activities to outputs'!B:C,2,FALSE) -> Output 1 | C10: 45657 | D10: RBEC | E10: Ukraine | F10: UKR | G10: 58203 | H10: 10301460 | I10: UNDP-UKR | J10: 01001136 | K10: 01001136 | L10: ACT 1.2.2. | M10: 000182 | N10: 001981-UNDP | O10: 72410 | P10: 72410 - Information and Communications Technology (ICT) Equipment | Q10: 58203 - Ukraine - Crisis Prev & Rcvry | R10: 1176166 | S10: 30000 | T10: GOVERNMENT OF NETHERLANDS | U10: UAH | V10: 622499.9 | W10: 15000 | X10: 622499.9 | Y10: 15000 | Z10: 0.02380952 | AA10: 14821.42 | AB10: 01-01-2025 02.01.34 | AC10: varun.panchal@undp.org | AD10: OPEN | AE10: Integrations Systems, LLC
A11: 2025 | B11: =VLOOKUP(L11,'Mapping Activities to outputs'!B:C,2,FALSE) -> Output 1 | C11: 45657 | D11: RBEC | E11: Ukraine | F11: UKR | G11: 58203 | H11: 10301460 | I11: UNDP-UKR | J11: 01001136 | K11: 01001136 | L11: Act 1.2.3. | M11: 000182 | N11: 001981-UNDP | O11: 72410 | P11: 72410 - Information and Communications Technology (ICT) Equipment | Q11: 58203 - Ukraine - Crisis Prev & Rcvry | R11: 1176166 | S11: 30000 | T11: GOVERNMENT OF NETHERLANDS | U11: UAH | V11: 1613371.2 | W11: 38876.42 | X11: 1613371.2 | Y11: 38876.42 | Z11: 0.02380952 | AA11: 38413.59 | AB11: 01-01-2025 02.01.34 | AC11: varun.panchal@undp.org | AD11: OPEN | AE11: Integrations Systems, LLC
A12: Finally Closed | B12: =VLOOKUP(L12,'Mapping Activities to outputs'!B:C,2,FALSE) -> Output 3 | C12: 45657 | D12: RBEC | E12: Ukraine | F12: UKR | G12: 58203 | H12: 10301754 | I12: UNDP-UKR | J12: 01001136 | K12: 01001136 | L12: ACT 3.2.1. | M12: 000182 | N12: 001981-UNDP | O12: 75709 | P12: 75709 - Learning Costs - Training of Counter | Q12: 58203 - Ukraine - Crisis Prev & Rcvry | R12: 1176166 | S12: 30000 | T12: GOVERNMENT OF NETHERLANDS | U12: UAH | V12: 214461.2 | W12: 5167.74 | X12: 2790.71 | Y12: 67.25 | Z12: 0.02380952 | AA12: 66.45 | AB12: 01-01-2025 02.01.34 | AC12: varun.panchal@undp.org | AD12: OPEN | AE12: KYI AVIA, PJSC
A13: Will be transferred to 2025 | B13: =VLOOKUP(L13,'Mapping Activities to outputs'!B:C,2,FALSE) -> Output 2 | C13: 45657 | D13: RBEC | E13: Ukraine | F13: UKR | G13: 58203 | H13: 10309117 | I13: UNDP-UKR | J13: 01001136 | K13: 01001136 | L13: ACT 2.3.2. | M13: 000182 | N13: 001981-UNDP | O13: 72220 | P13: 72220 - Furniture | Q13: 58203 - Ukraine - Crisis Prev & Rcvry | R13: 1176166 | S13: 30000 | T13: GOVERNMENT OF NETHERLANDS | U13: UAH | V13: 407730 | W13: 9824.82 | X13: 407730 | Y13: 9824.82 | Z13: 0.02380952 | AA13: 9707.86 | AB13: 01-01-2025 02.01.34 | AC13: varun.panchal@undp.org | AD13: OPEN | AE13: Telytsyna Svitlana Mykolaiivna, FOP
A14: Will be transferred to 2025 | B14: =VLOOKUP(L14,'Mapping Activities to outputs'!B:C,2,FALSE) -> Output 2 | C14: 45657 | D14: RBEC | E14: Ukraine | F14: UKR | G14: 58203 | H14: 10312039 | I14: UNDP-UKR | J14: 01001136 | K14: 01001136 | L14: ACT 2.3.2. | M14: 000182 | N14: 001981-UNDP | O14: 72410 | P14: 72410 - Information and Communications Technology (ICT) Equipment | Q14: 58203 - Ukraine - Crisis Prev & Rcvry | R14: 1176166 | S14: 30000 | T14: GOVERNMENT OF NETHERLANDS | U14: UAH | V14: 407650 | W14: 9822.89 | X14: 407650 | Y14: 9822.89 | Z14: 0.02380952 | AA14: 9705.95 | AB14: 01-01-2025 02.01.34 | AC14: varun.panchal@undp.org | AD14: OPEN | AE14: TELYTSYN SERHII OLEKSANDROVYCH FOP
A15: 2025 | B15: =VLOOKUP(L15,'Mapping Activities to outputs'!B:C,2,FALSE) -> Output 1 | C15: 45657 | D15: RBEC | E15: Ukraine | F15: UKR | G15: 58203 | H15: 10320738 | I15: UNDP-UKR | J15: 01001136 | K15: 01001136 | L15: ACT 1.2.2. | M15: 000182 | N15: 001981-UNDP | O15: 75709 | P15: 75709 - Learning Costs - Training of Counter | Q15: 58203 - Ukraine - Crisis Prev & Rcvry | R15: 1176166 | S15: 30000 | T15: GOVERNMENT OF NETHERLANDS | U15: UAH | V15: 421547.84 | W15: 10157.78 | X15: 421547.84 | Y15: 10157.78 | Z15: 0.02380952 | AA15: 10036.85 | AB15: 01-01-2025 02.01.34 | AC15: varun.panchal@undp.org | AD15: OPEN | AE15: ARENA CS CONFERENCES AND SEMINARS, LLC
A16: 2025 | B16: =VLOOKUP(L16,'Mapping Activities to outputs'!B:C,2,FALSE) -> Output 2 | C16: 45657 | D16: RBEC | E16: Ukraine | F16: UKR | G16: 58203 | H16: 10327869 | I16: UNDP-UKR | J16: 01001136 | K16: 01001136 | L16: ACT 2.2.1. | M16: 000182 | N16: 001981-UNDP | O16: 75709 | P16: 75709 - Learning Costs - Training of Counter | Q16: 58203 - Ukraine - Crisis Prev & Rcvry | R16: 1176166 | S16: 30000 | T16: GOVERNMENT OF NETHERLANDS | U16: UAH | V16: 638172 | W16: 15377.64 | X16: 638172 | Y16: 15377.64 | Z16: 0.02380952 | AA16: 15194.57 | AB16: 01-01-2025 02.01.34 | AC16: varun.panchal@undp.org | AD16: OPEN | AE16: KYI AVIA, PJSC
A17: Will be transferred to 2025 | B17: =VLOOKUP(L17,'Mapping Activities to outputs'!B:C,2,FALSE) -> Output 2 | C17: 45657 | D17: RBEC | E17: Ukraine | F17: UKR | G17: 58203 | H17: 10331457 | I17: UNDP-UKR | J17: 01001136 | K17: 01001136 | L17: ACT 2.2.1. | M17: 000182 | N17: 001981-UNDP | O17: 72410 | P17: 72410 - Information and Communications Technology (ICT) Equipment | Q17: 58203 - Ukraine - Crisis Prev & Rcvry | R17: 1176166 | S17: 30000 | T17: GOVERNMENT OF NETHERLANDS | U17: UAH | V17: 166720.33 | W17: 4017.36 | X17: 166720.33 | Y17: 4017.36 | Z17: 0.02380952 | AA17: 3969.53 | AB17: 01-01-2025 02.01.34 | AC17: varun.panchal@undp.org | AD17: OPEN | AE17: Telytsyna Svitlana Mykolaiivna, FOP
A18: 2025 | B18: =VLOOKUP(L18,'Mapping Activities to outputs'!B:C,2,FALSE) -> Output 1 | C18: 45657 | D18: RBEC | E18: Ukraine | F18: UKR | G18: 58203 | H18: 10336790 | I18: UNDP-UKR | J18: 01001136 | K18: 01001136 | L18: ACT 1.1.1. | M18: 000182 | N18: 001981-UNDP | O18: 75709 | P18: 75709 - Learning Costs - Training of Counter | Q18: 58203 - Ukraine - Crisis Prev & Rcvry | R18: 1176166 | S18: 30000 | T18: GOVERNMENT OF NETHERLANDS | U18: UAH | V18: 208249.94 | W18: 5000 | X18: 208249.94 | Y18: 5000 | Z18: 0.02380952 | AA18: 4958.33 | AB18: 01-01-2025 02.01.34 | AC18: varun.panchal@undp.org | AD18: OPEN | AE18: KYI AVIA, PJSC
A19: 2025 | B19: =VLOOKUP(L19,'Mapping Activities to outputs'!B:C,2,FALSE) -> Output 1 | C19: 45657 | D19: RBEC | E19: Ukraine | F19: UKR | G19: 58203 | H19: 10336790 | I19: UNDP-UKR | J19: 01001136 | K19: 01001136 | L19: ACT 1.1.2. | M19: 000182 | N19: 001981-UNDP | O19: 75709 | P19: 75709 - Learning Costs - Training of Counter | Q19: 58203 - Ukraine - Crisis Prev & Rcvry | R19: 1176166 | S19: 30000 | T19: GOVERNMENT OF NETHERLANDS | U19: UAH | V19: 178708.86 | W19: 4290.73 | X19: 178708.86 | Y19: 4290.73 | Z19: 0.02380952 | AA19: 4254.97 | AB19: 01-01-2025 02.01.34 | AC19: varun.panchal@undp.org | AD19: OPEN | AE19: KYI AVIA, PJSC
A20: 2025 | B20: =VLOOKUP(L20,'Mapping Activities to outputs'!B:C,2,FALSE) -> Output 2 | C20: 45657 | D20: RBEC | E20: Ukraine | F20: UKR | G20: 58203 | H20: 10337819 | I20: UNDP-UKR | J20: 01001136 | K20: 01001136 | L20: Act 2.1.2. | M20: 000182 | N20: 001981-UNDP | O20: 75709 | P20: 75709 - Learning Costs - Training of Counter | Q20: 58203 - Ukraine - Crisis Prev & Rcvry | R20: 1176166 | S20: 30000 | T20: GOVERNMENT OF NETHERLANDS | U20: UAH | V20: 222411.07 | W20: 5340 | X20: 222411.07 | Y20: 5340 | Z20: 0.02380952 | AA20: 5295.5 | AB20: 01-01-2025 02.01.34 | AC20: varun.panchal@undp.org | AD20: OPEN | AE20: KYI AVIA, PJSC
A21: 2025 | B21: =VLOOKUP(L21,'Mapping Activities to outputs'!B:C,2,FALSE) -> Output 2 | C21: 45657 | D21: RBEC | E21: Ukraine | F21: UKR | G21: 58203 | H21: 10337819 | I21: UNDP-UKR | J21: 01001136 | K21: 01001136 | L21: ACT 2.2.1. | M21: 000182 | N21: 001981-UNDP | O21: 75709 | P21: 75709 - Learning Costs - Training of Counter | Q21: 58203 - Ukraine - Crisis Prev & Rcvry | R21: 1176166 | S21: 30000 | T21: GOVERNMENT OF NETHERLANDS | U21: UAH | V21: 7948.08 | W21: 190.83 | X21: 7948.08 | Y21: 190.83 | Z21: 0.02380952 | AA21: 189.24 | AB21: 01-01-2025 02.01.34 | AC21: varun.panchal@undp.org | AD21: OPEN | AE21: KYI AVIA, PJSC
A22: 2025 | B22: =VLOOKUP(L22,'Mapping Activities to outputs'!B:C,2,FALSE) -> Output 3 | C22: 45657 | D22: RBEC | E22: Ukraine | F22: UKR | G22: 58203 | H22: 10337819 | I22: UNDP-UKR | J22: 01001136 | K22: 01001136 | L22: ACT 3.2.1. | M22: 000182 | N22: 001981-UNDP | O22: 75709 | P22: 75709 - Learning Costs - Training of Counter | Q22: 58203 - Ukraine - Crisis Prev & Rcvry | R22: 1176166 | S22: 30000 | T22: GOVERNMENT OF NETHERLANDS | U22: UAH | V22: 9704.45 | W22: 233 | X22: 9704.45 | Y22: 233 | Z22: 0.02380952 | AA22: 231.06 | AB22: 01-01-2025 02.01.34 | AC22: varun.panchal@undp.org | AD22: OPEN | AE22: KYI AVIA, PJSC
A23: 2025 | B23: =VLOOKUP(L23,'Mapping Activities to outputs'!B:C,2,FALSE) -> Output 2 | C23: 45657 | D23: RBEC | E23: Ukraine | F23: UKR | G23: 58203 | H23: 10337857 | I23: UNDP-UKR | J23: 01001136 | K23: 01001136 | L23: ACT 2.2.1. | M23: 000182 | N23: 001981-UNDP | O23: 75709 | P23: 75709 - Learning Costs - Training of Counter | Q23: 58203 - Ukraine - Crisis Prev & Rcvry | R23: 1176166 | S23: 30000 | T23: GOVERNMENT OF NETHERLANDS | U23: UAH | V23: 161686.4 | W23: 3882.03 | X23: 161686.4 | Y23: 3882.03 | Z23: 0.02380952 | AA23: 3849.68 | AB23: 01-01-2025 02.01.34 | AC23: varun.panchal@undp.org | AD23: OPEN | AE23: KYI AVIA, PJSC
C24: Total | W24: 204492.11 | Y24: 176481.48 | AA24: 174458.27
C26: Applied filters: UN_BUREAU is RBEC PROJECT is 01001136 PO_CREATION_CUTOFF is 31/12/2024 Office is not or -

Sheet IPSAS Commitment report
B1: Cutoff Date | C1: Region/Bureau | D1: Office | E1: OPERATING_UNIT | F1: COST_CENTRE | G1: PURCHASE_ORDER_NUMBER | H1: BUSINESS_UNIT | I1: PROJECT | J1: PROJECT_NUMBER | K1: TASK_NUMBER | L1: DONOR | M1: RESPONSIBLE_PARTY | N1: ACCOUNT | O1: EXPENDITURE_TYPE | P1: EXPENDITURE_ORGANIZATION | Q1: CONTRACT_NUMBER | R1: FUND | S1: FUNDING_SOURCE | T1: PO_CURRENCY | U1: ORDERED_AMOUNT | V1: ORDERED_AMOUNT_FUNC_CURRENCY | W1: OPEN_ORDERED_AMOUNT | X1: OPEN_ORDERED_AMOUNT_FUNC_CURRENCY | Y1: EXCHANGE_RATE | Z1: REVALUED_OPEN_ORDERED_AMOUNT | AA1: REPORT_DATE | AB1: REPORT_RUN_BY | AC1: PO_HEADER_STATUS | AD1: SUPPLIER_NAME
A2: =VLOOKUP(K2,'Mapping Activities to outputs'!B:C,2,FALSE) -> Output 3 | B2: 45657 | C2: RBEC | D2: Ukraine | E2: UKR | F2: 58203 | G2: 10264305 | H2: UNDP-UKR | I2: 01001136 | J2: 01001136 | K2: ACT 3.2.2. | L2: 000182 | M2: 001981-UNDP | N2: 74120 | O2: 74120 - Capacity Assessment | P2: 58203 - Ukraine - Crisis Prev & Rcvry | Q2: 1176166 | R2: 30000 | S2: GOVERNMENT OF NETHERLANDS | T2: USD | U2: 855 | V2: 855 | W2: 855 | X2: 855 | Y2: 1 | Z2: 855 | AA2: 24-01-2025 12.39.24 | AB2: varun.panchal@undp.org | AC2: OPEN | AD2: BDO LLP
A3: =VLOOKUP(K3,'Mapping Activities to outputs'!B:C,2,FALSE) -> Output 1 | B3: 45657 | C3: RBEC | D3: Ukraine | E3: UKR | F3: 58203 | G3: 10274675 | H3: UNDP-UKR | I3: 01001136 | J3: 01001136 | K3: ACT 1.1.1. | L3: 000182 | M3: 001981-UNDP | N3: 72165 | O3: 72165 - Service Cost - Social Services and Social Sciences | P3: 58203 - Ukraine - Crisis Prev & Rcvry | Q3: 1176166 | R3: 30000 | S3: GOVERNMENT OF NETHERLANDS | T3: UAH | U3: 70422.55 | V3: 1696.93 | W3: 70422.55 | X3: 1696.93 | Y3: 0.02380952 | Z3: 1676.73 | AA3: 24-01-2025 12.39.24 | AB3: varun.panchal@undp.org | AC3: OPEN | AD3: Research Bureau Sociologist, NGO
A4: =VLOOKUP(K4,'Mapping Activities to outputs'!B:C,2,FALSE) -> Output 2 | B4: 45657 | C4: RBEC | D4: Ukraine | E4: UKR | F4: 58203 | G4: 10291795 | H4: UNDP-UKR | I4: 01001136 | J4: 01001136 | K4: ACT 2.3.1. | L4: 000182 | M4: 001981-UNDP | N4: 71305 | O4: 71305 - Local Consultants Expenses - Short-Term Technical Contractors | P4: 58203 - Ukraine - Crisis Prev & Rcvry | Q4: 1176166 | R4: 30000 | S4: GOVERNMENT OF NETHERLANDS | T4: UAH | U4: 99600 | V4: 2400 | W4: 99600 | X4: 2400 | Y4: 0.02380952 | Z4: 2371.43 | AA4: 24-01-2025 12.39.24 | AB4: varun.panchal@undp.org | AC4: OPEN | AD4: Saienko Maryna Ivanivna, FOP
A5: =VLOOKUP(K5,'Mapping Activities to outputs'!B:C,2,FALSE) -> Output 1 | B5: 45657 | C5: RBEC | D5: Ukraine | E5: UKR | F5: 58203 | G5: 10301460 | H5: UNDP-UKR | I5: 01001136 | J5: 01001136 | K5: ACT 1.2.2. | L5: 000182 | M5: 001981-UNDP | N5: 72410 | O5: 72410 - Information and Communications Technology (ICT) Equipment | P5: 58203 - Ukraine - Crisis Prev & Rcvry | Q5: 1176166 | R5: 30000 | S5: GOVERNMENT OF NETHERLANDS | T5: UAH | U5: 622499.9 | V5: 15000 | W5: 622499.9 | X5: 15000 | Y5: 0.02380952 | Z5: 14821.42 | AA5: 24-01-2025 12.39.24 | AB5: varun.panchal@undp.org | AC5: CLOSED FOR RECEIVING | AD5: Integrations Systems, LLC
A6: =VLOOKUP(K6,'Mapping Activities to outputs'!B:C,2,FALSE) -> Output 1 | B6: 45657 | C6: RBEC | D6: Ukraine | E6: UKR | F6: 58203 | G6: 10301460 | H6: UNDP-UKR | I6: 01001136 | J6: 01001136 | K6: ACT 1.2.3. | L6: 000182 | M6: 001981-UNDP | N6: 72410 | O6: 72410 - Information and Communications Technology (ICT) Equipment | P6: 58203 - Ukraine - Crisis Prev & Rcvry | Q6: 1176166 | R6: 30000 | S6: GOVERNMENT OF NETHERLANDS | T6: UAH | U6: 1613371.2 | V6: 38876.42 | W6: 2.73 | X6: 0.07 | Y6: 0.02380952 | Z6: 0.06 | AA6: 24-01-2025 12.39.24 | AB6: varun.panchal@undp.org | AC6: CLOSED FOR RECEIVING | AD6: Integrations Systems, LLC
A7: =VLOOKUP(K7,'Mapping Activities to outputs'!B:C,2,FALSE) -> Output 2 | B7: 45657 | C7: RBEC | D7: Ukraine | E7: UKR | F7: 58203 | G7: 10309117 | H7: UNDP-UKR | I7: 01001136 | J7: 01001136 | K7: ACT 2.3.2. | L7: 000182 | M7: 001981-UNDP | N7: 72220 | O7: 72220 - Furniture | P7: 58203 - Ukraine - Crisis Prev & Rcvry | Q7: 1176166 | R7: 30000 | S7: GOVERNMENT OF NETHERLANDS | T7: UAH | U7: 407730 | V7: 9824.82 | W7: 0 | X7: 0 | Y7: 0.02380952 | Z7: 0 | AA7: 24-01-2025 12.39.24 | AB7: varun.panchal@undp.org | AC7: CLOSED FOR RECEIVING | AD7: Telytsyna Svitlana Mykolaiivna, FOP
A8: =VLOOKUP(K8,'Mapping Activities to outputs'!B:C,2,FALSE) -> Output 2 | B8: 45657 | C8: RBEC | D8: Ukraine | E8: UKR | F8: 58203 | G8: 10312039 | H8: UNDP-UKR | I8: 01001136 | J8: 01001136 | K8: ACT 2.3.2. | L8: 000182 | M8: 001981-UNDP | N8: 72410 | O8: 72410 - Information and Communications Technology (ICT) Equipment | P8: 58203 - Ukraine - Crisis Prev & Rcvry | Q8: 1176166 | R8: 30000 | S8: GOVERNMENT OF NETHERLANDS | T8: UAH | U8: 407650 | V8: 9822.89 | W8: 407650 | X8: 9822.89 | Y8: 0.02380952 | Z8: 9705.95 | AA8: 24-01-2025 12.39.24 | AB8: varun.panchal@undp.org | AC8: OPEN | AD8: TELYTSYN SERHII OLEKSANDROVYCH FOP
A9: =VLOOKUP(K9,'Mapping Activities to outputs'!B:C,2,FALSE) -> Output 2 | B9: 45657 | C9: RBEC | D9: Ukraine | E9: UKR | F9: 58203 | G9: 10327869 | H9: UNDP-UKR | I9: 01001136 | J9: 01001136 | K9: ACT 2.2.1. | L9: 000182 | M9: 001981-UNDP | N9: 75709 | O9: 75709 - Learning Costs - Training of Counter | P9: 58203 - Ukraine - Crisis Prev & Rcvry | Q9: 1176166 | R9: 30000 | S9: GOVERNMENT OF NETHERLANDS | T9: UAH | U9: 638172 | V9: 15377.64 | W9: 638172 | X9: 15377.64 | Y9: 0.02380952 | Z9: 15194.57 | AA9: 24-01-2025 12.39.24 | AB9: varun.panchal@undp.org | AC9: OPEN | AD9: KYI AVIA, PJSC
A10: =VLOOKUP(K10,'Mapping Activities to outputs'!B:C,2,FALSE) -> Output 2 | B10: 45657 | C10: RBEC | D10: Ukraine | E10: UKR | F10: 58203 | G10: 10331457 | H10: UNDP-UKR | I10: 01001136 | J10: 01001136 | K10: ACT 2.2.1. | L10: 000182 | M10: 001981-UNDP | N10: 72410 | O10: 72410 - Information and Communications Technology (ICT) Equipment | P10: 58203 - Ukraine - Crisis Prev & Rcvry | Q10: 1176166 | R10: 30000 | S10: GOVERNMENT OF NETHERLANDS | T10: UAH | U10: 166720.33 | V10: 4017.36 | W10: 166720.33 | X10: 4017.36 | Y10: 0.02380952 | Z10: 3969.53 | AA10: 24-01-2025 12.39.24 | AB10: varun.panchal@undp.org | AC10: OPEN | AD10: Telytsyna Svitlana Mykolaiivna, FOP
A11: =VLOOKUP(K11,'Mapping Activities to outputs'!B:C,2,FALSE) -> Output 1 | B11: 45657 | C11: RBEC | D11: Ukraine | E11: UKR | F11: 58203 | G11: 10336790 | H11: UNDP-UKR | I11: 01001136 | J11: 01001136 | K11: ACT 1.1.1. | L11: 000182 | M11: 001981-UNDP | N11: 75709 | O11: 75709 - Learning Costs - Training of Counter | P11: 58203 - Ukraine - Crisis Prev & Rcvry | Q11: 1176166 | R11: 30000 | S11: GOVERNMENT OF NETHERLANDS | T11: UAH | U11: 208249.94 | V11: 5000 | W11: 208249.94 | X11: 5000 | Y11: 0.02380952 | Z11: 4958.33 | AA11: 24-01-2025 12.39.24 | AB11: varun.panchal@undp.org | AC11: OPEN | AD11: KYI AVIA, PJSC
A12: =VLOOKUP(K12,'Mapping Activities to outputs'!B:C,2,FALSE) -> Output 1 | B12: 45657 | C12: RBEC | D12: Ukraine | E12: UKR | F12: 58203 | G12: 10336790 | H12: UNDP-UKR | I12: 01001136 | J12: 01001136 | K12: ACT 1.1.2. | L12: 000182 | M12: 001981-UNDP | N12: 75709 | O12: 75709 - Learning Costs - Training of Counter | P12: 58203 - Ukraine - Crisis Prev & Rcvry | Q12: 1176166 | R12: 30000 | S12: GOVERNMENT OF NETHERLANDS | T12: UAH | U12: 178708.86 | V12: 4290.73 | W12: 178708.86 | X12: 4290.73 | Y12: 0.02380952 | Z12: 4254.97 | AA12: 24-01-2025 12.39.24 | AB12: varun.panchal@undp.org | AC12: OPEN | AD12: KYI AVIA, PJSC
A13: =VLOOKUP(K13,'Mapping Activities to outputs'!B:C,2,FALSE) -> Output 2 | B13: 45657 | C13: RBEC | D13: Ukraine | E13: UKR | F13: 58203 | G13: 10337819 | H13: UNDP-UKR | I13: 01001136 | J13: 01001136 | K13: Act 2.1.2. | L13: 000182 | M13: 001981-UNDP | N13: 75709 | O13: 75709 - Learning Costs - Training of Counter | P13: 58203 - Ukraine - Crisis Prev & Rcvry | Q13: 1176166 | R13: 30000 | S13: GOVERNMENT OF NETHERLANDS | T13: UAH | U13: 222411.07 | V13: 5340 | W13: 222411.07 | X13: 5340 | Y13: 0.02380952 | Z13: 5295.5 | AA13: 24-01-2025 12.39.24 | AB13: varun.panchal@undp.org | AC13: OPEN | AD13: KYI AVIA, PJSC
... A19: =VLOOKUP(K19,'Mapping Activities to outputs'!B:C,2,FALSE) -> Output 1 | B19: 45657 | C19: RBEC | D19: Ukraine | E19: UKR | F19: 58203 | G19: 10346026 | H19: UNDP-UKR | I19: 01001136 | J19: 01001136 | K19: ACT 1.1.2. | L19: 000182 | M19: 001981-UNDP | N19: 75709 | O19: 75709 - Learning Costs - Training of Counter | P19: 58203 - Ukraine - Crisis Prev & Rcvry | Q19: 1176166 | R19: 30000 | S19: GOVERNMENT OF NETHERLANDS | T19: UAH | U19: 1019472.7 | V19: 23987.59 | W19: 1019472.7 | X19: 23987.59 | Y19: 0.02380952 | Z19: 24273.16 | AA19: 24-01-2025 12.39.24 | AB19: varun.panchal@undp.org | AC19: OPEN | AD19: KYI AVIA, PJSC
B20: Total | V20: 161743.49 | X20: 113042.32 | Z20: 112844.27
B22: Applied filters: PROJECT is 01001136 PO_CREATION_CUTOFF is 31/12/2024 Office is not or -

Sheet AAA
A1: Applicable | B1: Cost Type | C1: Mapping by Task# | D1: Specific mapping | E1: Manual task assigment | F1: Net amount | G1: JOURNAL CATEGORY | H1: JE_CATEGORY_DESCRIPTION | I1: JOURNAL SOURCE | J1: JE_SOURCE_DESCRIPTION | K1: CONTRACT_NUMBER | L1: ACCOUNTING_EVENT | M1: PERIOD DISPLAY ORDER | N1: PERIOD_NAME | O1: AGENCY | P1: ACCOUNT | Q1: ACCOUNT_DESCRIPTION | R1: COST_CENTER | S1: COST_CENTER_DESCRIPTION | T1: OPERATING_UNIT | U1: OPERATING_UNIT_DESCRIPTION | V1: DONOR | W1: DONOR_DESCRIPTION | X1: FUND | Y1: FUND_DESCRIPTION | Z1: RESPONSIBLE PARTY TRANSACTION | AA1: RESPONSIBLE_PARTY_PPM | AB1: TASK_NUMBER | AC1: PROJECT | AD1: PROJECT_DESCRIPTION | AE1: TRANSACTION_NUMBER | AF1: TRANSACTION_ENTITY_CODE | AG1: INVOICEHEADERDESCRIPTION | AH1: INVOICE_ID | AI1: INVOICE_TYPE | AJ1: INVOICE_AMOUNT | AK1: INVOICE_LINE_AMOUNT | AL1: INVOICE_LINE_NUMBER | AM1: INVOICE_NUMBER | AN1: SUPPLIER_NUMBER | AO1: SUPPLIER_NAME | AP1: JE_LINE_NUM | AQ1: JOURNAL_DESCRIPTION | AR1: LINE_DESCRIPTION | AS1: BATCH_NAME | AT1: JOURNAL_NAME | AU1: JOURNAL_LINE_CREATED_BY_PERSON_NAME | AV1: LEDGER_NAME | AW1: PO HEADER CREATION DATE | AX1: PO_NUMBER | AY1: PO_LINE_NUM | AZ1: FISCAL YEAR | BA1: EFFECTIVE_DATE | BB1: POSTED_DATE | BC1: TRANSACTION_LINE_NUMBER | BD1: CURRENCY_CODE | BE1: NET_ENTERED_AMOUNT | BF1: ACCOUNTED_DR | BG1: ACCOUNTED_CR | BH1: Net Accounted Amt
A2: =IF(X2="30000",IF(P2>60000,"yes","no"),"no") -> yes | B2: =IF(A2="no","N/A",IF(ISNA(VLOOKUP(P2,'Cost Type'!$A$4:$B$8,2,0)),"Impl",VLOOKUP(Q2,'Cost Type'!$A$4:$B$8,2,0))) -> Impl | C2: =IF(B2="Impl",VLOOKUP(AB2,'Mapping Activities to outputs'!$B:$C,2,0),"N/A") -> #N/A | E2: MC | F2: =BH2 -> 20 | G2: Adjustment | H2: Adjustment of account balances or transactions. | I2: Receivables | J2: Oracle Fusion Receivables subledger. | L2: ADJUSTMENT | M2: SEP-2023 | N2: UNDP | P2: 74510 | Q2: Bank Charges | R2: 58203 | S2: Ukraine - Crisis Prev & Rcvry | T2: UKR | U2: Ukraine | V2: 000182 | W2: GOVERNMENT OF NETHERLANDS | X2: 30000 | Y2: Programme Cost Sharing | AC2: 01001136 | AD2: Support to the stabilization and recovery of war affected communities (frontline, return and hosting areas) | AE2: 14080 | AF2: ADJUSTMENTS | AP2: 2 | AQ2: Journal Import 20920513: | AR2: 000182 | CONTRACT INVOICES | 14080 | AS2: Receivables A 20920494000001 20920513 N | AT2: 01-09-2023 Adjustment | AU2: Quantum Service Account | AV2: UNDP PL USD | AW2: 1/1/1970 | AZ2: 2023 | BA2: 45170 | BB2: 45259 | BD2: USD | BE2: 20 | BF2: 20 | BH2: 20
A3: =IF(X3="30000",IF(P3>60000,"yes","no"),"no") -> yes | B3: =IF(A3="no","N/A",IF(ISNA(VLOOKUP(P3,'Cost Type'!$A$4:$B$8,2,0)),"Impl",VLOOKUP(Q3,'Cost Type'!$A$4:$B$8,2,0))) -> Impl | C3: =IF(B3="Impl",VLOOKUP(AB3,'Mapping Activities to outputs'!$B:$C,2,0),"N/A") -> Output 2 | F3: =BH3 -> 589.64 | G3: Purchase Invoices | H3: Oracle Fusion Payables invoices. | I3: Payables | J3: Oracle Fusion Payables subledger. | K3: 1176166 | L3: INVOICES | M3: SEP-2023 | N3: UNDP | P3: 74215 | Q3: Promotional Materials and Distribution | R3: 58203 | S3: Ukraine - Crisis Prev & Rcvry | T3: UKR | U3: Ukraine | V3: 000182 | W3: GOVERNMENT OF NETHERLANDS | X3: 30000 | Y3: Programme Cost Sharing | Z3: 001981-UNDP | AA3: 001981-UNDP | AB3: ACT 2.2.1. | AC3: 01001136 | AD3: Support to the stabilization and recovery of war affected communities (frontline, return and hosting areas) | AE3: 068 | AF3: AP_INVOICES | AG3: production of 50 sets of promo materials | AH3: 300001400925445 | AI3: STANDARD | AJ3: 65450 | AK3: 21816.68 | AL3: 1 | AM3: 068 | AN3: 1058609 | AO3: KLYMENKO YURII YAKOVYCH FOP | AP3: 11 | AQ3: Journal Import 21006120: | AR3: Supplier: KLYMENKO YURII YAKOVYCH FOP |Supplier #: 1058609 |Site: UKR |Transaction #: 068 |Transaction Line #: 1 |PO #: |PO Line #: 0 |Contract #: 1176166 |Project #: 01001136 |Task #: ACT 2.2.1. |Donor: GOVERNMENT OF NETHERLANDS | AS3: Payables A 21005927000001 21006120 4 Y | AT3: 18-09-2023 Purchase Invoices | AU3: Quantum Service Account | AV3: UNDP PL USD | AY3: 0 | AZ3: 2023 | BA3: 45187 | BB3: 45260 | BC3: 1 | BD3: UAH | BE3: 21816.68 | BF3: 589.64 | BH3: 589.64
A4: =IF(X4="30000",IF(P4>60000,"yes","no"),"no") -> yes | B4: =IF(A4="no","N/A",IF(ISNA(VLOOKUP(P4,'Cost Type'!$A$4:$B$8,2,0)),"Impl",VLOOKUP(P4,'Cost Type'!$A$4:$B$8,2,0))) -> GMS | C4: =IF(B4="Impl",VLOOKUP(AB4,'Mapping Activities to outputs'!$B:$C,2,0),"N/A") -> N/A | F4: =BH4 -> 47.17 | G4: BURDEN_COST | H4: Cost of summarized burden expenditure items. | I4: Project Accounting | J4: Accounting generated by Oracle Fusion Projects for cost, revenue and billing offset transactions. | K4: 1176166 | L4: BURDEN_COST | M4: SEP-2023 | N4: UNDP | P4: 75105 | Q4: Facilities and Administration - Implementation | R4: 58203 | S4: Ukraine - Crisis Prev & Rcvry | T4: UKR | U4: Ukraine | V4: 000182 | W4: GOVERNMENT OF NETHERLANDS | X4: 30000 | Y4: Programme Cost Sharing | Z4: 001981-UNDP | AA4: 001981-UNDP | AB4: ACT 2.2.1. | AC4: 01001136 | AD4: Support to the stabilization and recovery of war affected communities (frontline, return and hosting areas) | AE4: 28041475 | AF4: EXPENDITURES | AP4: 5 | AQ4: Journal Import 21057263: | AR4: Expenditure Business Unit : UNDP-UKR , Project Number : 01001136 , Task Number : ACT 2.2.1. , Transaction Number : 28041475 , Expenditure Category : 75100 - Facilities & Administration , Expenditure Type : 75105 - Facilities and Administrat | AS4: Projects A 21057085000002 21057263 2 Y | AT4: 18-09-2023 Burden Cost | AU4: Quantum Service Account | AV4: UNDP PL USD | AW4: 1/1/1970 | AZ4: 2023 | BA4: 45187 | BB4: 45261 | BD4: UAH | BE4: 1745.33 | BF4: 47.17 | BH4: 47.17
A5: =IF(X5="30000",IF(P5>60000,"yes","no"),"no") -> yes | B5: =IF(A5="no","N/A",IF(ISNA(VLOOKUP(P5,'Cost Type'!$A$4:$B$8,2,0)),"Impl",VLOOKUP(Q5,'Cost Type'!$A$4:$B$8,2,0))) -> Impl | C5: =IF(B5="Impl",VLOOKUP(AB5,'Mapping Activities to outputs'!$B:$C,2,0),"N/A") -> Output 2 | F5: =BH5 -> 15728.79 | G5: Purchase Invoices | H5: Oracle Fusion Payables invoices. | I5: Payables | J5: Oracle Fusion Payables subledger. | K5: 1176166 | L5: INVOICES | M5: DEC-2023 | N5: UNDP | P5: 72145 | Q5: Service Cost - Training and Education Services | R5: 58203 | S5: Ukraine - Crisis Prev & Rcvry | T5: UKR | U5: Ukraine | V5: 000182 | W5: GOVERNMENT OF NETHERLANDS | X5: 30000 | Y5: Programme Cost Sharing | Z5: 001981-UNDP | AA5: 001981-UNDP | AB5: ACT 2.3.2. | AC5: 01001136 | AD5: Support to the stabilization and recovery of war affected communities (frontline, return and hosting areas) | AE5: 000176043 | AF5: AP_INVOICES | AG5: arrangement and conducting event | AH5: 300001427263324 | AI5: STANDARD | AJ5: 1230190.8 | AK5: 1230190.8 | AL5: 1 | AM5: 000176043 | AN5: 1058619 | AO5: KYI AVIA, PJSC | AP5: 266 | AQ5: Journal Import 21523711: | AR5: Supplier: KYI AVIA Private Joint Stock Company |Supplier #: 1058619 |Site: UKR |Transaction #: 000176043 |Transaction Line #: 1 |PO #: 10130559 |PO Line #: 2 |Contract #: 1176166 |Project #: 01001136 |Task #: ACT 2.3.2. |Donor: GO | AS5: Payables A 21523441000001 21523711 Y | AT5: 08-12-2023 Purchase Invoices | AU5: Quantum Service Account | AV5: UNDP PL USD | AW5: 10/27/2023 | AX5: 10130559 | AY5: 2 | AZ5: 2023 | BA5: 45268 | BB5: 45271 | BC5: 1 | BD5: UAH | BE5: 581965.34 | BF5: 15728.79 | BH5: 15728.79
A6: =IF(X6="30000",IF(P6>60000,"yes","no"),"no") -> yes | B6: =IF(A6="no","N/A",IF(ISNA(VLOOKUP(P6,'Cost Type'!$A$4:$B$8,2,0)),"Impl",VLOOKUP(P6,'Cost Type'!$A$4:$B$8,2,0))) -> GMS | C6: =IF(B6="Impl",VLOOKUP(AB6,'Mapping Activities to outputs'!$B:$C,2,0),"N/A") -> N/A | F6: =BH6 -> 1258.3 | G6: BURDEN_COST | H6: Cost of summarized burden expenditure items. | I6: Project Accounting | J6: Accounting generated by Oracle Fusion Projects for cost, revenue and billing offset transactions. | K6: 1176166 | L6: BURDEN_COST | M6: DEC-2023 | N6: UNDP | P6: 75105 | Q6: Facilities and Administration - Implementation | R6: 58203 | S6: Ukraine - Crisis Prev & Rcvry | T6: UKR | U6: Ukraine | V6: 000182 | W6: GOVERNMENT OF NETHERLANDS | X6: 30000 | Y6: Programme Cost Sharing | Z6: 001981-UNDP | AA6: 001981-UNDP | AB6: ACT 2.3.2. | AC6: 01001136 | AD6: Support to the stabilization and recovery of war affected communities (frontline, return and hosting areas) | AE6: 29310612 | AF6: EXPENDITURES | AP6: 100 | AQ6: Journal Import 21584286: | AR6: Expenditure Business Unit : UNDP-UKR , Project Number : 01001136 , Task Number : ACT 2.3.2. , Transaction Number : 29310612 , Expenditure Category : 75100 - Facilities & Administration , Expenditure Type : 75105 - Facilities and Administrat | AS6: Projects A 21584212000002 21584286 6 Y | AT6: 08-12-2023 Burden Cost | AU6: Quantum Service Account | AV6: UNDP PL USD | AW6: 1/1/1970 | AZ6: 2023 | BA6: 45268 | BB6: 45272 | BD6: UAH | BE6: 46557.23 | BF6: 1258.3 | BH6: 1258.3
A7: =IF(X7="30000",IF(P7>60000,"yes","no"),"no") -> yes | B7: =IF(A7="no","N/A",IF(ISNA(VLOOKUP(P7,'Cost Type'!$A$4:$B$8,2,0)),"Impl",VLOOKUP(Q7,'Cost Type'!$A$4:$B$8,2,0))) -> Impl | C7: =IF(B7="Impl",VLOOKUP(AB7,'Mapping Activities to outputs'!$B:$C,2,0),"N/A") -> MC | F7: =BH7 -> 308.11 | G7: Purchase Invoices | H7: Oracle Fusion Payables invoices. | I7: Payables | J7: Oracle Fusion Payables subledger. | K7: 1176166 | L7: INVOICES | M7: DEC-2023 | N7: UNDP | P7: 74220 | Q7: Translation Costs | R7: 58203 | S7: Ukraine - Crisis Prev & Rcvry | T7: UKR | U7: Ukraine | V7: 000182 | W7: GOVERNMENT OF NETHERLANDS | X7: 30000 | Y7: Programme Cost Sharing | Z7: 001981-UNDP | AA7: 001981-UNDP | AB7: ACT 4 | AC7: 01001136 | AD7: Support to the stabilization and recovery of war affected communities (frontline, return and hosting areas) | AE7: 774 | AF7: AP_INVOICES | AG7: verbal simultaneous interpretation services | AH7: 300001444353519 | AI7: STANDARD | AJ7: 11400 | AK7: 11400 | AL7: 1 | AM7: 774 | AN7: 1161084 | AO7: Alesco Translations, LLC | AP7: 82 | AQ7: Journal Import 21798007: | AR7: Supplier: Alesco Translations LLC |Supplier #: 1161084 |Site: UKR |Transaction #: 774 |Transaction Line #: 1 |PO #: |PO Line #: 0 |Contract #: 1176166 |Project #: 01001136 |Task #: ACT 4 |Donor: GOVERNMENT OF NETHERLANDS | | AS7: Payables A 21797475000001 21798007 Y | AT7: 08-12-2023 Purchase Invoices | AU7: Quantum Service Account | AV7: UNDP PL USD | AY7: 0 | AZ7: 2023 | BA7: 45268 | BB7: 45275 | BC7: 1 | BD7: UAH | BE7: 11400 | BF7: 308.11 | BH7: 308.11
A8: =IF(X8="30000",IF(P8>60000,"yes","no"),"no") -> yes | B8: =IF(A8="no","N/A",IF(ISNA(VLOOKUP(P8,'Cost Type'!$A$4:$B$8,2,0)),"Impl",VLOOKUP(P8,'Cost Type'!$A$4:$B$8,2,0))) -> GMS | C8: =IF(B8="Impl",VLOOKUP(AB8,'Mapping Activities to outputs'!$B:$C,2,0),"N/A") -> N/A | F8: =BH8 -> 24.65 | G8: BURDEN_COST | H8: Cost of summarized burden expenditure items. | I8: Project Accounting | J8: Accounting generated by Oracle Fusion Projects for cost, revenue and billing offset transactions. | K8: 1176166 | L8: BURDEN_COST | M8: DEC-2023 | N8: UNDP | P8: 75105 | Q8: Facilities and Administration - Implementation | R8: 58203 | S8: Ukraine - Crisis Prev & Rcvry | T8: UKR | U8: Ukraine | V8: 000182 | W8: GOVERNMENT OF NETHERLANDS | X8: 30000 | Y8: Programme Cost Sharing | Z8: 001981-UNDP | AA8: 001981-UNDP | AB8: ACT 4 | AC8: 01001136 | AD8: Support to the stabilization and recovery of war affected communities (frontline, return and hosting areas) | AE8: 30062644 | AF8: EXPENDITURES | AP8: 16 | AQ8: Journal Import 21849764: | AR8: Expenditure Business Unit : UNDP-UKR , Project Number : 01001136 , Task Number : ACT 4 , Transaction Number : 30062644 , Expenditure Category : 75100 - Facilities & Administration , Expenditure Type : 75105 - Facilities and Administration - | AS8: Projects A 21849694000003 21849764 2 Y | AT8: 08-12-2023 Burden Cost | AU8: Quantum Service Account | AV8: UNDP PL USD | AW8: 1/1/1970 | AZ8: 2023 | BA8: 45268 | BB8: 45277 | BD8: UAH | BE8: 912 | BF8: 24.65 | BH8: 24.65
A9: =IF(X9="30000",IF(P9>60000,"yes","no"),"no") -> yes | B9: =IF(A9="no","N/A",IF(ISNA(VLOOKUP(P9,'Cost Type'!$A$4:$B$8,2,0)),"Impl",VLOOKUP(Q9,'Cost Type'!$A$4:$B$8,2,0))) -> Impl | C9: =IF(B9="Impl",VLOOKUP(AB9,'Mapping Activities to outputs'!$B:$C,2,0),"N/A") -> MC | F9: =BH9 -> 112.89 | G9: Purchase Invoices | H9: Oracle Fusion Payables invoices. | I9: Payables | J9: Oracle Fusion Payables subledger. | K9: 1176166 | L9: INVOICES | M9: FEB-2024 | N9: UNDP | P9: 71620 | Q9: Daily Subsistence Allowance - Local | R9: 58203 | S9: Ukraine - Crisis Prev & Rcvry | T9: UKR | U9: Ukraine | V9: 000182 | W9: GOVERNMENT OF NETHERLANDS | X9: 30000 | Y9: Programme Cost Sharing | Z9: 001981-UNDP | AA9: 001981-UNDP | AB9: ACT 5 | AC9: 01001136 | AD9: Support to the stabilization and recovery of war affected communities (frontline, return and hosting areas) | AE9: TR00256553_1 | AF9: AP_INVOICES | AG9: Travel Entitlements | AH9: 300001551069288 | AI9: STANDARD | AJ9: 4290 | AK9: 4290 | AL9: 1 | AM9: TR00256553_1 | AN9: HCM-71411561 | AO9: Tetiana SIHAIEVA[[71411561]] | AP9: 352 | AQ9: Journal Import 24684648: | AR9: Supplier: Tetiana SIHAIEVA[[71411561]] |Supplier #: HCM-71411561 |Site: Primary |Transaction #: TR00256553_1 |Transaction Line #: 1 |PO #: |PO Line #: 0 |Contract #: 1176166 |Project #: 01001136 |Task #: ACT 5 |Donor: GOVERNMENT | AS9: Payables A 24684061000001 24684648 Y | AT9: 06-02-2024 Purchase Invoices | AU9: Quantum Service Account | AV9: UNDP PL USD | AY9: 0 | AZ9: 2024 | BA9: 45328 | BB9: 45328 | BC9: 1 | BD9: UAH | BE9: 4290 | BF9: 112.89 | BH9: 112.89
A10: =IF(X10="30000",IF(P10>60000,"yes","no"),"no") -> yes | B10: =IF(A10="no","N/A",IF(ISNA(VLOOKUP(P10,'Cost Type'!$A$4:$B$8,2,0)),"Impl",VLOOKUP(P10,'Cost Type'!$A$4:$B$8,2,0))) -> GMS | C10: =IF(B10="Impl",VLOOKUP(AB10,'Mapping Activities to outputs'!$B:$C,2,0),"N/A") -> N/A | F10: =BH10 -> 9.03 | G10: BURDEN_COST | H10: Cost of summarized burden expenditure items. | I10: Project Accounting | J10: Accounting generated by Oracle Fusion Projects for cost, revenue and billing offset transactions. | K10: 1176166 | L10: BURDEN_COST | M10: FEB-2024 | N10: UNDP | P10: 75105 | Q10: Facilities and Administration - Implementation | R10: 58203 | S10: Ukraine - Crisis Prev & Rcvry | T10: UKR | U10: Ukraine | V10: 000182 | W10: GOVERNMENT OF NETHERLANDS | X10: 30000 | Y10: Programme Cost Sharing | Z10: 001981-UNDP | AA10: 001981-UNDP | AB10: ACT 5 | AC10: 01001136 | AD10: Support to the stabilization and recovery of war affected communities (frontline, return and hosting areas) | AE10: 39422504 | AF10: EXPENDITURES | AP10: 262 | AQ10: Journal Import 24736819: | AR10: Expenditure Business Unit : UNDP-UKR , Project Number : 01001136 , Task Number : ACT 5 , Transaction Number : 39422504 , Expenditure Category : 75100 - Facilities & Administration , Expenditure Type : 75105 - Facilities and Administration - | AS10: Projects A 24736764000001 24736819 2 Y | AT10: 06-02-2024 Burden Cost | AU10: Quantum Service Account | AV10: UNDP PL USD | AW10: 1/1/1970 | AZ10: 2024 | BA10: 45328 | BB10: 45329 | BD10: UAH | BE10: 343.2 | BF10: 9.03 | BH10: 9.03
A11: =IF(X11="30000",IF(P11>60000,"yes","no"),"no") -> yes | B11: =IF(A11="no","N/A",IF(ISNA(VLOOKUP(P11,'Cost Type'!$A$4:$B$8,2,0)),"Impl",VLOOKUP(Q11,'Cost Type'!$A$4:$B$8,2,0))) -> Impl | C11: =IF(B11="Impl",VLOOKUP(AB11,'Mapping Activities to outputs'!$B:$C,2,0),"N/A") -> Output 3 | F11: =BH11 -> -950.64 | G11: Payments | H11: Cash disbursements. | I11: Payables | J11: Oracle Fusion Payables subledger. | K11: 1176166 | L11: PAYMENTS | M11: MAR-2024 | N11: UNDP | P11: 76135 | Q11: Realized Foreign Exchange Gain - AP | R11: 58203 | S11: Ukraine - Crisis Prev & Rcvry | T11: UKR | U11: Ukraine | V11: 000182 | W11: GOVERNMENT OF NETHERLANDS | X11: 30000 | Y11: Programme Cost Sharing | Z11: 012666-UKR_ISAR EDNANNIA_RPP | AA11: 012666-UKR_ISAR EDNANNIA_RPP | AB11: ISAR_3.2.2 | AC11: 01001136 | AD11: Support to the stabilization and recovery of war affected communities (frontline, return and hosting areas) | AE11: 8107015846 | AF11: AP_PAYMENTS | AG11: New Advance Request 01-03'24-DIM Adv-IA12666-RPA # 2024/01/003/ADM | AH11: 300001599018263 | AI11: PREPAYMENT | AJ11: 39694230 | AK11: 1368000 | AL11: 20 | AM11: 01-03'24-DIM Adv-IA12666 | AN11: 2052132 | AO11: The Initiative Center to Support Social Action "Ednannia", NGO | AP11: 2772 | AQ11: Journal Import 26094378: | AR11: Supplier: The Initiative Center to Support Social Action "Ednannia", NGO |Supplier #: 2052132 |Transaction #: 01-03'24-DIM Adv-IA12666 |Payment # : 8107015846 |Payment Method : TRF | | AS11: Payables A 26093806000001 26094378 3 N | AT11: 01-03-2024 Payments | AU11: Quantum Service Account | AV11: UNDP PL USD | AY11: 0 | AZ11: 2024 | BA11: 45352 | BB11: 45352 | BD11: UAH | BE11: 0 | BG11: 950.64 | BH11: -950.64
A12: =IF(X12="30000",IF(P12>60000,"yes","no"),"no") -> yes | B12: =IF(A12="no","N/A",IF(ISNA(VLOOKUP(P12,'Cost Type'!$A$4:$B$8,2,0)),"Impl",VLOOKUP(Q12,'Cost Type'!$A$4:$B$8,2,0))) -> Impl | C12: =IF(B12="Impl",VLOOKUP(AB12,'Mapping Activities to outputs'!$B:$C,2,0),"N/A") -> Output 3 | F12: =BH12 -> 11262.96 | G12: Purchase Invoices | H12: Oracle Fusion Payables invoices. | I12: Payables | J12: Oracle Fusion Payables subledger. | K12: 1176166 | L12: INVOICES | M12: MAR-2024 | N12: UNDP | P12: 72145 | Q12: Service Cost - Training and Education Services | R12: 58203 | S12: Ukraine - Crisis Prev & Rcvry | T12: UKR | U12: Ukraine | V12: 000182 | W12: GOVERNMENT OF NETHERLANDS | X12: 30000 | Y12: Programme Cost Sharing | Z12: 001981-UNDP | AA12: 001981-UNDP | AB12: ACT 3.1.2. | AC12: 01001136 | AD12: Support to the stabilization and recovery of war affected communities (frontline, return and hosting areas) | AE12: 031 | AF12: AP_INVOICES | AG12: conduction of the event | AH12: 300001606028845 | AI12: STANDARD | AJ12: 427992.64 | AK12: 427992.64 | AL12: 1 | AM12: 031 | AN12: 1078762 | AO12: AHEAD INTERNATIONAL, LLC | AP12: 1439 | AQ12: Journal Import 26125763: | AR12: Supplier: LLC AHEAD INTERNATIONAL |Supplier #: 1078762 |Site: UKR |Transaction #: 031 |Transaction Line #: 1 |PO #: 10173988 |PO Line #: 1 |Contract #: 1176166 |Project #: 01001136 |Task #: ACT 3.1.2. |Donor: GOVERNMENT OF NETHERL | AS12: Payables A 26125175000001 26125763 2 Y | AT12: 01-03-2024 Purchase Invoices | AU12: Quantum Service Account | AV12: UNDP PL USD | AW12: 1/22/2024 | AX12: 10173988 | AY12: 1 | AZ12: 2024 | BA12: 45352 | BB12: 45352 | BC12: 1 | BD12: UAH | BE12: 427992.64 | BF12: 11262.96 | BH12: 11262.96
A13: =IF(X13="30000",IF(P13>60000,"yes","no"),"no") -> yes | B13: =IF(A13="no","N/A",IF(ISNA(VLOOKUP(P13,'Cost Type'!$A$4:$B$8,2,0)),"Impl",VLOOKUP(P13,'Cost Type'!$A$4:$B$8,2,0))) -> GMS | C13: =IF(B13="Impl",VLOOKUP(AB13,'Mapping Activities to outputs'!$B:$C,2,0),"N/A") -> N/A | F13: =BH13 -> 889.34 | G13: BURDEN_COST | H13: Cost of summarized burden expenditure items. | I13: Project Accounting | J13: Accounting generated by Oracle Fusion Projects for cost, revenue and billing offset transactions. | K13: 1176166 | L13: BURDEN_COST | M13: MAR-2024 | N13: UNDP | P13: 75105 | Q13: Facilities and Administration - Implementation | R13: 58203 | S13: Ukraine - Crisis Prev & Rcvry | T13: UKR | U13: Ukraine | V13: 000182 | W13: GOVERNMENT OF NETHERLANDS | X13: 30000 | Y13: Programme Cost Sharing | Z13: 001981-UNDP | AA13: 001981-UNDP | AB13: ACT 3.1.2. | AC13: 01001136 | AD13: Support to the stabilization and recovery of war affected communities (frontline, return and hosting areas) | AE13: 40359284 | AF13: EXPENDITURES | AP13: 534 | AQ13: Journal Import 26183719: | AR13: Expenditure Business Unit : UNDP-UKR , Project Number : 01001136 , Task Number : ACT 3.1.2. , Transaction Number : 40359284 , Expenditure Category : 75100 - Facilities & Administration , Expenditure Type : 75105 - Facilities and Administrat | AS13: Projects A 26183701000001 26183719 2 Y | AT13: 01-03-2024 Burden Cost | AU13: Quantum Service Account | AV13: UNDP PL USD | AW13: 1/1/1970 | AZ13: 2024 | BA13: 45352 | BB13: 45354 | BD13: UAH | BE13: 34239.41 | BF13: 889.34 | BH13: 889.34
A14: =IF(X14="30000",IF(P14>60000,"yes","no"),"no") -> yes | B14: =IF(A14="no","N/A",IF(ISNA(VLOOKUP(P14,'Cost Type'!$A$4:$B$8,2,0)),"Impl",VLOOKUP(Q14,'Cost Type'!$A$4:$B$8,2,0))) -> Impl | C14: =IF(B14="Impl",VLOOKUP(AB14,'Mapping Activities to outputs'!$B:$C,2,0),"N/A") -> Output 3 | F14: =BH14 -> -146.27 | G14: Payments | H14: Cash disbursements. | I14: Payables | J14: Oracle Fusion Payables subledger. | K14: 1176166 | L14: PAYMENTS | M14: MAR-2024 | N14: UNDP | P14: 76135 | Q14: Realized Foreign Exchange Gain - AP | R14: 58203 | S14: Ukraine - Crisis Prev & Rcvry | T14: UKR | U14: Ukraine | V14: 000182 | W14: GOVERNMENT OF NETHERLANDS | X14: 30000 | Y14: Programme Cost Sharing | Z14: 001981-UNDP | AA14: 001981-UNDP | AB14: ACT 3.1.2. | AC14: 01001136 | AD14: Support to the stabilization and recovery of war affected communities (frontline, return and hosting areas) | AE14: 8107015917 | AF14: AP_PAYMENTS | AG14: conduction of the event | AH14: 300001606028845 | AI14: STANDARD | AJ14: 427992.64 | AK14: 427992.64 | AL14: 1 | AM14: 031 | AN14: 1078762 | AO14: AHEAD INTERNATIONAL, LLC | AP14: 2137 | AQ14: Journal Import 26304731: | AR14: Supplier: LLC AHEAD INTERNATIONAL |Supplier #: 1078762 |Transaction #: 031 |Payment # : 8107015917 |Payment Method : TRF | | AS14: Payables A 26304066000001 26304731 N | AT14: 05-03-2024 Payments | AU14: Quantum Service Account | AV14: UNDP PL USD | AW14: 1/22/2024 | AX14: 10173988 | AY14: 1 | AZ14: 2024 | BA14: 45356 | BB14: 45356 | BD14: UAH | BE14: 0 | BG14: 146.27 | BH14: -146.27
A15: =IF(X15="30000",IF(P15>60000,"yes","no"),"no") -> yes | B15: =IF(A15="no","N/A",IF(ISNA(VLOOKUP(P15,'Cost Type'!$A$4:$B$8,2,0)),"Impl",VLOOKUP(Q15,'Cost Type'!$A$4:$B$8,2,0))) -> Impl | C15: =IF(B15="Impl",VLOOKUP(AB15,'Mapping Activities to outputs'!$B:$C,2,0),"N/A") -> MC | F15: =BH15 -> 378.95 | G15: Purchase Invoices | H15: Oracle Fusion Payables invoices. | I15: Payables | J15: Oracle Fusion Payables subledger. | K15: 1176166 | L15: INVOICES | M15: FEB-2024 | N15: UNDP | P15: 74225 | Q15: Other Media Costs | R15: 58203 | S15: Ukraine - Crisis Prev & Rcvry | T15: UKR | U15: Ukraine | V15: 000182 | W15: GOVERNMENT OF NETHERLANDS | X15: 30000 | Y15: Programme Cost Sharing | Z15: 001981-UNDP | AA15: 001981-UNDP | AB15: ACT 4 | AC15: 01001136 | AD15: Support to the stabilization and recovery of war affected communities (frontline, return and hosting areas) | AE15: 045 | AF15: AP_INVOICES | AG15: urgent design of the document “Annual Project Report. Support to the Stabilization and Recovery of War Affected Communities” | AH15: 300001609756817 | AI15: STANDARD | AJ15: 14400 | AK15: 14400 | AL15: 1 | AM15: 045 | AN15: 1931668 | AO15: Yana Vyniarska | AP15: 101 | AQ15: Journal Import 26387188: | AR15: Supplier: Yana Vyniarska |Supplier #: 1931668 |Site: Main address |Transaction #: 045 |Transaction Line #: 1 |PO #: |PO Line #: 0 |Contract #: 1176166 |Project #: 01001136 |Task #: ACT 4 |Donor: GOVERNMENT OF NETHERLANDS | | AS15: Payables A 26387046000001 26387188 Y | AT15: 29-02-2024 Purchase Invoices | AU15: Quantum Service Account | AV15: UNDP PL USD | AY15: 0 | AZ15: 2024 | BA15: 45351 | BB15: 45357 | BC15: 1 | BD15: UAH | BE15: 14400 | BF15: 378.95 | BH15: 378.95
A16: =IF(X16="30000",IF(P16>60000,"yes","no"),"no") -> yes | B16: =IF(A16="no","N/A",IF(ISNA(VLOOKUP(P16,'Cost Type'!$A$4:$B$8,2,0)),"Impl",VLOOKUP(P16,'Cost Type'!$A$4:$B$8,2,0))) -> GMS | C16: =IF(B16="Impl",VLOOKUP(AB16,'Mapping Activities to outputs'!$B:$C,2,0),"N/A") -> N/A | F16: =BH16 -> 30.32 | G16: BURDEN_COST | H16: Cost of summarized burden expenditure items. | I16: Project Accounting | J16: Accounting generated by Oracle Fusion Projects for cost, revenue and billing offset transactions. | K16: 1176166 | L16: BURDEN_COST | M16: FEB-2024 | N16: UNDP | P16: 75105 | Q16: Facilities and Administration - Implementation | R16: 58203 | S16: Ukraine - Crisis Prev & Rcvry | T16: UKR | U16: Ukraine | V16: 000182 | W16: GOVERNMENT OF NETHERLANDS | X16: 30000 | Y16: Programme Cost Sharing | Z16: 001981-UNDP | AA16: 001981-UNDP | AB16: ACT 4 | AC16: 01001136 | AD16: Support to the stabilization and recovery of war affected communities (frontline, return and hosting areas) | AE16: 40476820 | AF16: EXPENDITURES | AP16: 181 | AQ16: Journal Import 26418166: | AR16: Expenditure Business Unit : UNDP-UKR , Project Number : 01001136 , Task Number : ACT 4 , Transaction Number : 40476820 , Expenditure Category : 75100 - Facilities & Administration , Expenditure Type : 75105 - Facilities and Administration - | AS16: Projects A 26418089000001 26418166 2 Y | AT16: 29-02-2024 Burden Cost | AU16: Quantum Service Account | AV16: UNDP PL USD | AW16: 1/1/1970 | AZ16: 2024 | BA16: 45351 | BB16: 45358 | BD16: UAH | BE16: 1152 | BF16: 30.32 | BH16: 30.32
A17: =IF(X17="30000",IF(P17>60000,"yes","no"),"no") -> yes | B17: =IF(A17="no","N/A",IF(ISNA(VLOOKUP(P17,'Cost Type'!$A$4:$B$8,2,0)),"Impl",VLOOKUP(Q17,'Cost Type'!$A$4:$B$8,2,0))) -> Impl | C17: =IF(B17="Impl",VLOOKUP(AB17,'Mapping Activities to outputs'!$B:$C,2,0),"N/A") -> MC | F17: =BH17 -> -4.92 | G17: Payments | H17: Cash disbursements. | I17: Payables | J17: Oracle Fusion Payables subledger. | K17: 1176166 | L17: PAYMENTS | M17: MAR-2024 | N17: UNDP | P17: 76135 | Q17: Realized Foreign Exchange Gain - AP | R17: 58203 | S17: Ukraine - Crisis Prev & Rcvry | T17: UKR | U17: Ukraine | V17: 000182 | W17: GOVERNMENT OF NETHERLANDS | X17: 30000 | Y17: Programme Cost Sharing | Z17: 001981-UNDP | AA17: 001981-UNDP | AB17: ACT 4 | AC17: 01001136 | AD17: Support to the stabilization and recovery of war affected communities (frontline, return and hosting areas) | AE17: 8107016116 | AF17: AP_PAYMENTS | AG17: urgent design of the document “Annual Project Report. Support to the Stabilization and Recovery of War Affected Communities” | AH17: 300001609756817 | AI17: STANDARD | AJ17: 14400 | AK17: 14400 | AL17: 1 | AM17: 045 | AN17: 1931668 | AO17: Yana Vyniarska | AP17: 4756 | AQ17: Journal Import 26656762: | AR17: Supplier: Yana Vyniarska |Supplier #: 1931668 |Transaction #: 045 |Payment # : 8107016116 |Payment Method : TRF | | AS17: Payables A 26655649000002 26656762 N | AT17: 11-03-2024 Payments | AU17: Quantum Service Account | AV17: UNDP PL USD | AY17: 0 | AZ17: 2024 | BA17: 45362 | BB17: 45362 | BD17: UAH | BE17: 0 | BG17: 4.92 | BH17: -4.92
A18: =IF(X18="30000",IF(P18>60000,"yes","no"),"no") -> yes | B18: =IF(A18="no","N/A",IF(ISNA(VLOOKUP(P18,'Cost Type'!$A$4:$B$8,2,0)),"Impl",VLOOKUP(Q18,'Cost Type'!$A$4:$B$8,2,0))) -> Impl | C18: =IF(B18="Impl",VLOOKUP(AB18,'Mapping Activities to outputs'!$B:$C,2,0),"N/A") -> Output 3 | F18: =BH18 -> -96.19 | G18: Purchase Invoices | H18: Oracle Fusion Payables invoices. | I18: Payables | J18: Oracle Fusion Payables subledger. | K18: 1176166 | L18: INVOICES | M18: MAR-2024 | N18: UNDP | P18: 72220 | Q18: Furniture | R18: 58203 | S18: Ukraine - Crisis Prev & Rcvry | T18: UKR | U18: Ukraine | V18: 000182 | W18: GOVERNMENT OF NETHERLANDS | X18: 30000 | Y18: Programme Cost Sharing | Z18: 001981-UNDP | AA18: 001981-UNDP | AB18: ACT 3.1.3. | AC18: 01001136 | AD18: Support to the stabilization and recovery of war affected communities (frontline, return and hosting areas) | AE18: 003 | AF18: AP_INVOICES | AG18: office equipment | AH18: 300001663946936 | AI18: STANDARD | AJ18: 281453 | AK18: 281453 | AL18: 1 | AM18: 003 | AN18: 2009297 | AO18: Pidreza Ihor Pavlovych | AP18: 62 | AQ18: Journal Import 27682674: | AR18: Supplier: Pidreza Ihor Pavlovych |Supplier #: 2009297 |Site: UKR |Transaction #: 003 |Transaction Line #: 1 |PO #: 10173392 |PO Line #: 1 |Contract #: 1176166 |Project #: 01001136 |Task #: ACT 3.1.3. |Donor: GOVERNMENT OF NETHERLA | AS18: Payables A 27681613000001 27682674 N | AT18: 28-03-2024 Purchase Invoices | AU18: Quantum Service Account | AV18: UNDP PL USD | AW18: 1/19/2024 | AX18: 10173392 | AY18: 1 | AZ18: 2024 | BA18: 45379 | BB18: 45379 | BC18: 1 | BD18: UAH | BE18: 0 | BG18: 96.19 | BH18: -96.19
A19: =IF(X19="30000",IF(P19>60000,"yes","no"),"no") -> yes | B19: =IF(A19="no","N/A",IF(ISNA(VLOOKUP(P19,'Cost Type'!$A$4:$B$8,2,0)),"Impl",VLOOKUP(Q19,'Cost Type'!$A$4:$B$8,2,0))) -> Impl | C19: =IF(B19="Impl",VLOOKUP(AB19,'Mapping Activities to outputs'!$B:$C,2,0),"N/A") -> Output 3 | F19: =BH19 -> 7406.66 | G19: Purchase Invoices | H19: Oracle Fusion Payables invoices. | I19: Payables | J19: Oracle Fusion Payables subledger. | K19: 1176166 | L19: INVOICES | M19: MAR-2024 | N19: UNDP | P19: 72220 | Q19: Furniture | R19: 58203 | S19: Ukraine - Crisis Prev & Rcvry | T19: UKR | U19: Ukraine | V19: 000182 | W19: GOVERNMENT OF NETHERLANDS | X19: 30000 | Y19: Programme Cost Sharing | Z19: 001981-UNDP | AA19: 001981-UNDP | AB19: ACT 3.1.3. | AC19: 01001136 | AD19: Support to the stabilization and recovery of war affected communities (frontline, return and hosting areas) | AE19: 003 | AF19: AP_INVOICES | AG19: office equipment | AH19: 300001663946936 | AI19: STANDARD | AJ19: 281453 | AK19: 281453 | AL19: 1 | AM19: 003 | AN19: 2009297 | AO19: Pidreza Ihor Pavlovych | AP19: 258 | AQ19: Journal Import 27682674: | AR19: Supplier: Pidreza Ihor Pavlovych |Supplier #: 2009297 |Site: UKR |Transaction #: 003 |Transaction Line #: 1 |PO #: 10173392 |PO Line #: 1 |Contract #: 1176166 |Project #: 01001136 |Task #: ACT 3.1.3. |Donor: GOVERNMENT OF NETHERLA | AS19: Payables A 27681613000001 27682674 Y | AT19: 28-03-2024 Purchase Invoices | AU19: Quantum Service Account | AV19: UNDP PL USD | AW19: 1/19/2024 | AX19: 10173392 | AY19: 1 | AZ19: 2024 | BA19: 45379 | BB19: 45379 | BC19: 1 | BD19: UAH | BE19: 281453 | BF19: 7406.66 | BH19: 7406.66
A20: =IF(X20="30000",IF(P20>60000,"yes","no"),"no") -> yes | B20: =IF(A20="no","N/A",IF(ISNA(VLOOKUP(P20,'Cost Type'!$A$4:$B$8,2,0)),"Impl",VLOOKUP(P20,'Cost Type'!$A$4:$B$8,2,0))) -> GMS | C20: =IF(B20="Impl",VLOOKUP(AB20,'Mapping Activities to outputs'!$B:$C,2,0),"N/A") -> N/A | F20: =BH20 -> 592.53 | G20: BURDEN_COST | H20: Cost of summarized burden expenditure items. | I20: Project Accounting | J20: Accounting generated by Oracle Fusion Projects for cost, revenue and billing offset transactions. | K20: 1176166 | L20: BURDEN_COST | M20: MAR-2024 | N20: UNDP | P20: 75105 | Q20: Facilities and Administration - Implementation | R20: 58203 | S20: Ukraine - Crisis Prev & Rcvry | T20: UKR | U20: Ukraine | V20: 000182 | W20: GOVERNMENT OF NETHERLANDS | X20: 30000 | Y20: Programme Cost Sharing | Z20: 001981-UNDP | AA20: 001981-UNDP | AB20: ACT 3.1.3. | AC20: 01001136 | AD20: Support to the stabilization and recovery of war affected communities (frontline, return and hosting areas) | AE20: 41297344 | AF20: EXPENDITURES | AP20: 846 | AQ20: Journal Import 27812547: | AR20: Expenditure Business Unit : UNDP-UKR , Project Number : 01001136 , Task Number : ACT 3.1.3. , Transaction Number : 41297344 , Expenditure Category : 75100 - Facilities & Administration , Expenditure Type : 75105 - Facilities and Administrat | AS20: Projects A 27812449000001 27812547 3 Y | AT20: 31-03-2024 Burden Cost | AU20: Quantum Service Account | AV20: UNDP PL USD | AW20: 1/1/1970 | AZ20: 2024 | BA20: 45382 | BB20: 45382 | BD20: USD | BE20: 592.53 | BF20: 592.53 | BH20: 592.53
A21: =IF(X21="30000",IF(P21>60000,"yes","no"),"no") -> yes | B21: =IF(A21="no","N/A",IF(ISNA(VLOOKUP(P21,'Cost Type'!$A$4:$B$8,2,0)),"Impl",VLOOKUP(Q21,'Cost Type'!$A$4:$B$8,2,0))) -> Impl | C21: =IF(B21="Impl",VLOOKUP(AB21,'Mapping Activities to outputs'!$B:$C,2,0),"N/A") -> Output 3 | F21: =BH21 -> -112.18 | G21: Reconciled Payments | H21: Reconciled disbursements. | I21: Payables | J21: Oracle Fusion Payables subledger. | K21: 1176166 | L21: RECONCILED PAYMENTS | M21: APR-2024 | N21: UNDP | P21: 76135 | Q21: Realized Foreign Exchange Gain - AP | R21: 58203 | S21: Ukraine - Crisis Prev & Rcvry | T21: UKR | U21: Ukraine | V21: 000182 | W21: GOVERNMENT OF NETHERLANDS | X21: 30000 | Y21: Programme Cost Sharing | Z21: 001981-UNDP | AA21: 001981-UNDP | AB21: ACT 3.1.3. | AC21: 01001136 | AD21: Support to the stabilization and recovery of war affected communities (frontline, return and hosting areas) | AE21: 8107017003 | AF21: AP_PAYMENTS | AG21: office equipment | AH21: 300001663946936 | AI21: STANDARD | AJ21: 281453 | AK21: 281453 | AL21: 1 | AM21: 003 | AN21: 2009297 | AO21: Pidreza Ihor Pavlovych | AP21: 1713 | AQ21: Journal Import 27936814: | AR21: Supplier: Pidreza Ihor Pavlovych |Supplier #: 2009297 |Transaction #: 003 |Payment # : 8107017003 |Payment Method : TRF | | AS21: Payables A 27935164000002 27936814 2 N | AT21: 01-04-2024 Reconciled Payments | AU21: Quantum Service Account | AV21: UNDP PL USD | AW21: 1/19/2024 | AX21: 10173392 | AY21: 1 | AZ21: 2024 | BA21: 45383 | BB21: 45384 | BD21: UAH | BE21: 0 | BG21: 112.18 | BH21: -112.18
A22: =IF(X22="30000",IF(P22>60000,"yes","no"),"no") -> yes | B22: =IF(A22="no","N/A",IF(ISNA(VLOOKUP(P22,'Cost Type'!$A$4:$B$8,2,0)),"Impl",VLOOKUP(Q22,'Cost Type'!$A$4:$B$8,2,0))) -> Impl | C22: =IF(B22="Impl",VLOOKUP(AB22,'Mapping Activities to outputs'!$B:$C,2,0),"N/A") -> MC | F22: =BH22 -> 219.95 | G22: Purchase Invoices | H22: Oracle Fusion Payables invoices. | I22: Payables | J22: Oracle Fusion Payables subledger. | K22: 1176166 | L22: INVOICES | M22: APR-2024 | N22: UNDP | P22: 74215 | Q22: Promotional Materials and Distribution | R22: 58203 | S22: Ukraine - Crisis Prev & Rcvry | T22: UKR | U22: Ukraine | V22: 000182 | W22: GOVERNMENT OF NETHERLANDS | X22: 30000 | Y22: Programme Cost Sharing | Z22: 001981-UNDP | AA22: 001981-UNDP | AB22: ACT 4 | AC22: 01001136 | AD22: Support to the stabilization and recovery of war affected communities (frontline, return and hosting areas) | AE22: 1 18 | AF22: AP_INVOICES | AG22: printing two full-colour roll-ups | AH22: 300001697227542 | AI22: STANDARD | AJ22: 8600 | AK22: 8600 | AL22: 1 | AM22: 1 18 | AN22: 1058590 | AO22: COMPANIYA VAITE, LLC | AP22: 19 | AQ22: Journal Import 28764684: | AR22: Supplier: COMPANIYA VAITE, LLC |Supplier #: 1058590 |Site: UKR |Transaction #: 1 18 |Transaction Line #: 1 |PO #: |PO Line #: 0 |Contract #: 1176166 |Project #: 01001136 |Task #: ACT 4 |Donor: GOVERNMENT OF NETHERLANDS | | AS22: Payables A 28763086000001 28764684 Y | AT22: 01-04-2024 Purchase Invoices | AU22: Quantum Service Account | AV22: UNDP PL USD | AY22: 0 | AZ22: 2024 | BA22: 45383 | BB22: 45399 | BC22: 1 | BD22: UAH | BE22: 8600 | BF22: 219.95 | BH22: 219.95
A23: =IF(X23="30000",IF(P23>60000,"yes","no"),"no") -> yes | B23: =IF(A23="no","N/A",IF(ISNA(VLOOKUP(P23,'Cost Type'!$A$4:$B$8,2,0)),"Impl",VLOOKUP(P23,'Cost Type'!$A$4:$B$8,2,0))) -> GMS | C23: =IF(B23="Impl",VLOOKUP(AB23,'Mapping Activities to outputs'!$B:$C,2,0),"N/A") -> N/A | F23: =BH23 -> 17.6 | G23: BURDEN_COST | H23: Cost of summarized burden expenditure items. | I23: Project Accounting | J23: Accounting generated by Oracle Fusion Projects for cost, revenue and billing offset transactions. | K23: 1176166 | L23: BURDEN_COST | M23: APR-2024 | N23: UNDP | P23: 75105 | Q23: Facilities and Administration - Implementation | R23: 58203 | S23: Ukraine - Crisis Prev & Rcvry | T23: UKR | U23: Ukraine | V23: 000182 | W23: GOVERNMENT OF NETHERLANDS | X23: 30000 | Y23: Programme Cost Sharing | Z23: 001981-UNDP | AA23: 001981-UNDP | AB23: ACT 4 | AC23: 01001136 | AD23: Support to the stabilization and recovery of war affected communities (frontline, return and hosting areas) | AE23: 45409716 | AF23: EXPENDITURES | AP23: 14 | AQ23: Journal Import 28779920: | AR23: Expenditure Business Unit : UNDP-UKR , Project Number : 01001136 , Task Number : ACT 4 , Transaction Number : 45409716 , Expenditure Category : 75100 - Facilities & Administration , Expenditure Type : 75105 - Facilities and Administration - | AS23: Projects A 28779697000002 28779920 4 Y | AT23: 01-04-2024 Burden Cost | AU23: Quantum Service Account | AV23: UNDP PL USD | AW23: 1/1/1970 | AZ23: 2024 | BA23: 45383 | BB23: 45400 | BD23: UAH | BE23: 688 | BF23: 17.6 | BH23: 17.6
A24: =IF(X24="30000",IF(P24>60000,"yes","no"),"no") -> yes | B24: =IF(A24="no","N/A",IF(ISNA(VLOOKUP(P24,'Cost Type'!$A$4:$B$8,2,0)),"Impl",VLOOKUP(Q24,'Cost Type'!$A$4:$B$8,2,0))) -> Impl | C24: =IF(B24="Impl",VLOOKUP(AB24,'Mapping Activities to outputs'!$B:$C,2,0),"N/A") -> Output 2 | F24: =BH24 -> 14739 | G24: Purchase Invoices | H24: Oracle Fusion Payables invoices. | I24: Payables | J24: Oracle Fusion Payables subledger. | K24: 1176166 | L24: INVOICES | M24: APR-2024 | N24: UNDP | P24: 72605 | Q24: Grants to Institutions and Other Benefactors | R24: 58203 | S24: Ukraine - Crisis Prev & Rcvry | T24: UKR | U24: Ukraine | V24: 000182 | W24: GOVERNMENT OF NETHERLANDS | X24: 30000 | Y24: Programme Cost Sharing | Z24: 001981-UNDP | AA24: 001981-UNDP | AB24: ACT 2.1.1. | AC24: 01001136 | AD24: Support to the stabilization and recovery of war affected communities (frontline, return and hosting areas) | AE24: 2024/04/009/СS, tr. #1 | AF24: AP_INVOICES | AG24: 2024/04/009/СS, tranche#1 | AH24: 300001700314781 | AI24: STANDARD | AJ24: 576294.9 | AK24: 576294.9 | AL24: 1 | AM24: 2024/04/009/СS, tr. #1 | AN24: 2120006 | AO24: Sumy Youth Organization Litsei, NGO | AP24: 23 | AQ24: Journal Import 28781545: | AR24: Supplier: Sumy Youth Organization Litsei, NGO |Supplier #: 2120006 |Site: UKR |Transaction #: 2024/04/009/СS, tr. #1 |Transaction Line #: 1 |PO #: |PO Line #: 0 |Contract #: 1176166 |Project #: 01001136 |Task #: ACT 2.1.1. |Donor | AS24: Payables A 28779888000001 28781545 Y | AT24: 09-04-2024 Purchase Invoices | AU24: Quantum Service Account | AV24: UNDP PL USD | AY24: 0 | AZ24: 2024 | BA24: 45391 | BB24: 45400 | BC24: 1 | BD24: UAH | BE24: 576294.9 | BF24: 14739 | BH24: 14739
A25: =IF(X25="30000",IF(P25>60000,"yes","no"),"no") -> yes | B25: =IF(A25="no","N/A",IF(ISNA(VLOOKUP(P25,'Cost Type'!$A$4:$B$8,2,0)),"Impl",VLOOKUP(P25,'Cost Type'!$A$4:$B$8,2,0))) -> GMS | C25: =IF(B25="Impl",VLOOKUP(AB25,'Mapping Activities to outputs'!$B:$C,2,0),"N/A") -> N/A | F25: =BH25 -> 1179.12 | G25: BURDEN_COST | H25: Cost of summarized burden expenditure items. | I25: Project Accounting | J25: Accounting generated by Oracle Fusion Projects for cost, revenue and billing offset transactions. | K25: 1176166 | L25: BURDEN_COST | M25: APR-2024 | N25: UNDP | P25: 75105 | Q25: Facilities and Administration - Implementation | R25: 58203 | S25: Ukraine - Crisis Prev & Rcvry | T25: UKR | U25: Ukraine | V25: 000182 | W25: GOVERNMENT OF NETHERLANDS | X25: 30000 | Y25: Programme Cost Sharing | Z25: 001981-UNDP | AA25: 001981-UNDP | AB25: ACT 2.1.1. | AC25: 01001136 | AD25: Support to the stabilization and recovery of war affected communities (frontline, return and hosting areas) | AE25: 45555064 | AF25: EXPENDITURES | AP25: 14 | AQ25: Journal Import 28878813: | AR25: Expenditure Business Unit : UNDP-UKR , Project Number : 01001136 , Task Number : ACT 2.1.1. , Transaction Number : 45555064 , Expenditure Category : 75100 - Facilities & Administration , Expenditure Type : 75105 - Facilities and Administrat | AS25: Projects A 28878797000002 28878813 4 Y | AT25: 09-04-2024 Burden Cost | AU25: Quantum Service Account | AV25: UNDP PL USD | AW25: 1/1/1970 | AZ25: 2024 | BA25: 45391 | BB25: 45401 | BD25: UAH | BE25: 46103.59 | BF25: 1179.12 | BH25: 1179.12
A26: =IF(X26="30000",IF(P26>60000,"yes","no"),"no") -> yes | B26: =IF(A26="no","N/A",IF(ISNA(VLOOKUP(P26,'Cost Type'!$A$4:$B$8,2,0)),"Impl",VLOOKUP(Q26,'Cost Type'!$A$4:$B$8,2,0))) -> Impl | C26: =IF(B26="Impl",VLOOKUP(AB26,'Mapping Activities to outputs'!$B:$C,2,0),"N/A") -> Output 2 | F26: =BH26 -> 4312.84 | G26: LABOR_COST | H26: Cost of services performed by workers for wages. | I26: Project Accounting | J26: Accounting generated by Oracle Fusion Projects for cost, revenue and billing offset transactions. | K26: 1176166 | L26: LABOR_COST | M26: MAR-2024 | N26: UNDP | P26: 71475 | Q26: Labour Cost - National Personnel Services Agreement | R26: 58203 | S26: Ukraine - Crisis Prev & Rcvry | T26: UKR | U26: Ukraine | V26: 000182 | W26: GOVERNMENT OF NETHERLANDS | X26: 30000 | Y26: Programme Cost Sharing | Z26: 001981-UNDP | AA26: 001981-UNDP | AB26: ACT 2.1.2. | AC26: 01001136 | AD26: Support to the stabilization and recovery of war affected communities (frontline, return and hosting areas) | AE26: 46716290 | AF26: EXPENDITURES | AP26: 1347 | AQ26: Journal Import 29642171: | AR26: Expenditure Business Unit : UNDP-UKR , Project Number : 01001136 , Task Number : ACT 2.1.2. , Transaction Number : 46716290 , Expenditure Category : 71400 - Contractual Services - Individ , Expenditure Type : 71475 - Labour Cost - National | AS26: Projects A 29641683000004 29642171 3 Y | AT26: 01-03-2024 Labor Cost | AU26: Quantum Service Account | AV26: UNDP PL USD | AW26: 1/1/1970 | AZ26: 2024 | BA26: 45352 | BB26: 45414 | BD26: USD | BE26: 4312.84 | BF26: 4312.84 | BH26: 4312.84
A27: =IF(X27="30000",IF(P27>60000,"yes","no"),"no") -> no | B27: =IF(A27="no","N/A",IF(ISNA(VLOOKUP(Q27,'Cost Type'!$A$4:$B$8,2,0)),"Impl",VLOOKUP(Q27,'Cost Type'!$A$4:$B$8,2,0))) -> N/A | C27: =IF(B27="Impl",VLOOKUP(AB27,'Mapping Activities to outputs'!$B:$C,2,0),"N/A") -> N/A | F27: =BH27 -> -4312.84 | G27: LABOR_COST | H27: Cost of services performed by workers for wages. | I27: Project Accounting | J27: Accounting generated by Oracle Fusion Projects for cost, revenue and billing offset transactions. | K27: 1176166 | L27: LABOR_COST | M27: MAR-2024 | N27: UNDP | P27: 67105 | Q27: Labour Cost - Project expense recovery | R27: 58203 | S27: Ukraine - Crisis Prev & Rcvry | T27: UKR | U27: Ukraine | V27: 000182 | W27: GOVERNMENT OF NETHERLANDS | X27: 99981 | Y27: Payroll Passthrough Fund | Z27: 001981-UNDP | AA27: 001981-UNDP | AB27: ACT 2.1.2. | AC27: 01001136 | AD27: Support to the stabilization and recovery of war affected communities (frontline, return and hosting areas) | AE27: 46716290 | AF27: EXPENDITURES | AP27: 1013 | AQ27: Journal Import 29642171: | AR27: Expenditure Business Unit : UNDP-UKR , Project Number : 01001136 , Task Number : ACT 2.1.2. , Transaction Number : 46716290 , Expenditure Category : 71400 - Contractual Services - Individ , Expenditure Type : 71475 - Labour Cost - National | AS27: Projects A 29641683000004 29642171 3 Y | AT27: 01-03-2024 Labor Cost | AU27: Quantum Service Account | AV27: UNDP PL USD | AW27: 1/1/1970 | AZ27: 2024 | BA27: 45352 | BB27: 45414 | BD27: USD | BE27: -4312.84 | BG27: 4312.84 | BH27: -4312.84
A28: =IF(X28="30000",IF(P28>60000,"yes","no"),"no") -> yes | B28: =IF(A28="no","N/A",IF(ISNA(VLOOKUP(P28,'Cost Type'!$A$4:$B$8,2,0)),"Impl",VLOOKUP(P28,'Cost Type'!$A$4:$B$8,2,0))) -> GMS | C28: =IF(B28="Impl",VLOOKUP(AB28,'Mapping Activities to outputs'!$B:$C,2,0),"N/A") -> N/A | F28: =BH28 -> 345.03 | G28: BURDEN_COST | H28: Cost of summarized burden expenditure items. | I28: Project Accounting | J28: Accounting generated by Oracle Fusion Projects for cost, revenue and billing offset transactions. | K28: 1176166 | L28: BURDEN_COST | M28: MAR-2024 | N28: UNDP | P28: 75105 | Q28: Facilities and Administration - Implementation | R28: 58203 | S28: Ukraine - Crisis Prev & Rcvry | T28: UKR | U28: Ukraine | V28: 000182 | W28: GOVERNMENT OF NETHERLANDS | X28: 30000 | Y28: Programme Cost Sharing | Z28: 001981-UNDP | AA28: 001981-UNDP | AB28: ACT 2.1.2. | AC28: 01001136 | AD28: Support to the stabilization and recovery of war affected communities (frontline, return and hosting areas) | AE28: 46760308 | AF28: EXPENDITURES | AP28: 357 | AQ28: Journal Import 29701691: | AR28: Expenditure Business Unit : UNDP-UKR , Project Number : 01001136 , Task Number : ACT 2.1.2. , Transaction Number : 46760308 , Expenditure Category : 75100 - Facilities & Administration , Expenditure Type : 75105 - Facilities and Administrat | AS28: Projects A 29701309000002 29701691 Y | AT28: 01-03-2024 Burden Cost | AU28: Quantum Service Account | AV28: UNDP PL USD | AW28: 1/1/1970 | AZ28: 2024 | BA28: 45352 | BB28: 45415 | BD28: USD | BE28: 345.03 | BF28: 345.03 | BH28: 345.03
A29: =IF(X29="30000",IF(P29>60000,"yes","no"),"no") -> yes | B29: =IF(A29="no","N/A",IF(ISNA(VLOOKUP(P29,'Cost Type'!$A$4:$B$8,2,0)),"Impl",VLOOKUP(Q29,'Cost Type'!$A$4:$B$8,2,0))) -> Impl | C29: =IF(B29="Impl",VLOOKUP(AB29,'Mapping Activities to outputs'!$B:$C,2,0),"N/A") -> Output 3 | F29: =BH29 -> 4086.23 | G29: Purchase Invoices | H29: Oracle Fusion Payables invoices. | I29: Payables | J29: Oracle Fusion Payables subledger. | K29: 1176166 | L29: INVOICES | M29: APR-2024 | N29: UNDP | P29: 72635 | Q29: Grant by International Professional (IP) toSubGrantee | R29: 58203 | S29: Ukraine - Crisis Prev & Rcvry | T29: UKR | U29: Ukraine | V29: 000182 | W29: GOVERNMENT OF NETHERLANDS | X29: 30000 | Y29: Programme Cost Sharing | Z29: 012666-UKR_ISAR EDNANNIA_RPP | AA29: 012666-UKR_ISAR EDNANNIA_RPP | AB29: ISAR_3.2.2 | AC29: 01001136 | AD29: Support to the stabilization and recovery of war affected communities (frontline, return and hosting areas) | AE29: 01-03'24-DIM Liq-IA12666 | AF29: AP_INVOICES | AG29: RPA # 2024/01/003/ADM, FACE FORM#2 | AH29: 300001733298235 | AI29: STANDARD | AJ29: 3339075.5 | AK29: 157320 | AL29: 10 | AM29: 01-03'24-DIM Liq-IA12666 | AN29: 2052132 | AO29: The Initiative Center to Support Social Action "Ednannia", NGO | AP29: 365 | AQ29: Journal Import 29772536: | AR29: Supplier: The Initiative Center to Support Social Action "Ednannia", NGO |Supplier #: 2052132 |Site: UKR |Transaction #: 01-03'24-DIM Liq-IA12666 |Transaction Line #: 10 |PO #: |PO Line #: 0 |Contract #: 1176166 |Project #: 0100113 | AS29: Payables A 29772010000001 29772536 2 Y | AT29: 01-04-2024 Purchase Invoices | AU29: Quantum Service Account | AV29: UNDP PL USD | AY29: 0 | AZ29: 2024 | BA29: 45383 | BB29: 45417 | BC29: 10 | BD29: UAH | BE29: 157320 | BF29: 4086.23 | BH29: 4086.23
A30: =IF(X30="30000",IF(P30>60000,"yes","no"),"no") -> yes | B30: =IF(A30="no","N/A",IF(ISNA(VLOOKUP(P30,'Cost Type'!$A$4:$B$8,2,0)),"Impl",VLOOKUP(Q30,'Cost Type'!$A$4:$B$8,2,0))) -> Impl | C30: =IF(B30="Impl",VLOOKUP(AB30,'Mapping Activities to outputs'!$B:$C,2,0),"N/A") -> Output 3 | F30: =BH30 -> 53.77 | G30: Purchase Invoices | H30: Oracle Fusion Payables invoices. | I30: Payables | J30: Oracle Fusion Payables subledger. | K30: 1176166 | L30: PREPAYMENT APPLICATIONS | M30: APR-2024 | N30: UNDP | P30: 76125 | Q30: Realized Loss | R30: 58203 | S30: Ukraine - Crisis Prev & Rcvry | T30: UKR | U30: Ukraine | V30: 000182 | W30: GOVERNMENT OF NETHERLANDS | X30: 30000 | Y30: Programme Cost Sharing | Z30: 012666-UKR_ISAR EDNANNIA_RPP | AA30: 012666-UKR_ISAR EDNANNIA_RPP | AB30: ISAR_3.2.2 | AC30: 01001136 | AD30: Support to the stabilization and recovery of war affected communities (frontline, return and hosting areas) | AE30: 01-03'24-DIM Liq-IA12666 | AF30: AP_INVOICES | AG30: RPA # 2024/01/003/ADM, FACE FORM#2 | AH30: 300001733298235 | AI30: STANDARD | AJ30: 3339075.5 | AK30: -157320 | AL30: 20 | AM30: 01-03'24-DIM Liq-IA12666 | AN30: 2052132 | AO30: The Initiative Center to Support Social Action "Ednannia", NGO | AP30: 226 | AQ30: Journal Import 29772536: | AR30: Supplier Name: The Initiative Center to Support Social Action "Ednannia", NGO |Supplier #: 2052132 |Supplier Site: UKR |Transaction #: 01-03'24-DIM Liq-IA12666 |Prepayment Invoice #: 01-03'24-DIM Adv-IA12666 | | AS30: Payables A 29772010000001 29772536 2 N | AT30: 01-04-2024 Purchase Invoices | AU30: Quantum Service Account | AV30: UNDP PL USD | AY30: 0 | AZ30: 2024 | BA30: 45383 | BB30: 45417 | BD30: UAH | BE30: 0 | BF30: 53.77 | BH30: 53.77
A31: =IF(X31="30000",IF(P31>60000,"yes","no"),"no") -> yes | B31: =IF(A31="no","N/A",IF(ISNA(VLOOKUP(P31,'Cost Type'!$A$4:$B$8,2,0)),"Impl",VLOOKUP(P31,'Cost Type'!$A$4:$B$8,2,0))) -> GMS | C31: =IF(B31="Impl",VLOOKUP(AB31,'Mapping Activities to outputs'!$B:$C,2,0),"N/A") -> N/A | F31: =BH31 -> 326.9 | G31: BURDEN_COST | H31: Cost of summarized burden expenditure items. | I31: Project Accounting | J31: Accounting generated by Oracle Fusion Projects for cost, revenue and billing offset transactions. | K31: 1176166 | L31: BURDEN_COST | M31: APR-2024 | N31: UNDP | P31: 75105 | Q31: Facilities and Administration - Implementation | R31: 58203 | S31: Ukraine - Crisis Prev & Rcvry | T31: UKR | U31: Ukraine | V31: 000182 | W31: GOVERNMENT OF NETHERLANDS | X31: 30000 | Y31: Programme Cost Sharing | Z31: 012666-UKR_ISAR EDNANNIA_RPP | AA31: 012666-UKR_ISAR EDNANNIA_RPP | AB31: ISAR_3.2.2 | AC31: 01001136 | AD31: Support to the stabilization and recovery of war affected communities (frontline, return and hosting areas) | AE31: 46869205 | AF31: EXPENDITURES | AP31: 40 | AQ31: Journal Import 29832062: | AR31: Expenditure Business Unit : UNDP-UKR , Project Number : 01001136 , Task Number : ISAR_3.2.2 , Transaction Number : 46869205 , Expenditure Category : 75100 - Facilities & Administration , Expenditure Type : 75105 - Facilities and Administrat | AS31: Projects A 29832030000001 29832062 5 Y | AT31: 01-04-2024 Burden Cost | AU31: Quantum Service Account | AV31: UNDP PL USD | AW31: 1/1/1970 | AZ31: 2024 | BA31: 45383 | BB31: 45418 | BD31: UAH | BE31: 12585.6 | BF31: 326.9 | BH31: 326.9
A32: =IF(X32="30000",IF(P32>60000,"yes","no"),"no") -> yes | B32: =IF(A32="no","N/A",IF(ISNA(VLOOKUP(P32,'Cost Type'!$A$4:$B$8,2,0)),"Impl",VLOOKUP(Q32,'Cost Type'!$A$4:$B$8,2,0))) -> Impl | C32: =IF(B32="Impl",VLOOKUP(AB32,'Mapping Activities to outputs'!$B:$C,2,0),"N/A") -> Output 3 | F32: =BH32 -> -157.74 | G32: Purchase Invoices | H32: Oracle Fusion Payables invoices. | I32: Payables | J32: Oracle Fusion Payables subledger. | K32: 1176166 | L32: INVOICES | M32: MAY-2024 | N32: UNDP | P32: 75709 | Q32: Learning Costs - Training of Counter | R32: 58203 | S32: Ukraine - Crisis Prev & Rcvry | T32: UKR | U32: Ukraine | V32: 000182 | W32: GOVERNMENT OF NETHERLANDS | X32: 30000 | Y32: Programme Cost Sharing | Z32: 001981-UNDP | AA32: 001981-UNDP | AB32: ACT 3.2.1. | AC32: 01001136 | AD32: Support to the stabilization and recovery of war affected communities (frontline, return and hosting areas) | AE32: 000180863 | AF32: AP_INVOICES | AG32: conducting of the event | AH32: 300001749558004 | AI32: STANDARD | AJ32: 609065.76 | AK32: 609065.76 | AL32: 1 | AM32: 000180863 | AN32: 1058619 | AO32: KYI AVIA, PJSC | AP32: 77 | AQ32: Journal Import 29987932: | AR32: Supplier: KYI AVIA, PJSC |Supplier #: 1058619 |Site: UKR |Transaction #: 000180863 |Transaction Line #: 1 |PO #: 10207105 |PO Line #: 1 |Contract #: 1176166 |Project #: 01001136 |Task #: ACT 3.2.1. |Donor: GOVERNMENT OF NETHERLAND | AS32: Payables A 29987715000001 29987932 2 N | AT32: 09-05-2024 Purchase Invoices | AU32: Quantum Service Account | AV32: UNDP PL USD | AW32: 4/12/2024 | AX32: 10207105 | AY32: 1 | AZ32: 2024 | BA32: 45421 | BB32: 45421 | BC32: 1 | BD32: UAH | BE32: 0 | BG32: 157.74 | BH32: -157.74
A33: =IF(X33="30000",IF(P33>60000,"yes","no"),"no") -> yes | B33: =IF(A33="no","N/A",IF(ISNA(VLOOKUP(P33,'Cost Type'!$A$4:$B$8,2,0)),"Impl",VLOOKUP(Q33,'Cost Type'!$A$4:$B$8,2,0))) -> Impl | C33: =IF(B33="Impl",VLOOKUP(AB33,'Mapping Activities to outputs'!$B:$C,2,0),"N/A") -> Output 3 | F33: =BH33 -> 15577.13 | G33: Purchase Invoices | H33: Oracle Fusion Payables invoices. | I33: Payables | J33: Oracle Fusion Payables subledger. | K33: 1176166 | L33: INVOICES | M33: MAY-2024 | N33: UNDP | P33: 75709 | Q33: Learning Costs - Training of Counter | R33: 58203 | S33: Ukraine - Crisis Prev & Rcvry | T33: UKR | U33: Ukraine | V33: 000182 | W33: GOVERNMENT OF NETHERLANDS | X33: 30000 | Y33: Programme Cost Sharing | Z33: 001981-UNDP | AA33: 001981-UNDP | AB33: ACT 3.2.1. | AC33: 01001136 | AD33: Support to the stabilization and recovery of war affected communities (frontline, return and hosting areas) | AE33: 000180863 | AF33: AP_INVOICES | AG33: conducting of the event | AH33: 300001749558004 | AI33: STANDARD | AJ33: 609065.76 | AK33: 609065.76 | AL33: 1 | AM33: 000180863 | AN33: 1058619 | AO33: KYI AVIA, PJSC | AP33: 595 | AQ33: Journal Import 29987932: | AR33: Supplier: KYI AVIA, PJSC |Supplier #: 1058619 |Site: UKR |Transaction #: 000180863 |Transaction Line #: 1 |PO #: 10207105 |PO Line #: 1 |Contract #: 1176166 |Project #: 01001136 |Task #: ACT 3.2.1. |Donor: GOVERNMENT OF NETHERLAND | AS33: Payables A 29987715000001 29987932 2 Y | AT33: 09-05-2024 Purchase Invoices | AU33: Quantum Service Account | AV33: UNDP PL USD | AW33: 4/12/2024 | AX33: 10207105 | AY33: 1 | AZ33: 2024 | BA33: 45421 | BB33: 45421 | BC33: 1 | BD33: UAH | BE33: 609065.76 | BF33: 15577.13 | BH33: 15577.13
A34: =IF(X34="30000",IF(P34>60000,"yes","no"),"no") -> yes | B34: =IF(A34="no","N/A",IF(ISNA(VLOOKUP(P34,'Cost Type'!$A$4:$B$8,2,0)),"Impl",VLOOKUP(P34,'Cost Type'!$A$4:$B$8,2,0))) -> GMS | C34: =IF(B34="Impl",VLOOKUP(AB34,'Mapping Activities to outputs'!$B:$C,2,0),"N/A") -> N/A | F34: =BH34 -> 1233.55 | G34: BURDEN_COST | H34: Cost of summarized burden expenditure items. | I34: Project Accounting | J34: Accounting generated by Oracle Fusion Projects for cost, revenue and billing offset transactions. | K34: 1176166 | L34: BURDEN_COST | M34: MAY-2024 | N34: UNDP | P34: 75105 | Q34: Facilities and Administration - Implementation | R34: 58203 | S34: Ukraine - Crisis Prev & Rcvry | T34: UKR | U34: Ukraine | V34: 000182 | W34: GOVERNMENT OF NETHERLANDS | X34: 30000 | Y34: Programme Cost Sharing | Z34: 001981-UNDP | AA34: 001981-UNDP | AB34: ACT 3.2.1. | AC34: 01001136 | AD34: Support to the stabilization and recovery of war affected communities (frontline, return and hosting areas) | AE34: 47052665 | AF34: EXPENDITURES | AP34: 361 | AQ34: Journal Import 30052340: | AR34: Expenditure Business Unit : UNDP-UKR , Project Number : 01001136 , Task Number : ACT 3.2.1. , Transaction Number : 47052665 , Expenditure Category : 75100 - Facilities & Administration , Expenditure Type : 75105 - Facilities and Administrat | AS34: Projects A 30052330000001 30052340 4 Y | AT34: 09-05-2024 Burden Cost | AU34: Quantum Service Account | AV34: UNDP PL USD | AW34: 1/1/1970 | AZ34: 2024 | BA34: 45421 | BB34: 45422 | BD34: UAH | BE34: 48725.26 | BF34: 1233.55 | BH34: 1233.55
A35: =IF(X35="30000",IF(P35>60000,"yes","no"),"no") -> yes | B35: =IF(A35="no","N/A",IF(ISNA(VLOOKUP(P35,'Cost Type'!$A$4:$B$8,2,0)),"Impl",VLOOKUP(Q35,'Cost Type'!$A$4:$B$8,2,0))) -> Impl | C35: =IF(B35="Impl",VLOOKUP(AB35,'Mapping Activities to outputs'!$B:$C,2,0),"N/A") -> MC | F35: =BH35 -> 647.83 | G35: Purchase Invoices | H35: Oracle Fusion Payables invoices. | I35: Payables | J35: Oracle Fusion Payables subledger. | K35: 1176166 | L35: INVOICES | M35: MAY-2024 | N35: UNDP | P35: 71620 | Q35: Daily Subsistence Allowance - Local | R35: 58203 | S35: Ukraine - Crisis Prev & Rcvry | T35: UKR | U35: Ukraine | V35: 000182 | W35: GOVERNMENT OF NETHERLANDS | X35: 30000 | Y35: Programme Cost Sharing | Z35: 001981-UNDP | AA35: 001981-UNDP | AB35: ACT 5 | AC35: 01001136 | AD35: Support to the stabilization and recovery of war affected communities (frontline, return and hosting areas) | AE35: TR00294023 | AF35: AP_INVOICES | AG35: Travel Entitlements | AH35: 300001752175208 | AI35: STANDARD | AJ35: 35543.2 | AK35: 25589.2 | AL35: 1 | AM35: TR00294023 | AN35: HCM-71436156 | AO35: Olga REZNICHENKO[[71436156]] | AP35: 43 | AQ35: Journal Import 30221799: | AR35: Supplier: Olga REZNICHENKO[[71436156]] |Supplier #: HCM-71436156 |Site: Primary |Transaction #: TR00294023 |Transaction Line #: 1 |PO #: |PO Line #: 0 |Contract #: 1176166 |Project #: 01001136 |Task #: ACT 5 |Donor: GOVERNMENT OF | AS35: Payables A 30220639000001 30221799 Y | AT35: 10-05-2024 Purchase Invoices | AU35: Quantum Service Account | AV35: UNDP PL USD | AY35: 0 | AZ35: 2024 | BA35: 45422 | BB35: 45426 | BC35: 1 | BD35: UAH | BE35: 25589.2 | BF35: 647.83 | BH35: 647.83
A36: =IF(X36="30000",IF(P36>60000,"yes","no"),"no") -> yes | B36: =IF(A36="no","N/A",IF(ISNA(VLOOKUP(P36,'Cost Type'!$A$4:$B$8,2,0)),"Impl",VLOOKUP(Q36,'Cost Type'!$A$4:$B$8,2,0))) -> Impl | C36: =IF(B36="Impl",VLOOKUP(AB36,'Mapping Activities to outputs'!$B:$C,2,0),"N/A") -> MC | F36: =BH36 -> 252 | G36: Purchase Invoices | H36: Oracle Fusion Payables invoices. | I36: Payables | J36: Oracle Fusion Payables subledger. | K36: 1176166 | L36: INVOICES | M36: MAY-2024 | N36: UNDP | P36: 71635 | Q36: Travel Cost - Other | R36: 58203 | S36: Ukraine - Crisis Prev & Rcvry | T36: UKR | U36: Ukraine | V36: 000182 | W36: GOVERNMENT OF NETHERLANDS | X36: 30000 | Y36: Programme Cost Sharing | Z36: 001981-UNDP | AA36: 001981-UNDP | AB36: ACT 5 | AC36: 01001136 | AD36: Support to the stabilization and recovery of war affected communities (frontline, return and hosting areas) | AE36: TR00294023 | AF36: AP_INVOICES | AG36: Travel Entitlements | AH36: 300001752175208 | AI36: STANDARD | AJ36: 35543.2 | AK36: 9954 | AL36: 2 | AM36: TR00294023 | AN36: HCM-71436156 | AO36: Olga REZNICHENKO[[71436156]] | AP36: 49 | AQ36: Journal Import 30221799: | AR36: Supplier: Olga REZNICHENKO[[71436156]] |Supplier #: HCM-71436156 |Site: Primary |Transaction #: TR00294023 |Transaction Line #: 2 |PO #: |PO Line #: 0 |Contract #: 1176166 |Project #: 01001136 |Task #: ACT 5 |Donor: GOVERNMENT OF | AS36: Payables A 30220639000001 30221799 Y | AT36: 10-05-2024 Purchase Invoices | AU36: Quantum Service Account | AV36: UNDP PL USD | AY36: 0 | AZ36: 2024 | BA36: 45422 | BB36: 45426 | BC36: 2 | BD36: UAH | BE36: 9954 | BF36: 252 | BH36: 252
A37: =IF(X37="30000",IF(P37>60000,"yes","no"),"no") -> yes | B37: =IF(A37="no","N/A",IF(ISNA(VLOOKUP(P37,'Cost Type'!$A$4:$B$8,2,0)),"Impl",VLOOKUP(P37,'Cost Type'!$A$4:$B$8,2,0))) -> GMS | C37: =IF(B37="Impl",VLOOKUP(AB37,'Mapping Activities to outputs'!$B:$C,2,0),"N/A") -> N/A | F37: =BH37 -> 71.99 | G37: BURDEN_COST | H37: Cost of summarized burden expenditure items. | I37: Project Accounting | J37: Accounting generated by Oracle Fusion Projects for cost, revenue and billing offset transactions. | K37: 1176166 | L37: BURDEN_COST | M37: MAY-2024 | N37: UNDP | P37: 75105 | Q37: Facilities and Administration - Implementation | R37: 58203 | S37: Ukraine - Crisis Prev & Rcvry | T37: UKR | U37: Ukraine | V37: 000182 | W37: GOVERNMENT OF NETHERLANDS | X37: 30000 | Y37: Programme Cost Sharing | Z37: 001981-UNDP | AA37: 001981-UNDP | AB37: ACT 5 | AC37: 01001136 | AD37: Support to the stabilization and recovery of war affected communities (frontline, return and hosting areas) | AE37: 47247662 | AF37: EXPENDITURES | AP37: 49 | AQ37: Journal Import 30273450: | AR37: Expenditure Business Unit : UNDP-UKR , Project Number : 01001136 , Task Number : ACT 5 , Transaction Number : 47247662 , Expenditure Category : 75100 - Facilities & Administration , Expenditure Type : 75105 - Facilities and Administration - | AS37: Projects A 30273136000001 30273450 Y | AT37: 10-05-2024 Burden Cost | AU37: Quantum Service Account | AV37: UNDP PL USD | AW37: 1/1/1970 | AZ37: 2024 | BA37: 45422 | BB37: 45427 | BD37: UAH | BE37: 2843.46 | BF37: 71.99 | BH37: 71.99
A38: =IF(X38="30000",IF(P38>60000,"yes","no"),"no") -> yes | B38: =IF(A38="no","N/A",IF(ISNA(VLOOKUP(P38,'Cost Type'!$A$4:$B$8,2,0)),"Impl",VLOOKUP(Q38,'Cost Type'!$A$4:$B$8,2,0))) -> Impl | C38: =IF(B38="Impl",VLOOKUP(AB38,'Mapping Activities to outputs'!$B:$C,2,0),"N/A") -> MC | F38: =BH38 -> 29.48 | G38: Purchase Invoices | H38: Oracle Fusion Payables invoices. | I38: Payables | J38: Oracle Fusion Payables subledger. | K38: 1176166 | L38: INVOICES | M38: MAY-2024 | N38: UNDP | P38: 71620 | Q38: Daily Subsistence Allowance - Local | R38: 58203 | S38: Ukraine - Crisis Prev & Rcvry | T38: UKR | U38: Ukraine | V38: 000182 | W38: GOVERNMENT OF NETHERLANDS | X38: 30000 | Y38: Programme Cost Sharing | Z38: 001981-UNDP | AA38: 001981-UNDP | AB38: ACT 5 | AC38: 01001136 | AD38: Support to the stabilization and recovery of war affected communities (frontline, return and hosting areas) | AE38: TC00257262s_0 | AF38: AP_INVOICES | AH38: 300001774477133 | AI38: STANDARD | AJ38: 1164.63 | AK38: 1164.63 | AL38: 1 | AM38: TC00257262s_0 | AN38: HCM-71436156 | AO38: Olga REZNICHENKO[[71436156]] | AP38: 112 | AQ38: Journal Import 30837063: | AR38: Supplier: Olga REZNICHENKO[[71436156]] |Supplier #: HCM-71436156 |Site: Primary |Transaction #: TC00257262s_0 |Transaction Line #: 1 |PO #: |PO Line #: 0 |Contract #: 1176166 |Project #: 01001136 |Task #: ACT 5 |Donor: GOVERNMENT | AS38: Payables A 30835786000001 30837063 Y | AT38: 21-05-2024 Purchase Invoices | AU38: Quantum Service Account | AV38: UNDP PL USD | AY38: 0 | AZ38: 2024 | BA38: 45433 | BB38: 45439 | BC38: 1 | BD38: UAH | BE38: 1164.63 | BF38: 29.48 | BH38: 29.48
A39: =IF(X39="30000",IF(P39>60000,"yes","no"),"no") -> yes | B39: =IF(A39="no","N/A",IF(ISNA(VLOOKUP(P39,'Cost Type'!$A$4:$B$8,2,0)),"Impl",VLOOKUP(Q39,'Cost Type'!$A$4:$B$8,2,0))) -> Impl | C39: =IF(B39="Impl",VLOOKUP(AB39,'Mapping Activities to outputs'!$B:$C,2,0),"N/A") -> Output 2 | F39: =BH39 -> 3707.57 | G39: LABOR_COST | H39: Cost of services performed by workers for wages. | I39: Project Accounting | J39: Accounting generated by Oracle Fusion Projects for cost, revenue and billing offset transactions. | K39: 1176166 | L39: LABOR_COST | M39: APR-2024 | N39: UNDP | P39: 71475 | Q39: Labour Cost - National Personnel Services Agreement | R39: 58203 | S39: Ukraine - Crisis Prev & Rcvry | T39: UKR | U39: Ukraine | V39: 000182 | W39: GOVERNMENT OF NETHERLANDS | X39: 30000 | Y39: Programme Cost Sharing | Z39: 001981-UNDP | AA39: 001981-UNDP | AB39: ACT 2.1.2. | AC39: 01001136 | AD39: Support to the stabilization and recovery of war affected communities (frontline, return and hosting areas) | AE39: 47732795 | AF39: EXPENDITURES | AP39: 3613 | AQ39: Journal Import 30844532: | AR39: Expenditure Business Unit : UNDP-UKR , Project Number : 01001136 , Task Number : ACT 2.1.2. , Transaction Number : 47732795 , Expenditure Category : 71400 - Contractual Services - Individ , Expenditure Type : 71475 - Labour Cost - National | AS39: Projects A 30843087000031 30844532 Y | AT39: 01-04-2024 Labor Cost | AU39: Quantum Service Account | AV39: UNDP PL USD | AW39: 1/1/1970 | AZ39: 2024 | BA39: 45383 | BB39: 45439 | BD39: USD | BE39: 3707.57 | BF39: 3707.57 | BH39: 3707.57
A40: =IF(X40="30000",IF(P40>60000,"yes","no"),"no") -> no | B40: =IF(A40="no","N/A",IF(ISNA(VLOOKUP(Q40,'Cost Type'!$A$4:$B$8,2,0)),"Impl",VLOOKUP(Q40,'Cost Type'!$A$4:$B$8,2,0))) -> N/A | C40: =IF(B40="Impl",VLOOKUP(AB40,'Mapping Activities to outputs'!$B:$C,2,0),"N/A") -> N/A | F40: =BH40 -> -3707.57 | G40: LABOR_COST | H40: Cost of services performed by workers for wages. | I40: Project Accounting | J40: Accounting generated by Oracle Fusion Projects for cost, revenue and billing offset transactions. | K40: 1176166 | L40: LABOR_COST | M40: APR-2024 | N40: UNDP | P40: 67105 | Q40: Labour Cost - Project expense recovery | R40: 58203 | S40: Ukraine - Crisis Prev & Rcvry | T40: UKR | U40: Ukraine | V40: 000182 | W40: GOVERNMENT OF NETHERLANDS | X40: 99981 | Y40: Payroll Passthrough Fund | Z40: 001981-UNDP | AA40: 001981-UNDP | AB40: ACT 2.1.2. | AC40: 01001136 | AD40: Support to the stabilization and recovery of war affected communities (frontline, return and hosting areas) | AE40: 47732795 | AF40: EXPENDITURES | AP40: 2643 | AQ40: Journal Import 30844532: | AR40: Expenditure Business Unit : UNDP-UKR , Project Number : 01001136 , Task Number : ACT 2.1.2. , Transaction Number : 47732795 , Expenditure Category : 71400 - Contractual Services - Individ , Expenditure Type : 71475 - Labour Cost - National | AS40: Projects A 30843087000031 30844532 Y | AT40: 01-04-2024 Labor Cost | AU40: Quantum Service Account | AV40: UNDP PL USD | AW40: 1/1/1970 | AZ40: 2024 | BA40: 45383 | BB40: 45439 | BD40: USD | BE40: -3707.57 | BG40: 3707.57 | BH40: -3707.57
A41: =IF(X41="30000",IF(P41>60000,"yes","no"),"no") -> yes | B41: =IF(A41="no","N/A",IF(ISNA(VLOOKUP(P41,'Cost Type'!$A$4:$B$8,2,0)),"Impl",VLOOKUP(P41,'Cost Type'!$A$4:$B$8,2,0))) -> GMS | C41: =IF(B41="Impl",VLOOKUP(AB41,'Mapping Activities to outputs'!$B:$C,2,0),"N/A") -> N/A | F41: =BH41 -> 2.36 | G41: BURDEN_COST | H41: Cost of summarized burden expenditure items. | I41: Project Accounting | J41: Accounting generated by Oracle Fusion Projects for cost, revenue and billing offset transactions. | K41: 1176166 | L41: BURDEN_COST | M41: MAY-2024 | N41: UNDP | P41: 75105 | Q41: Facilities and Administration - Implementation | R41: 58203 | S41: Ukraine - Crisis Prev & Rcvry | T41: UKR | U41: Ukraine | V41: 000182 | W41: GOVERNMENT OF NETHERLANDS | X41: 30000 | Y41: Programme Cost Sharing | Z41: 001981-UNDP | AA41: 001981-UNDP | AB41: ACT 5 | AC41: 01001136 | AD41: Support to the stabilization and recovery of war affected communities (frontline, return and hosting areas) | AE41: 47802996 | AF41: EXPENDITURES | AP41: 15 | AQ41: Journal Import 30892644: | AR41: Expenditure Business Unit : UNDP-UKR , Project Number : 01001136 , Task Number : ACT 5 , Transaction Number : 47802996 , Expenditure Category : 75100 - Facilities & Administration , Expenditure Type : 75105 - Facilities and Administration - | AS41: Projects A 30892160000004 30892644 2 Y | AT41: 21-05-2024 Burden Cost | AU41: Quantum Service Account | AV41: UNDP PL USD | AW41: 1/1/1970 | AZ41: 2024 | BA41: 45433 | BB41: 45440 | BD41: UAH | BE41: 93.17 | BF41: 2.36 | BH41: 2.36
A42: =IF(X42="30000",IF(P42>60000,"yes","no"),"no") -> yes | B42: =IF(A42="no","N/A",IF(ISNA(VLOOKUP(P42,'Cost Type'!$A$4:$B$8,2,0)),"Impl",VLOOKUP(P42,'Cost Type'!$A$4:$B$8,2,0))) -> GMS | C42: =IF(B42="Impl",VLOOKUP(AB42,'Mapping Activities to outputs'!$B:$C,2,0),"N/A") -> N/A | F42: =BH42 -> 296.61 | G42: BURDEN_COST | H42: Cost of summarized burden expenditure items. | I42: Project Accounting | J42: Accounting generated by Oracle Fusion Projects for cost, revenue and billing offset transactions. | K42: 1176166 | L42: BURDEN_COST | M42: APR-2024 | N42: UNDP | P42: 75105 | Q42: Facilities and Administration - Implementation | R42: 58203 | S42: Ukraine - Crisis Prev & Rcvry | T42: UKR | U42: Ukraine | V42: 000182 | W42: GOVERNMENT OF NETHERLANDS | X42: 30000 | Y42: Programme Cost Sharing | Z42: 001981-UNDP | AA42: 001981-UNDP | AB42: ACT 2.1.2. | AC42: 01001136 | AD42: Support to the stabilization and recovery of war affected communities (frontline, return and hosting areas) | AE42: 47802994 | AF42: EXPENDITURES | AP42: 1412 | AQ42: Journal Import 30892644: | AR42: Expenditure Business Unit : UNDP-UKR , Project Number : 01001136 , Task Number : ACT 2.1.2. , Transaction Number : 47802994 , Expenditure Category : 75100 - Facilities & Administration , Expenditure Type : 75105 - Facilities and Administrat | AS42: Projects A 30892160000004 30892644 Y | AT42: 01-04-2024 Burden Cost | AU42: Quantum Service Account | AV42: UNDP PL USD | AW42: 1/1/1970 | AZ42: 2024 | BA42: 45383 | BB42: 45440 | BD42: USD | BE42: 296.61 | BF42: 296.61 | BH42: 296.61
A43: =IF(X43="30000",IF(P43>60000,"yes","no"),"no") -> yes | B43: =IF(A43="no","N/A",IF(ISNA(VLOOKUP(P43,'Cost Type'!$A$4:$B$8,2,0)),"Impl",VLOOKUP(Q43,'Cost Type'!$A$4:$B$8,2,0))) -> Impl | C43: =IF(B43="Impl",VLOOKUP(AB43,'Mapping Activities to outputs'!$B:$C,2,0),"N/A") -> MC | F43: =BH43 -> 13015 | G43: Purchase Invoices | H43: Oracle Fusion Payables invoices. | I43: Payables | J43: Oracle Fusion Payables subledger. | K43: 1176166 | L43: INVOICES | M43: JUN-2024 | N43: UNDP | P43: 74325 | Q43: Contributions to Country Office Common Security | R43: 58203 | S43: Ukraine - Crisis Prev & Rcvry | T43: UKR | U43: Ukraine | V43: 000182 | W43: GOVERNMENT OF NETHERLANDS | X43: 30000 | Y43: Programme Cost Sharing | Z43: 001981-UNDP | AA43: 001981-UNDP | AB43: ACT 4 | AC43: 01001136 | AD43: Support to the stabilization and recovery of war affected communities (frontline, return and hosting areas) | AE43: IPSB/Q1-Q2/2024/1001136 | AF43: AP_INVOICES | AG43: IPSB/Q1-Q2/2024/1001136 | AH43: 300001801155648 | AI43: STANDARD | AJ43: 0 | AK43: 13015 | AL43: 1 | AM43: IPSB/Q1-Q2/2024/1001136 | AN43: UNDP Project Adjustment | AO43: UNDP Project Adjustment | AP43: 731 | AQ43: Journal Import 31199192: | AR43: Supplier: UNDP Project Adjustment |Supplier #: UNDP Project Adjustment |Site: PROJ_ADJ |Transaction #: IPSB/Q1-Q2/2024/1001136 |Transaction Line #: 1 |PO #: |PO Line #: 0 |Contract #: 1176166 |Project #: 01001136 |Task #: ACT 4 | | AS43: Payables A 31198098000001 31199192 Y | AT43: 03-06-2024 Purchase Invoices | AU43: Quantum Service Account | AV43: UNDP PL USD | AY43: 0 | AZ43: 2024 | BA43: 45446 | BB43: 45447 | BC43: 1 | BD43: USD | BE43: 13015 | BF43: 13015 | BH43: 13015
A44: =IF(X44="30000",IF(P44>60000,"yes","no"),"no") -> yes | B44: =IF(A44="no","N/A",IF(ISNA(VLOOKUP(P44,'Cost Type'!$A$4:$B$8,2,0)),"Impl",VLOOKUP(P44,'Cost Type'!$A$4:$B$8,2,0))) -> DPC | C44: =IF(B44="Impl",VLOOKUP(AB44,'Mapping Activities to outputs'!$B:$C,2,0),"N/A") -> N/A | F44: =BH44 -> 7965.3 | G44: Purchase Invoices | H44: Oracle Fusion Payables invoices. | I44: Payables | J44: Oracle Fusion Payables subledger. | K44: 1176166 | L44: INVOICES | M44: JUN-2024 | N44: UNDP | P44: 64397 | Q44: Direct Project Cost - Services provided by CO Staff | R44: 58203 | S44: Ukraine - Crisis Prev & Rcvry | T44: UKR | U44: Ukraine | V44: 000182 | W44: GOVERNMENT OF NETHERLANDS | X44: 30000 | Y44: Programme Cost Sharing | Z44: 001981-UNDP | AA44: 001981-UNDP | AB44: ACT 5 | AC44: 01001136 | AD44: Support to the stabilization and recovery of war affected communities (frontline, return and hosting areas) | AE44: DES/Q1-Q2/2024/1001136 | AF44: AP_INVOICES | AG44: Correction of the account for DES/Q1-Q2/2024/1001136 | AH44: 300001801155629 | AI44: STANDARD | AJ44: 0 | AK44: 7965.3 | AL44: 2 | AM44: DES/Q1-Q2/2024/1001136 | AN44: UNDP Project Adjustment | AO44: UNDP Project Adjustment | AP44: 558 | AQ44: Journal Import 31199192: | AR44: Supplier: UNDP Project Adjustment |Supplier #: UNDP Project Adjustment |Site: PROJ_ADJ |Transaction #: DES/Q1-Q2/2024/1001136 |Transaction Line #: 2 |PO #: |PO Line #: 0 |Contract #: 1176166 |Project #: 01001136 |Task #: ACT 5 |D | AS44: Payables A 31198098000001 31199192 Y | AT44: 03-06-2024 Purchase Invoices | AU44: Quantum Service Account | AV44: UNDP PL USD | AY44: 0 | AZ44: 2024 | BA44: 45446 | BB44: 45447 | BC44: 2 | BD44: USD | BE44: 7965.3 | BF44: 7965.3 | BH44: 7965.3
A45: =IF(X45="30000",IF(P45>60000,"yes","no"),"no") -> yes | B45: =IF(A45="no","N/A",IF(ISNA(VLOOKUP(P45,'Cost Type'!$A$4:$B$8,2,0)),"Impl",VLOOKUP(P45,'Cost Type'!$A$4:$B$8,2,0))) -> DPC | C45: =IF(B45="Impl",VLOOKUP(AB45,'Mapping Activities to outputs'!$B:$C,2,0),"N/A") -> N/A | F45: =BH45 -> 18585.7 | G45: Purchase Invoices | H45: Oracle Fusion Payables invoices. | I45: Payables | J45: Oracle Fusion Payables subledger. | K45: 1176166 | L45: INVOICES | M45: JUN-2024 | N45: UNDP | P45: 64397 | Q45: Direct Project Cost - Services provided by CO Staff | R45: 58203 | S45: Ukraine - Crisis Prev & Rcvry | T45: UKR | U45: Ukraine | V45: 000182 | W45: GOVERNMENT OF NETHERLANDS | X45: 30000 | Y45: Programme Cost Sharing | Z45: 001981-UNDP | AA45: 001981-UNDP | AB45: ACT 5 | AC45: 01001136 | AD45: Support to the stabilization and recovery of war affected communities (frontline, return and hosting areas) | AE45: DES/Q1-Q2/2024/1001136 | AF45: AP_INVOICES | AG45: Correction of the account for DES/Q1-Q2/2024/1001136 | AH45: 300001801155629 | AI45: STANDARD | AJ45: 0 | AK45: 18585.7 | AL45: 1 | AM45: DES/Q1-Q2/2024/1001136 | AN45: UNDP Project Adjustment | AO45: UNDP Project Adjustment | AP45: 559 | AQ45: Journal Import 31199192: | AR45: Supplier: UNDP Project Adjustment |Supplier #: UNDP Project Adjustment |Site: PROJ_ADJ |Transaction #: DES/Q1-Q2/2024/1001136 |Transaction Line #: 1 |PO #: |PO Line #: 0 |Contract #: 1176166 |Project #: 01001136 |Task #: ACT 5 |D | AS45: Payables A 31198098000001 31199192 Y | AT45: 03-06-2024 Purchase Invoices | AU45: Quantum Service Account | AV45: UNDP PL USD | AY45: 0 | AZ45: 2024 | BA45: 45446 | BB45: 45447 | BC45: 1 | BD45: USD | BE45: 18585.7 | BF45: 18585.7 | BH45: 18585.7
A46: =IF(X46="30000",IF(P46>60000,"yes","no"),"no") -> yes | B46: =IF(A46="no","N/A",IF(ISNA(VLOOKUP(P46,'Cost Type'!$A$4:$B$8,2,0)),"Impl",VLOOKUP(P46,'Cost Type'!$A$4:$B$8,2,0))) -> GMS | C46: =IF(B46="Impl",VLOOKUP(AB46,'Mapping Activities to outputs'!$B:$C,2,0),"N/A") -> N/A | F46: =BH46 -> 1041.2 | G46: BURDEN_COST | H46: Cost of summarized burden expenditure items. | I46: Project Accounting | J46: Accounting generated by Oracle Fusion Projects for cost, revenue and billing offset transactions. | K46: 1176166 | L46: BURDEN_COST | M46: JUN-2024 | N46: UNDP | P46: 75105 | Q46: Facilities and Administration - Implementation | R46: 58203 | S46: Ukraine - Crisis Prev & Rcvry | T46: UKR | U46: Ukraine | V46: 000182 | W46: GOVERNMENT OF NETHERLANDS | X46: 30000 | Y46: Programme Cost Sharing | Z46: 001981-UNDP | AA46: 001981-UNDP | AB46: ACT 4 | AC46: 01001136 | AD46: Support to the stabilization and recovery of war affected communities (frontline, return and hosting areas) | AE46: 48483189 | AF46: EXPENDITURES | AP46: 104 | AQ46: Journal Import 31268866: | AR46: Expenditure Business Unit : UNDP-UKR , Project Number : 01001136 , Task Number : ACT 4 , Transaction Number : 48483189 , Expenditure Category : 75100 - Facilities & Administration , Expenditure Type : 75105 - Facilities and Administration - | AS46: Projects A 31268629000002 31268866 6 Y | AT46: 03-06-2024 Burden Cost | AU46: Quantum Service Account | AV46: UNDP PL USD | AW46: 1/1/1970 | AZ46: 2024 | BA46: 45446 | BB46: 45448 | BD46: USD | BE46: 1041.2 | BF46: 1041.2 | BH46: 1041.2
A47: =IF(X47="30000",IF(P47>60000,"yes","no"),"no") -> yes | B47: =IF(A47="no","N/A",IF(ISNA(VLOOKUP(P47,'Cost Type'!$A$4:$B$8,2,0)),"Impl",VLOOKUP(P47,'Cost Type'!$A$4:$B$8,2,0))) -> GMS | C47: =IF(B47="Impl",VLOOKUP(AB47,'Mapping Activities to outputs'!$B:$C,2,0),"N/A") -> N/A | F47: =BH47 -> 2124.08 | G47: BURDEN_COST | H47: Cost of summarized burden expenditure items. | I47: Project Accounting | J47: Accounting generated by Oracle Fusion Projects for cost, revenue and billing offset transactions. | K47: 1176166 | L47: BURDEN_COST | M47: JUN-2024 | N47: UNDP | P47: 75105 | Q47: Facilities and Administration - Implementation | R47: 58203 | S47: Ukraine - Crisis Prev & Rcvry | T47: UKR | U47: Ukraine | V47: 000182 | W47: GOVERNMENT OF NETHERLANDS | X47: 30000 | Y47: Programme Cost Sharing | Z47: 001981-UNDP | AA47: 001981-UNDP | AB47: ACT 5 | AC47: 01001136 | AD47: Support to the stabilization and recovery of war affected communities (frontline, return and hosting areas) | AE47: 48483190 | AF47: EXPENDITURES | AP47: 105 | AQ47: Journal Import 31268866: | AR47: Expenditure Business Unit : UNDP-UKR , Project Number : 01001136 , Task Number : ACT 5 , Transaction Number : 48483190 , Expenditure Category : 75100 - Facilities & Administration , Expenditure Type : 75105 - Facilities and Administration - | AS47: Projects A 31268629000002 31268866 6 Y | AT47: 03-06-2024 Burden Cost | AU47: Quantum Service Account | AV47: UNDP PL USD | AW47: 1/1/1970 | AZ47: 2024 | BA47: 45446 | BB47: 45448 | BD47: USD | BE47: 2124.08 | BF47: 2124.08 | BH47: 2124.08
A48: =IF(X48="30000",IF(P48>60000,"yes","no"),"no") -> yes | B48: =IF(A48="no","N/A",IF(ISNA(VLOOKUP(P48,'Cost Type'!$A$4:$B$8,2,0)),"Impl",VLOOKUP(Q48,'Cost Type'!$A$4:$B$8,2,0))) -> Impl | C48: =IF(B48="Impl",VLOOKUP(AB48,'Mapping Activities to outputs'!$B:$C,2,0),"N/A") -> MC | F48: =BH48 -> 1030.95 | G48: LABOR_COST | H48: Cost of services performed by workers for wages. | I48: Project Accounting | J48: Accounting generated by Oracle Fusion Projects for cost, revenue and billing offset transactions. | K48: 1176166 | L48: LABOR_COST | M48: MAY-2024 | N48: UNDP | P48: 71475 | Q48: Labour Cost - National Personnel Services Agreement | R48: 58203 | S48: Ukraine - Crisis Prev & Rcvry | T48: UKR | U48: Ukraine | V48: 000182 | W48: GOVERNMENT OF NETHERLANDS | X48: 30000 | Y48: Programme Cost Sharing | Z48: 001981-UNDP | AA48: 001981-UNDP | AB48: ACT 4 | AC48: 01001136 | AD48: Support to the stabilization and recovery of war affected communities (frontline, return and hosting areas) | AE48: 48566482 | AF48: EXPENDITURES | AP48: 3472 | AQ48: Journal Import 31324757: | AR48: Expenditure Business Unit : UNDP-UKR , Project Number : 01001136 , Task Number : ACT 4 , Transaction Number : 48566482 , Expenditure Category : 71400 - Contractual Services - Individ , Expenditure Type : 71475 - Labour Cost - National Perso | AS48: Projects A 31324694000005 31324757 Y | AT48: 01-05-2024 Labor Cost | AU48: Quantum Service Account | AV48: UNDP PL USD | AW48: 1/1/1970 | AZ48: 2024 | BA48: 45413 | BB48: 45449 | BD48: USD | BE48: 1030.95 | BF48: 1030.95 | BH48: 1030.95
A49: =IF(X49="30000",IF(P49>60000,"yes","no"),"no") -> yes | B49: =IF(A49="no","N/A",IF(ISNA(VLOOKUP(P49,'Cost Type'!$A$4:$B$8,2,0)),"Impl",VLOOKUP(Q49,'Cost Type'!$A$4:$B$8,2,0))) -> Impl | C49: =IF(B49="Impl",VLOOKUP(AB49,'Mapping Activities to outputs'!$B:$C,2,0),"N/A") -> Output 2 | F49: =BH49 -> 3707.57 | G49: LABOR_COST | H49: Cost of services performed by workers for wages. | I49: Project Accounting | J49: Accounting generated by Oracle Fusion Projects for cost, revenue and billing offset transactions. | K49: 1176166 | L49: LABOR_COST | M49: MAY-2024 | N49: UNDP | P49: 71475 | Q49: Labour Cost - National Personnel Services Agreement | R49: 58203 | S49: Ukraine - Crisis Prev & Rcvry | T49: UKR | U49: Ukraine | V49: 000182 | W49: GOVERNMENT OF NETHERLANDS | X49: 30000 | Y49: Programme Cost Sharing | Z49: 001981-UNDP | AA49: 001981-UNDP | AB49: ACT 2.1.2. | AC49: 01001136 | AD49: Support to the stabilization and recovery of war affected communities (frontline, return and hosting areas) | AE49: 48565931 | AF49: EXPENDITURES | AP49: 3473 | AQ49: Journal Import 31324757: | AR49: Expenditure Business Unit : UNDP-UKR , Project Number : 01001136 , Task Number : ACT 2.1.2. , Transaction Number : 48565931 , Expenditure Category : 71400 - Contractual Services - Individ , Expenditure Type : 71475 - Labour Cost - National | AS49: Projects A 31324694000005 31324757 Y | AT49: 01-05-2024 Labor Cost | AU49: Quantum Service Account | AV49: UNDP PL USD | AW49: 1/1/1970 | AZ49: 2024 | BA49: 45413 | BB49: 45449 | BD49: USD | BE49: 3707.57 | BF49: 3707.57 | BH49: 3707.57
A50: =IF(X50="30000",IF(P50>60000,"yes","no"),"no") -> no | B50: =IF(A50="no","N/A",IF(ISNA(VLOOKUP(Q50,'Cost Type'!$A$4:$B$8,2,0)),"Impl",VLOOKUP(Q50,'Cost Type'!$A$4:$B$8,2,0))) -> N/A | C50: =IF(B50="Impl",VLOOKUP(AB50,'Mapping Activities to outputs'!$B:$C,2,0),"N/A") -> N/A | F50: =BH50 -> -1030.95 | G50: LABOR_COST | H50: Cost of services performed by workers for wages. | I50: Project Accounting | J50: Accounting generated by Oracle Fusion Projects for cost, revenue and billing offset transactions. | K50: 1176166 | L50: LABOR_COST | M50: MAY-2024 | N50: UNDP | P50: 67105 | Q50: Labour Cost - Project expense recovery | R50: 58203 | S50: Ukraine - Crisis Prev & Rcvry | T50: UKR | U50: Ukraine | V50: 000182 | W50: GOVERNMENT OF NETHERLANDS | X50: 99981 | Y50: Payroll Passthrough Fund | Z50: 001981-UNDP | AA50: 001981-UNDP | AB50: ACT 4 | AC50: 01001136 | AD50: Support to the stabilization and recovery of war affected communities (frontline, return and hosting areas) | AE50: 48566482 | AF50: EXPENDITURES | AP50: 2592 | AQ50: Journal Import 31324757: | AR50: Expenditure Business Unit : UNDP-UKR , Project Number : 01001136 , Task Number : ACT 4 , Transaction Number : 48566482 , Expenditure Category : 71400 - Contractual Services - Individ , Expenditure Type : 71475 - Labour Cost - National Perso | AS50: Projects A 31324694000005 31324757 Y | AT50: 01-05-2024 Labor Cost | AU50: Quantum Service Account | AV50: UNDP PL USD | AW50: 1/1/1970 | AZ50: 2024 | BA50: 45413 | BB50: 45449 | BD50: USD | BE50: -1030.95 | BG50: 1030.95 | BH50: -1030.95
A51: =IF(X51="30000",IF(P51>60000,"yes","no"),"no") -> no | B51: =IF(A51="no","N/A",IF(ISNA(VLOOKUP(Q51,'Cost Type'!$A$4:$B$8,2,0)),"Impl",VLOOKUP(Q51,'Cost Type'!$A$4:$B$8,2,0))) -> N/A | C51: =IF(B51="Impl",VLOOKUP(AB51,'Mapping Activities to outputs'!$B:$C,2,0),"N/A") -> N/A | F51: =BH51 -> -3707.57 | G51: LABOR_COST | H51: Cost of services performed by workers for wages. | I51: Project Accounting | J51: Accounting generated by Oracle Fusion Projects for cost, revenue and billing offset transactions. | K51: 1176166 | L51: LABOR_COST | M51: MAY-2024 | N51: UNDP | P51: 67105 | Q51: Labour Cost - Project expense recovery | R51: 58203 | S51: Ukraine - Crisis Prev & Rcvry | T51: UKR | U51: Ukraine | V51: 000182 | W51: GOVERNMENT OF NETHERLANDS | X51: 99981 | Y51: Payroll Passthrough Fund | Z51: 001981-UNDP | AA51: 001981-UNDP | AB51: ACT 2.1.2. | AC51: 01001136 | AD51: Support to the stabilization and recovery of war affected communities (frontline, return and hosting areas) | AE51: 48565931 | AF51: EXPENDITURES | AP51: 2593 | AQ51: Journal Import 31324757: | AR51: Expenditure Business Unit : UNDP-UKR , Project Number : 01001136 , Task Number : ACT 2.1.2. , Transaction Number : 48565931 , Expenditure Category : 71400 - Contractual Services - Individ , Expenditure Type : 71475 - Labour Cost - National | AS51: Projects A 31324694000005 31324757 Y | AT51: 01-05-2024 Labor Cost | AU51: Quantum Service Account | AV51: UNDP PL USD | AW51: 1/1/1970 | AZ51: 2024 | BA51: 45413 | BB51: 45449 | BD51: USD | BE51: -3707.57 | BG51: 3707.57 | BH51: -3707.57
A52: =IF(X52="30000",IF(P52>60000,"yes","no"),"no") -> yes | B52: =IF(A52="no","N/A",IF(ISNA(VLOOKUP(P52,'Cost Type'!$A$4:$B$8,2,0)),"Impl",VLOOKUP(P52,'Cost Type'!$A$4:$B$8,2,0))) -> GMS | C52: =IF(B52="Impl",VLOOKUP(AB52,'Mapping Activities to outputs'!$B:$C,2,0),"N/A") -> N/A | F52: =BH52 -> 82.48 | G52: BURDEN_COST | H52: Cost of summarized burden expenditure items. | I52: Project Accounting | J52: Accounting generated by Oracle Fusion Projects for cost, revenue and billing offset transactions. | K52: 1176166 | L52: BURDEN_COST | M52: MAY-2024 | N52: UNDP | P52: 75105 | Q52: Facilities and Administration - Implementation | R52: 58203 | S52: Ukraine - Crisis Prev & Rcvry | T52: UKR | U52: Ukraine | V52: 000182 | W52: GOVERNMENT OF NETHERLANDS | X52: 30000 | Y52: Programme Cost Sharing | Z52: 001981-UNDP | AA52: 001981-UNDP | AB52: ACT 4 | AC52: 01001136 | AD52: Support to the stabilization and recovery of war affected communities (frontline, return and hosting areas) | AE52: 48731479 | AF52: EXPENDITURES | AP52: 1393 | AQ52: Journal Import 31380350: | AR52: Expenditure Business Unit : UNDP-UKR , Project Number : 01001136 , Task Number : ACT 4 , Transaction Number : 48731479 , Expenditure Category : 75100 - Facilities & Administration , Expenditure Type : 75105 - Facilities and Administration - | AS52: Projects A 31379206000004 31380350 Y | AT52: 01-05-2024 Burden Cost | AU52: Quantum Service Account | AV52: UNDP PL USD | AW52: 1/1/1970 | AZ52: 2024 | BA52: 45413 | BB52: 45450 | BD52: USD | BE52: 82.48 | BF52: 82.48 | BH52: 82.48
A53: =IF(X53="30000",IF(P53>60000,"yes","no"),"no") -> yes | B53: =IF(A53="no","N/A",IF(ISNA(VLOOKUP(P53,'Cost Type'!$A$4:$B$8,2,0)),"Impl",VLOOKUP(P53,'Cost Type'!$A$4:$B$8,2,0))) -> GMS | C53: =IF(B53="Impl",VLOOKUP(AB53,'Mapping Activities to outputs'!$B:$C,2,0),"N/A") -> N/A | F53: =BH53 -> 296.61 | G53: BURDEN_COST | H53: Cost of summarized burden expenditure items. | I53: Project Accounting | J53: Accounting generated by Oracle Fusion Projects for cost, revenue and billing offset transactions. | K53: 1176166 | L53: BURDEN_COST | M53: MAY-2024 | N53: UNDP | P53: 75105 | Q53: Facilities and Administration - Implementation | R53: 58203 | S53: Ukraine - Crisis Prev & Rcvry | T53: UKR | U53: Ukraine | V53: 000182 | W53: GOVERNMENT OF NETHERLANDS | X53: 30000 | Y53: Programme Cost Sharing | Z53: 001981-UNDP | AA53: 001981-UNDP | AB53: ACT 2.1.2. | AC53: 01001136 | AD53: Support to the stabilization and recovery of war affected communities (frontline, return and hosting areas) | AE53: 48731480 | AF53: EXPENDITURES | AP53: 1394 | AQ53: Journal Import 31380350: | AR53: Expenditure Business Unit : UNDP-UKR , Project Number : 01001136 , Task Number : ACT 2.1.2. , Transaction Number : 48731480 , Expenditure Category : 75100 - Facilities & Administration , Expenditure Type : 75105 - Facilities and Administrat | AS53: Projects A 31379206000004 31380350 Y | AT53: 01-05-2024 Burden Cost | AU53: Quantum Service Account | AV53: UNDP PL USD | AW53: 1/1/1970 | AZ53: 2024 | BA53: 45413 | BB53: 45450 | BD53: USD | BE53: 296.61 | BF53: 296.61 | BH53: 296.61
A54: =IF(X54="30000",IF(P54>60000,"yes","no"),"no") -> yes | B54: =IF(A54="no","N/A",IF(ISNA(VLOOKUP(P54,'Cost Type'!$A$4:$B$8,2,0)),"Impl",VLOOKUP(Q54,'Cost Type'!$A$4:$B$8,2,0))) -> Impl | C54: =IF(B54="Impl",VLOOKUP(AB54,'Mapping Activities to outputs'!$B:$C,2,0),"N/A") -> Output 1 | F54: =BH54 -> 15324 | G54: Purchase Invoices | H54: Oracle Fusion Payables invoices. | I54: Payables | J54: Oracle Fusion Payables subledger. | K54: 1176166 | L54: INVOICES | M54: JUN-2024 | N54: UNDP | P54: 72605 | Q54: Grants to Institutions and Other Benefactors | R54: 58203 | S54: Ukraine - Crisis Prev & Rcvry | T54: UKR | U54: Ukraine | V54: 000182 | W54: GOVERNMENT OF NETHERLANDS | X54: 30000 | Y54: Programme Cost Sharing | Z54: 001981-UNDP | AA54: 001981-UNDP | AB54: ACT 1.2.2. | AC54: 01001136 | AD54: Support to the stabilization and recovery of war affected communities (frontline, return and hosting areas) | AE54: 2024/05/013/AJ, tr. #1 | AF54: AP_INVOICES | AG54: 2024/05/013/AJ, tranche #1 | AH54: 300001811164253 | AI54: STANDARD | AJ54: 612960 | AK54: 612960 | AL54: 1 | AM54: 2024/05/013/AJ, tr. #1 | AN54: 2137702 | AO54: European integration center of Slobozhanshchyna, NGO | AP54: 103 | AQ54: Journal Import 31470569: | AR54: Supplier: European integration center of Slobozhanshchyna, NGO |Supplier #: 2137702 |Site: UKR |Transaction #: 2024/05/013/AJ, tr. #1 |Transaction Line #: 1 |PO #: |PO Line #: 0 |Contract #: 1176166 |Project #: 01001136 |Task #: A | AS54: Payables A 31468948000001 31470569 2 Y | AT54: 05-06-2024 Purchase Invoices | AU54: Quantum Service Account | AV54: UNDP PL USD | AY54: 0 | AZ54: 2024 | BA54: 45448 | BB54: 45453 | BC54: 1 | BD54: UAH | BE54: 612960 | BF54: 15324 | BH54: 15324
A55: =IF(X55="30000",IF(P55>60000,"yes","no"),"no") -> yes | B55: =IF(A55="no","N/A",IF(ISNA(VLOOKUP(P55,'Cost Type'!$A$4:$B$8,2,0)),"Impl",VLOOKUP(P55,'Cost Type'!$A$4:$B$8,2,0))) -> GMS | C55: =IF(B55="Impl",VLOOKUP(AB55,'Mapping Activities to outputs'!$B:$C,2,0),"N/A") -> N/A | F55: =BH55 -> 1225.92 | G55: BURDEN_COST | H55: Cost of summarized burden expenditure items. | I55: Project Accounting | J55: Accounting generated by Oracle Fusion Projects for cost, revenue and billing offset transactions. | K55: 1176166 | L55: BURDEN_COST | M55: JUN-2024 | N55: UNDP | P55: 75105 | Q55: Facilities and Administration - Implementation | R55: 58203 | S55: Ukraine - Crisis Prev & Rcvry | T55: UKR | U55: Ukraine | V55: 000182 | W55: GOVERNMENT OF NETHERLANDS | X55: 30000 | Y55: Programme Cost Sharing | Z55: 001981-UNDP | AA55: 001981-UNDP | AB55: ACT 1.2.2. | AC55: 01001136 | AD55: Support to the stabilization and recovery of war affected communities (frontline, return and hosting areas) | AE55: 49160028 | AF55: EXPENDITURES | AP55: 64 | AQ55: Journal Import 31552350: | AR55: Expenditure Business Unit : UNDP-UKR , Project Number : 01001136 , Task Number : ACT 1.2.2. , Transaction Number : 49160028 , Expenditure Category : 75100 - Facilities & Administration , Expenditure Type : 75105 - Facilities and Administrat | AS55: Projects A 31551906000002 31552350 2 Y | AT55: 05-06-2024 Burden Cost | AU55: Quantum Service Account | AV55: UNDP PL USD | AW55: 1/1/1970 | AZ55: 2024 | BA55: 45448 | BB55: 45454 | BD55: UAH | BE55: 49036.8 | BF55: 1225.92 | BH55: 1225.92
A56: =IF(X56="30000",IF(P56>60000,"yes","no"),"no") -> yes | B56: =IF(A56="no","N/A",IF(ISNA(VLOOKUP(P56,'Cost Type'!$A$4:$B$8,2,0)),"Impl",VLOOKUP(Q56,'Cost Type'!$A$4:$B$8,2,0))) -> Impl | C56: =IF(B56="Impl",VLOOKUP(AB56,'Mapping Activities to outputs'!$B:$C,2,0),"N/A") -> MC | F56: =BH56 -> 44.5 | G56: Purchase Invoices | H56: Oracle Fusion Payables invoices. | I56: Payables | J56: Oracle Fusion Payables subledger. | K56: 1176166 | L56: INVOICES | M56: JUN-2024 | N56: UNDP | P56: 71620 | Q56: Daily Subsistence Allowance - Local | R56: 58203 | S56: Ukraine - Crisis Prev & Rcvry | T56: UKR | U56: Ukraine | V56: 000182 | W56: GOVERNMENT OF NETHERLANDS | X56: 30000 | Y56: Programme Cost Sharing | Z56: 001981-UNDP | AA56: 001981-UNDP | AB56: ACT 4 | AC56: 01001136 | AD56: Support to the stabilization and recovery of war affected communities (frontline, return and hosting areas) | AE56: TR00308001_1 | AF56: AP_INVOICES | AG56: Travel Entitlements | AH56: 300001824436885 | AI56: STANDARD | AJ56: 17200 | AK56: 7120 | AL56: 1 | AM56: TR00308001_1 | AN56: HCM-71318443 | AO56: Olha Ivanivna BONDARENKO[[71318443]] | AP56: 285 | AQ56: Journal Import 31718748: | AR56: Supplier: Olha Ivanivna BONDARENKO[[71318443]] |Supplier #: HCM-71318443 |Site: Primary |Transaction #: TR00308001_1 |Transaction Line #: 1 |PO #: |PO Line #: 0 |Contract #: 1176166 |Project #: 01001136 |Task #: ACT 4 |Donor: GOV | AS56: Payables A 31717186000001 31718748 Y | AT56: 13-06-2024 Purchase Invoices | AU56: Quantum Service Account | AV56: UNDP PL USD | AY56: 0 | AZ56: 2024 | BA56: 45456 | BB56: 45457 | BC56: 1 | BD56: UAH | BE56: 1780 | BF56: 44.5 | BH56: 44.5
A57: =IF(X57="30000",IF(P57>60000,"yes","no"),"no") -> yes | B57: =IF(A57="no","N/A",IF(ISNA(VLOOKUP(P57,'Cost Type'!$A$4:$B$8,2,0)),"Impl",VLOOKUP(Q57,'Cost Type'!$A$4:$B$8,2,0))) -> Impl | C57: =IF(B57="Impl",VLOOKUP(AB57,'Mapping Activities to outputs'!$B:$C,2,0),"N/A") -> MC | F57: =BH57 -> 63 | G57: Purchase Invoices | H57: Oracle Fusion Payables invoices. | I57: Payables | J57: Oracle Fusion Payables subledger. | K57: 1176166 | L57: INVOICES | M57: JUN-2024 | N57: UNDP | P57: 71635 | Q57: Travel Cost - Other | R57: 58203 | S57: Ukraine - Crisis Prev & Rcvry | T57: UKR | U57: Ukraine | V57: 000182 | W57: GOVERNMENT OF NETHERLANDS | X57: 30000 | Y57: Programme Cost Sharing | Z57: 001981-UNDP | AA57: 001981-UNDP | AB57: ACT 4 | AC57: 01001136 | AD57: Support to the stabilization and recovery of war affected communities (frontline, return and hosting areas) | AE57: TR00308001_1 | AF57: AP_INVOICES | AG57: Travel Entitlements | AH57: 300001824436885 | AI57: STANDARD | AJ57: 17200 | AK57: 10080 | AL57: 2 | AM57: TR00308001_1 | AN57: HCM-71318443 | AO57: Olha Ivanivna BONDARENKO[[71318443]] | AP57: 312 | AQ57: Journal Import 31718748: | AR57: Supplier: Olha Ivanivna BONDARENKO[[71318443]] |Supplier #: HCM-71318443 |Site: Primary |Transaction #: TR00308001_1 |Transaction Line #: 2 |PO #: |PO Line #: 0 |Contract #: 1176166 |Project #: 01001136 |Task #: ACT 4 |Donor: GOV | AS57: Payables A 31717186000001 31718748 Y | AT57: 13-06-2024 Purchase Invoices | AU57: Quantum Service Account | AV57: UNDP PL USD | AY57: 0 | AZ57: 2024 | BA57: 45456 | BB57: 45457 | BC57: 2 | BD57: UAH | BE57: 2520 | BF57: 63 | BH57: 63
A58: =IF(X58="30000",IF(P58>60000,"yes","no"),"no") -> yes | B58: =IF(A58="no","N/A",IF(ISNA(VLOOKUP(P58,'Cost Type'!$A$4:$B$8,2,0)),"Impl",VLOOKUP(P58,'Cost Type'!$A$4:$B$8,2,0))) -> GMS | C58: =IF(B58="Impl",VLOOKUP(AB58,'Mapping Activities to outputs'!$B:$C,2,0),"N/A") -> N/A | F58: =BH58 -> 8.6 | G58: BURDEN_COST | H58: Cost of summarized burden expenditure items. | I58: Project Accounting | J58: Accounting generated by Oracle Fusion Projects for cost, revenue and billing offset transactions. | K58: 1176166 | L58: BURDEN_COST | M58: JUN-2024 | N58: UNDP | P58: 75105 | Q58: Facilities and Administration - Implementation | R58: 58203 | S58: Ukraine - Crisis Prev & Rcvry | T58: UKR | U58: Ukraine | V58: 000182 | W58: GOVERNMENT OF NETHERLANDS | X58: 30000 | Y58: Programme Cost Sharing | Z58: 001981-UNDP | AA58: 001981-UNDP | AB58: ACT 4 | AC58: 01001136 | AD58: Support to the stabilization and recovery of war affected communities (frontline, return and hosting areas) | AE58: 49558720 | AF58: EXPENDITURES | AP58: 278 | AQ58: Journal Import 31783630: | AR58: Expenditure Business Unit : UNDP-UKR , Project Number : 01001136 , Task Number : ACT 4 , Transaction Number : 49558720 , Expenditure Category : 75100 - Facilities & Administration , Expenditure Type : 75105 - Facilities and Administration - | AS58: Projects A 31783607000001 31783630 2 Y | AT58: 13-06-2024 Burden Cost | AU58: Quantum Service Account | AV58: UNDP PL USD | AW58: 1/1/1970 | AZ58: 2024 | BA58: 45456 | BB58: 45459 | BD58: UAH | BE58: 344 | BF58: 8.6 | BH58: 8.6
A59: =IF(X59="30000",IF(P59>60000,"yes","no"),"no") -> yes | B59: =IF(A59="no","N/A",IF(ISNA(VLOOKUP(P59,'Cost Type'!$A$4:$B$8,2,0)),"Impl",VLOOKUP(Q59,'Cost Type'!$A$4:$B$8,2,0))) -> Impl | C59: =IF(B59="Impl",VLOOKUP(AB59,'Mapping Activities to outputs'!$B:$C,2,0),"N/A") -> MC | F59: =BH59 -> -1.33 | G59: Payments | H59: Cash disbursements. | I59: Payables | J59: Oracle Fusion Payables subledger. | K59: 1176166 | L59: PAYMENTS | M59: JUN-2024 | N59: UNDP | P59: 76135 | Q59: Realized Foreign Exchange Gain - AP | R59: 58203 | S59: Ukraine - Crisis Prev & Rcvry | T59: UKR | U59: Ukraine | V59: 000182 | W59: GOVERNMENT OF NETHERLANDS | X59: 30000 | Y59: Programme Cost Sharing | Z59: 001981-UNDP | AA59: 001981-UNDP | AB59: ACT 4 | AC59: 01001136 | AD59: Support to the stabilization and recovery of war affected communities (frontline, return and hosting areas) | AE59: 8107020529 | AF59: AP_PAYMENTS | AG59: Travel Entitlements | AH59: 300001824436885 | AI59: STANDARD | AJ59: 17200 | AK59: 7120 | AL59: 1 | AM59: TR00308001_1 | AN59: HCM-71318443 | AO59: Olha Ivanivna BONDARENKO[[71318443]] | AP59: 1753 | AQ59: Journal Import 31849189: | AR59: Supplier: Olha Ivanivna BONDARENKO[[71318443]] |Supplier #: HCM-71318443 |Transaction #: TR00308001_1 |Payment # : 8107020529 |Payment Method : TRF | | AS59: Payables A 31847104000001 31849189 2 N | AT59: 18-06-2024 Payments | AU59: Quantum Service Account | AV59: UNDP PL USD | AY59: 0 | AZ59: 2024 | BA59: 45461 | BB59: 45461 | BD59: UAH | BE59: 0 | BG59: 1.33 | BH59: -1.33
A60: =IF(X60="30000",IF(P60>60000,"yes","no"),"no") -> yes | B60: =IF(A60="no","N/A",IF(ISNA(VLOOKUP(P60,'Cost Type'!$A$4:$B$8,2,0)),"Impl",VLOOKUP(Q60,'Cost Type'!$A$4:$B$8,2,0))) -> Impl | C60: =IF(B60="Impl",VLOOKUP(AB60,'Mapping Activities to outputs'!$B:$C,2,0),"N/A") -> MC | F60: =BH60 -> 32.5 | G60: Purchase Invoices | H60: Oracle Fusion Payables invoices. | I60: Payables | J60: Oracle Fusion Payables subledger. | K60: 1176166 | L60: INVOICES | M60: JUN-2024 | N60: UNDP | P60: 74205 | Q60: Audio Visual Productions | R60: 58203 | S60: Ukraine - Crisis Prev & Rcvry | T60: UKR | U60: Ukraine | V60: 000182 | W60: GOVERNMENT OF NETHERLANDS | X60: 30000 | Y60: Programme Cost Sharing | Z60: 001981-UNDP | AA60: 001981-UNDP | AB60: ACT 4 | AC60: 01001136 | AD60: Support to the stabilization and recovery of war affected communities (frontline, return and hosting areas) | AE60: 038 | AF60: AP_INVOICES | AG60: providing presentation design services for RPP Board in Kyiv | AH60: 300001835829189 | AI60: STANDARD | AJ60: 5200 | AK60: 1300 | AL60: 4 | AM60: 038 | AN60: 1262007 | AO60: Madinov Mykola Leonidovych | AP60: 96 | AQ60: Journal Import 32045085: | AR60: Supplier: Madinov Mykola Leonidovych |Supplier #: 1262007 |Site: UKR |Transaction #: 038 |Transaction Line #: 4 |PO #: |PO Line #: 0 |Contract #: 1176166 |Project #: 01001136 |Task #: ACT 4 |Donor: GOVERNMENT OF NETHERLANDS | | AS60: Payables A 32043359000001 32045085 Y | AT60: 12-06-2024 Purchase Invoices | AU60: Quantum Service Account | AV60: UNDP PL USD | AY60: 0 | AZ60: 2024 | BA60: 45455 | BB60: 45464 | BC60: 4 | BD60: UAH | BE60: 1300 | BF60: 32.5 | BH60: 32.5
A61: =IF(X61="30000",IF(P61>60000,"yes","no"),"no") -> yes | B61: =IF(A61="no","N/A",IF(ISNA(VLOOKUP(P61,'Cost Type'!$A$4:$B$8,2,0)),"Impl",VLOOKUP(Q61,'Cost Type'!$A$4:$B$8,2,0))) -> Impl | C61: =IF(B61="Impl",VLOOKUP(AB61,'Mapping Activities to outputs'!$B:$C,2,0),"N/A") -> MC | F61: =BH61 -> 37.5 | G61: Purchase Invoices | H61: Oracle Fusion Payables invoices. | I61: Payables | J61: Oracle Fusion Payables subledger. | K61: 1176166 | L61: INVOICES | M61: JUN-2024 | N61: UNDP | P61: 74225 | Q61: Other Media Costs | R61: 58204 | S61: Ukraine - Dem. Governance | T61: UKR | U61: Ukraine | V61: 000182 | W61: GOVERNMENT OF NETHERLANDS | X61: 30000 | Y61: Programme Cost Sharing | Z61: 001981-UNDP | AA61: 001981-UNDP | AB61: ACT 4 | AC61: 01001136 | AD61: Support to the stabilization and recovery of war affected communities (frontline, return and hosting areas) | AE61: 160 | AF61: AP_INVOICES | AG61: photo services for RPP Board in Kyiv | AH61: 300001835829416 | AI61: STANDARD | AJ61: 6000 | AK61: 1500 | AL61: 4 | AM61: 160 | AN61: 2033367 | AO61: Minenko Serhii Serhiiovych, FOP | AP61: 131 | AQ61: Journal Import 32045085: | AR61: Supplier: Minenko Serhii Serhiiovych, FOP |Supplier #: 2033367 |Site: UKR |Transaction #: 160 |Transaction Line #: 4 |PO #: |PO Line #: 0 |Contract #: 1176166 |Project #: 01001136 |Task #: ACT 4 |Donor: GOVERNMENT OF NETHERLANDS | AS61: Payables A 32043359000001 32045085 Y | AT61: 13-06-2024 Purchase Invoices | AU61: Quantum Service Account | AV61: UNDP PL USD | AY61: 0 | AZ61: 2024 | BA61: 45456 | BB61: 45464 | BC61: 4 | BD61: UAH | BE61: 1500 | BF61: 37.5 | BH61: 37.5
A62: =IF(X62="30000",IF(P62>60000,"yes","no"),"no") -> yes | B62: =IF(A62="no","N/A",IF(ISNA(VLOOKUP(P62,'Cost Type'!$A$4:$B$8,2,0)),"Impl",VLOOKUP(P62,'Cost Type'!$A$4:$B$8,2,0))) -> GMS | C62: =IF(B62="Impl",VLOOKUP(AB62,'Mapping Activities to outputs'!$B:$C,2,0),"N/A") -> N/A | F62: =BH62 -> 2.6 | G62: BURDEN_COST | H62: Cost of summarized burden expenditure items. | I62: Project Accounting | J62: Accounting generated by Oracle Fusion Projects for cost, revenue and billing offset transactions. | K62: 1176166 | L62: BURDEN_COST | M62: JUN-2024 | N62: UNDP | P62: 75105 | Q62: Facilities and Administration - Implementation | R62: 58203 | S62: Ukraine - Crisis Prev & Rcvry | T62: UKR | U62: Ukraine | V62: 000182 | W62: GOVERNMENT OF NETHERLANDS | X62: 30000 | Y62: Programme Cost Sharing | Z62: 001981-UNDP | AA62: 001981-UNDP | AB62: ACT 4 | AC62: 01001136 | AD62: Support to the stabilization and recovery of war affected communities (frontline, return and hosting areas) | AE62: 49957078 | AF62: EXPENDITURES | AP62: 28 | AQ62: Journal Import 32111577: | AR62: Expenditure Business Unit : UNDP-UKR , Project Number : 01001136 , Task Number : ACT 4 , Transaction Number : 49957078 , Expenditure Category : 75100 - Facilities & Administration , Expenditure Type : 75105 - Facilities and Administration - | AS62: Projects A 32111562000001 32111577 3 Y | AT62: 12-06-2024 Burden Cost | AU62: Quantum Service Account | AV62: UNDP PL USD | AW62: 1/1/1970 | AZ62: 2024 | BA62: 45455 | BB62: 45466 | BD62: UAH | BE62: 104 | BF62: 2.6 | BH62: 2.6
A63: =IF(X63="30000",IF(P63>60000,"yes","no"),"no") -> yes | B63: =IF(A63="no","N/A",IF(ISNA(VLOOKUP(P63,'Cost Type'!$A$4:$B$8,2,0)),"Impl",VLOOKUP(P63,'Cost Type'!$A$4:$B$8,2,0))) -> GMS | C63: =IF(B63="Impl",VLOOKUP(AB63,'Mapping Activities to outputs'!$B:$C,2,0),"N/A") -> N/A | F63: =BH63 -> 3 | G63: BURDEN_COST | H63: Cost of summarized burden expenditure items. | I63: Project Accounting | J63: Accounting generated by Oracle Fusion Projects for cost, revenue and billing offset transactions. | K63: 1176166 | L63: BURDEN_COST | M63: JUN-2024 | N63: UNDP | P63: 75105 | Q63: Facilities and Administration - Implementation | R63: 58204 | S63: Ukraine - Dem. Governance | T63: UKR | U63: Ukraine | V63: 000182 | W63: GOVERNMENT OF NETHERLANDS | X63: 30000 | Y63: Programme Cost Sharing | Z63: 001981-UNDP | AA63: 001981-UNDP | AB63: ACT 4 | AC63: 01001136 | AD63: Support to the stabilization and recovery of war affected communities (frontline, return and hosting areas) | AE63: 49957080 | AF63: EXPENDITURES | AP63: 111 | AQ63: Journal Import 32111577: | AR63: Expenditure Business Unit : UNDP-UKR , Project Number : 01001136 , Task Number : ACT 4 , Transaction Number : 49957080 , Expenditure Category : 75100 - Facilities & Administration , Expenditure Type : 75105 - Facilities and Administration - | AS63: Projects A 32111562000001 32111577 3 Y | AT63: 13-06-2024 Burden Cost | AU63: Quantum Service Account | AV63: UNDP PL USD | AW63: 1/1/1970 | AZ63: 2024 | BA63: 45456 | BB63: 45466 | BD63: UAH | BE63: 120 | BF63: 3 | BH63: 3
A64: =IF(X64="30000",IF(P64>60000,"yes","no"),"no") -> yes | B64: =IF(A64="no","N/A",IF(ISNA(VLOOKUP(P64,'Cost Type'!$A$4:$B$8,2,0)),"Impl",VLOOKUP(Q64,'Cost Type'!$A$4:$B$8,2,0))) -> Impl | C64: =IF(B64="Impl",VLOOKUP(AB64,'Mapping Activities to outputs'!$B:$C,2,0),"N/A") -> MC | F64: =BH64 -> 9135.8 | G64: Purchase Invoices | H64: Oracle Fusion Payables invoices. | I64: Payables | J64: Oracle Fusion Payables subledger. | K64: 1176166 | L64: INVOICES | M64: JUN-2024 | N64: UNDP | P64: 72311 | Q64: Consumables - Fuel, Petroleum and Other Oils | R64: 58203 | S64: Ukraine - Crisis Prev & Rcvry | T64: UKR | U64: Ukraine | V64: 000182 | W64: GOVERNMENT OF NETHERLANDS | X64: 30000 | Y64: Programme Cost Sharing | Z64: 001981-UNDP | AA64: 001981-UNDP | AB64: ACT 4 | AC64: 01001136 | AD64: Support to the stabilization and recovery of war affected communities (frontline, return and hosting areas) | AE64: UKR/2023/436/1 - 6905188379 | AF64: AP_INVOICES | AG64: fuel account replenishment to ensure operation of the UNDP RPP vehicles in the Dnipro/Poltava/Odesa offices | AH64: 300001844412669 | AI64: STANDARD | AJ64: 370000 | AK64: 370000 | AL64: 1 | AM64: UKR/2023/436/1 - 6905188379 | AN64: 2026363 | AO64: Сompany OKKO-BUSINESS, LLC | AP64: 383 | AQ64: Journal Import 32245532: | AR64: Supplier: Сompany OKKO-BUSINESS, LLC |Supplier #: 2026363 |Site: UKR2 |Transaction #: UKR/2023/436/1 - 6905188379 |Transaction Line #: 1 |PO #: 10239586 |PO Line #: 1 |Contract #: 1176166 |Project #: 01001136 |Task #: ACT 4 |Donor | AS64: Payables A 32244705000001 32245532 2 Y | AT64: 25-06-2024 Purchase Invoices | AU64: Quantum Service Account | AV64: UNDP PL USD | AW64: 6/19/2024 | AX64: 10239586 | AY64: 1 | AZ64: 2024 | BA64: 45468 | BB64: 45468 | BC64: 1 | BD64: UAH | BE64: 370000 | BF64: 9135.8 | BH64: 9135.8
A65: =IF(X65="30000",IF(P65>60000,"yes","no"),"no") -> yes | B65: =IF(A65="no","N/A",IF(ISNA(VLOOKUP(P65,'Cost Type'!$A$4:$B$8,2,0)),"Impl",VLOOKUP(P65,'Cost Type'!$A$4:$B$8,2,0))) -> GMS | C65: =IF(B65="Impl",VLOOKUP(AB65,'Mapping Activities to outputs'!$B:$C,2,0),"N/A") -> N/A | F65: =BH65 -> 730.86 | G65: BURDEN_COST | H65: Cost of summarized burden expenditure items. | I65: Project Accounting | J65: Accounting generated by Oracle Fusion Projects for cost, revenue and billing offset transactions. | K65: 1176166 | L65: BURDEN_COST | M65: JUN-2024 | N65: UNDP | P65: 75105 | Q65: Facilities and Administration - Implementation | R65: 58203 | S65: Ukraine - Crisis Prev & Rcvry | T65: UKR | U65: Ukraine | V65: 000182 | W65: GOVERNMENT OF NETHERLANDS | X65: 30000 | Y65: Programme Cost Sharing | Z65: 001981-UNDP | AA65: 001981-UNDP | AB65: ACT 4 | AC65: 01001136 | AD65: Support to the stabilization and recovery of war affected communities (frontline, return and hosting areas) | AE65: 50097546 | AF65: EXPENDITURES | AP65: 252 | AQ65: Journal Import 32285332: | AR65: Expenditure Business Unit : UNDP-UKR , Project Number : 01001136 , Task Number : ACT 4 , Transaction Number : 50097546 , Expenditure Category : 75100 - Facilities & Administration , Expenditure Type : 75105 - Facilities and Administration - | AS65: Projects A 32285212000002 32285332 3 Y | AT65: 25-06-2024 Burden Cost | AU65: Quantum Service Account | AV65: UNDP PL USD | AW65: 1/1/1970 | AZ65: 2024 | BA65: 45468 | BB65: 45469 | BD65: UAH | BE65: 29600 | BF65: 730.86 | BH65: 730.86
A66: =IF(X66="30000",IF(P66>60000,"yes","no"),"no") -> yes | B66: =IF(A66="no","N/A",IF(ISNA(VLOOKUP(P66,'Cost Type'!$A$4:$B$8,2,0)),"Impl",VLOOKUP(Q66,'Cost Type'!$A$4:$B$8,2,0))) -> Impl | C66: =IF(B66="Impl",VLOOKUP(AB66,'Mapping Activities to outputs'!$B:$C,2,0),"N/A") -> MC | F66: =BH66 -> -0.4 | G66: Payments | H66: Cash disbursements. | I66: Payables | J66: Oracle Fusion Payables subledger. | K66: 1176166 | L66: PAYMENTS | M66: JUN-2024 | N66: UNDP | P66: 76135 | Q66: Realized Foreign Exchange Gain - AP | R66: 58203 | S66: Ukraine - Crisis Prev & Rcvry | T66: UKR | U66: Ukraine | V66: 000182 | W66: GOVERNMENT OF NETHERLANDS | X66: 30000 | Y66: Programme Cost Sharing | Z66: 001981-UNDP | AA66: 001981-UNDP | AB66: ACT 4 | AC66: 01001136 | AD66: Support to the stabilization and recovery of war affected communities (frontline, return and hosting areas) | AE66: 8107020893 | AF66: AP_PAYMENTS | AG66: providing presentation design services for RPP Board in Kyiv | AH66: 300001835829189 | AI66: STANDARD | AJ66: 5200 | AK66: 1300 | AL66: 4 | AM66: 038 | AN66: 1262007 | AO66: Madinov Mykola Leonidovych | AP66: 4620 | AQ66: Journal Import 32340541: | AR66: Supplier: Madinov Mykola Leonidovych |Supplier #: 1262007 |Transaction #: 038 |Payment # : 8107020893 |Payment Method : TRF | | AS66: Payables A 32338695000002 32340541 N | AT66: 27-06-2024 Payments | AU66: Quantum Service Account | AV66: UNDP PL USD | AY66: 0 | AZ66: 2024 | BA66: 45470 | BB66: 45470 | BD66: UAH | BE66: 0 | BG66: 0.4 | BH66: -0.4
A67: =IF(X67="30000",IF(P67>60000,"yes","no"),"no") -> yes | B67: =IF(A67="no","N/A",IF(ISNA(VLOOKUP(P67,'Cost Type'!$A$4:$B$8,2,0)),"Impl",VLOOKUP(Q67,'Cost Type'!$A$4:$B$8,2,0))) -> Impl | C67: =IF(B67="Impl",VLOOKUP(AB67,'Mapping Activities to outputs'!$B:$C,2,0),"N/A") -> MC | F67: =BH67 -> -0.47 | G67: Payments | H67: Cash disbursements. | I67: Payables | J67: Oracle Fusion Payables subledger. | K67: 1176166 | L67: PAYMENTS | M67: JUN-2024 | N67: UNDP | P67: 76135 | Q67: Realized Foreign Exchange Gain - AP | R67: 58204 | S67: Ukraine - Dem. Governance | T67: UKR | U67: Ukraine | V67: 000182 | W67: GOVERNMENT OF NETHERLANDS | X67: 30000 | Y67: Programme Cost Sharing | Z67: 001981-UNDP | AA67: 001981-UNDP | AB67: ACT 4 | AC67: 01001136 | AD67: Support to the stabilization and recovery of war affected communities (frontline, return and hosting areas) | AE67: 8107020855 | AF67: AP_PAYMENTS | AG67: photo services for RPP Board in Kyiv | AH67: 300001835829416 | AI67: STANDARD | AJ67: 6000 | AK67: 1500 | AL67: 4 | AM67: 160 | AN67: 2033367 | AO67: Minenko Serhii Serhiiovych, FOP | AP67: 4630 | AQ67: Journal Import 32340541: | AR67: Supplier: Minenko Serhii Serhiiovych, FOP |Supplier #: 2033367 |Transaction #: 160 |Payment # : 8107020855 |Payment Method : TRF | | AS67: Payables A 32338695000002 32340541 N | AT67: 27-06-2024 Payments | AU67: Quantum Service Account | AV67: UNDP PL USD | AY67: 0 | AZ67: 2024 | BA67: 45470 | BB67: 45470 | BD67: UAH | BE67: 0 | BG67: 0.47 | BH67: -0.47
A68: =IF(X68="30000",IF(P68>60000,"yes","no"),"no") -> yes | B68: =IF(A68="no","N/A",IF(ISNA(VLOOKUP(P68,'Cost Type'!$A$4:$B$8,2,0)),"Impl",VLOOKUP(Q68,'Cost Type'!$A$4:$B$8,2,0))) -> Impl | C68: =IF(B68="Impl",VLOOKUP(AB68,'Mapping Activities to outputs'!$B:$C,2,0),"N/A") -> MC | F68: =BH68 -> 2467.75 | G68: Purchase Invoices | H68: Oracle Fusion Payables invoices. | I68: Payables | J68: Oracle Fusion Payables subledger. | K68: 1176166 | L68: INVOICES | M68: JUL-2024 | N68: UNDP | P68: 73410 | Q68: Maintenance Cost - Transportation Equipment | R68: 58203 | S68: Ukraine - Crisis Prev & Rcvry | T68: UKR | U68: Ukraine | V68: 000182 | W68: GOVERNMENT OF NETHERLANDS | X68: 30000 | Y68: Programme Cost Sharing | Z68: 001981-UNDP | AA68: 001981-UNDP | AB68: ACT 4 | AC68: 01001136 | AD68: Support to the stabilization and recovery of war affected communities (frontline, return and hosting areas) | AE68: 088 | AF68: AP_INVOICES | AG68: summer tires for armored and soft vehicles for daily usage in missions/duty trips in summer period by UNDP Programme fleet in Dnipro/Poltava/Odesa offices | AH68: 300001858662755 | AI68: STANDARD | AJ68: 99944 | AK68: 99944 | AL68: 1 | AM68: 088 | AN68: 1059137 | AO68: BABANSKYI OLEKSANDR SEHIIOVYCH FOP | AP68: 1475 | AQ68: Journal Import 32728612: | AR68: Supplier: BABANSKYI OLEKSANDR SEHIIOVYCH FOP |Supplier #: 1059137 |Site: UKR |Transaction #: 088 |Transaction Line #: 1 |PO #: 10239415 |PO Line #: 1 |Contract #: 1176166 |Project #: 01001136 |Task #: ACT 4 |Donor: GOVERNMENT OF N | AS68: Payables A 32726680000001 32728612 Y | AT68: 01-07-2024 Purchase Invoices | AU68: Quantum Service Account | AV68: UNDP PL USD | AW68: 6/19/2024 | AX68: 10239415 | AY68: 1 | AZ68: 2024 | BA68: 45474 | BB68: 45474 | BC68: 1 | BD68: UAH | BE68: 99944 | BF68: 2467.75 | BH68: 2467.75
A69: =IF(X69="30000",IF(P69>60000,"yes","no"),"no") -> yes | B69: =IF(A69="no","N/A",IF(ISNA(VLOOKUP(P69,'Cost Type'!$A$4:$B$8,2,0)),"Impl",VLOOKUP(Q69,'Cost Type'!$A$4:$B$8,2,0))) -> Impl | C69: =IF(B69="Impl",VLOOKUP(AB69,'Mapping Activities to outputs'!$B:$C,2,0),"N/A") -> MC | F69: =BH69 -> 113.09 | G69: Purchase Invoices | H69: Oracle Fusion Payables invoices. | I69: Payables | J69: Oracle Fusion Payables subledger. | K69: 1176166 | L69: INVOICES | M69: JUN-2024 | N69: UNDP | P69: 71620 | Q69: Daily Subsistence Allowance - Local | R69: 58203 | S69: Ukraine - Crisis Prev & Rcvry | T69: UKR | U69: Ukraine | V69: 000182 | W69: GOVERNMENT OF NETHERLANDS | X69: 30000 | Y69: Programme Cost Sharing | Z69: 001981-UNDP | AA69: 001981-UNDP | AB69: ACT 4 | AC69: 01001136 | AD69: Support to the stabilization and recovery of war affected communities (frontline, return and hosting areas) | AE69: TR00316662 | AF69: AP_INVOICES | AG69: Travel Entitlements | AH69: 300001851722662 | AI69: STANDARD | AJ69: 4580 | AK69: 4580 | AL69: 1 | AM69: TR00316662 | AN69: HCM-71325972 | AO69: Anton Olehovych METLENKO[[71325972]] | AP69: 55 | AQ69: Journal Import 32887876: | AR69: Supplier: Anton Olehovych METLENKO[[71325972]] |Supplier #: HCM-71325972 |Site: Primary |Transaction #: TR00316662 |Transaction Line #: 1 |PO #: |PO Line #: 0 |Contract #: 1176166 |Project #: 01001136 |Task #: ACT 4 |Donor: GOVER | AS69: Payables A 32887136000001 32887876 3 Y | AT69: 27-06-2024 Purchase Invoices | AU69: Abdul Raheem SHAIK | AV69: UNDP PL USD | AY69: 0 | AZ69: 2024 | BA69: 45470 | BB69: 45475 | BC69: 1 | BD69: UAH | BE69: 4580 | BF69: 113.09 | BH69: 113.09
A70: =IF(X70="30000",IF(P70>60000,"yes","no"),"no") -> yes | B70: =IF(A70="no","N/A",IF(ISNA(VLOOKUP(P70,'Cost Type'!$A$4:$B$8,2,0)),"Impl",VLOOKUP(P70,'Cost Type'!$A$4:$B$8,2,0))) -> GMS | C70: =IF(B70="Impl",VLOOKUP(AB70,'Mapping Activities to outputs'!$B:$C,2,0),"N/A") -> N/A | F70: =BH70 -> 196.93 | G70: BURDEN_COST | H70: Cost of summarized burden expenditure items. | I70: Project Accounting | J70: Accounting generated by Oracle Fusion Projects for cost, revenue and billing offset transactions. | K70: 1176166 | L70: BURDEN_COST | M70: JUL-2024 | N70: UNDP | P70: 75105 | Q70: Facilities and Administration - Implementation | R70: 58203 | S70: Ukraine - Crisis Prev & Rcvry | T70: UKR | U70: Ukraine | V70: 000182 | W70: GOVERNMENT OF NETHERLANDS | X70: 30000 | Y70: Programme Cost Sharing | Z70: 001981-UNDP | AA70: 001981-UNDP | AB70: ACT 4 | AC70: 01001136 | AD70: Support to the stabilization and recovery of war affected communities (frontline, return and hosting areas) | AE70: 50286761 | AF70: EXPENDITURES | AP70: 507 | AQ70: Journal Import 32813955: | AR70: Expenditure Business Unit : UNDP-UKR , Project Number : 01001136 , Task Number : ACT 4 , Transaction Number : 50286761 , Expenditure Category : 75100 - Facilities & Administration , Expenditure Type : 75105 - Facilities and Administration - | AS70: Projects A 32813847000001 32813955 3 Y | AT70: 01-07-2024 Burden Cost | AU70: Quantum Service Account | AV70: UNDP PL USD | AW70: 1/1/1970 | AZ70: 2024 | BA70: 45474 | BB70: 45475 | BD70: UAH | BE70: 7995.52 | BF70: 196.93 | BH70: 196.93
A71: =IF(X71="30000",IF(P71>60000,"yes","no"),"no") -> yes | B71: =IF(A71="no","N/A",IF(ISNA(VLOOKUP(P71,'Cost Type'!$A$4:$B$8,2,0)),"Impl",VLOOKUP(P71,'Cost Type'!$A$4:$B$8,2,0))) -> GMS | C71: =IF(B71="Impl",VLOOKUP(AB71,'Mapping Activities to outputs'!$B:$C,2,0),"N/A") -> N/A | F71: =BH71 -> 9.05 | G71: BURDEN_COST | H71: Cost of summarized burden expenditure items. | I71: Project Accounting | J71: Accounting generated by Oracle Fusion Projects for cost, revenue and billing offset transactions. | K71: 1176166 | L71: BURDEN_COST | M71: JUN-2024 | N71: UNDP | P71: 75105 | Q71: Facilities and Administration - Implementation | R71: 58203 | S71: Ukraine - Crisis Prev & Rcvry | T71: UKR | U71: Ukraine | V71: 000182 | W71: GOVERNMENT OF NETHERLANDS | X71: 30000 | Y71: Programme Cost Sharing | Z71: 001981-UNDP | AA71: 001981-UNDP | AB71: ACT 4 | AC71: 01001136 | AD71: Support to the stabilization and recovery of war affected communities (frontline, return and hosting areas) | AE71: 50321365 | AF71: EXPENDITURES | AP71: 115 | AQ71: Journal Import 33060526: | AR71: Expenditure Business Unit : UNDP-UKR , Project Number : 01001136 , Task Number : ACT 4 , Transaction Number : 50321365 , Expenditure Category : 75100 - Facilities & Administration , Expenditure Type : 75105 - Facilities and Administration - | AS71: Projects A 33060278000001 33060526 4 Y | AT71: 27-06-2024 Burden Cost | AU71: Quantum Service Account | AV71: UNDP PL USD | AW71: 1/1/1970 | AZ71: 2024 | BA71: 45470 | BB71: 45476 | BD71: UAH | BE71: 366.4 | BF71: 9.05 | BH71: 9.05
A72: =IF(X72="30000",IF(P72>60000,"yes","no"),"no") -> yes | B72: =IF(A72="no","N/A",IF(ISNA(VLOOKUP(P72,'Cost Type'!$A$4:$B$8,2,0)),"Impl",VLOOKUP(Q72,'Cost Type'!$A$4:$B$8,2,0))) -> Impl | C72: =IF(B72="Impl",VLOOKUP(AB72,'Mapping Activities to outputs'!$B:$C,2,0),"N/A") -> MC | F72: =BH72 -> -6.08 | G72: Payments | H72: Cash disbursements. | I72: Payables | J72: Oracle Fusion Payables subledger. | K72: 1176166 | L72: PAYMENTS | M72: JUL-2024 | N72: UNDP | P72: 76135 | Q72: Realized Foreign Exchange Gain - AP | R72: 58203 | S72: Ukraine - Crisis Prev & Rcvry | T72: UKR | U72: Ukraine | V72: 000182 | W72: GOVERNMENT OF NETHERLANDS | X72: 30000 | Y72: Programme Cost Sharing | Z72: 001981-UNDP | AA72: 001981-UNDP | AB72: ACT 4 | AC72: 01001136 | AD72: Support to the stabilization and recovery of war affected communities (frontline, return and hosting areas) | AE72: 8107021171 | AF72: AP_PAYMENTS | AG72: summer tires for armored and soft vehicles for daily usage in missions/duty trips in summer period by UNDP Programme fleet in Dnipro/Poltava/Odesa offices | AH72: 300001858662755 | AI72: STANDARD | AJ72: 99944 | AK72: 99944 | AL72: 1 | AM72: 088 | AN72: 1059137 | AO72: BABANSKYI OLEKSANDR SEHIIOVYCH FOP | AP72: 3432 | AQ72: Journal Import 32983142: | AR72: Supplier: BABANSKYI OLEKSANDR SEHIIOVYCH FOP |Supplier #: 1059137 |Transaction #: 088 |Payment # : 8107021171 |Payment Method : TRF | | AS72: Payables A 32980766000002 32983142 N | AT72: 03-07-2024 Payments | AU72: Quantum Service Account | AV72: UNDP PL USD | AW72: 6/19/2024 | AX72: 10239415 | AY72: 1 | AZ72: 2024 | BA72: 45476 | BB72: 45476 | BD72: UAH | BE72: 0 | BG72: 6.08 | BH72: -6.08
A73: =IF(X73="30000",IF(P73>60000,"yes","no"),"no") -> yes | B73: =IF(A73="no","N/A",IF(ISNA(VLOOKUP(P73,'Cost Type'!$A$4:$B$8,2,0)),"Impl",VLOOKUP(Q73,'Cost Type'!$A$4:$B$8,2,0))) -> Impl | C73: =IF(B73="Impl",VLOOKUP(AB73,'Mapping Activities to outputs'!$B:$C,2,0),"N/A") -> MC | F73: =BH73 -> 781.22 | G73: Purchase Invoices | H73: Oracle Fusion Payables invoices. | I73: Payables | J73: Oracle Fusion Payables subledger. | K73: 1176166 | L73: INVOICES | M73: JUN-2024 | N73: UNDP | P73: 72145 | Q73: Service Cost - Training and Education Services | R73: 58204 | S73: Ukraine - Dem. Governance | T73: UKR | U73: Ukraine | V73: 000182 | W73: GOVERNMENT OF NETHERLANDS | X73: 30000 | Y73: Programme Cost Sharing | Z73: 001981-UNDP | AA73: 001981-UNDP | AB73: ACT 4 | AC73: 01001136 | AD73: Support to the stabilization and recovery of war affected communities (frontline, return and hosting areas) | AE73: 000182385 | AF73: AP_INVOICES | AG73: payment for UN RPP Board, 13 June 2024 in Kyiv | AH73: 300001861331878 | AI73: STANDARD | AJ73: 126558 | AK73: 31639.5 | AL73: 4 | AM73: 000182385 | AN73: 1058619 | AO73: KYI AVIA, PJSC | AP73: 72 | AQ73: Journal Import 33038027: | AR73: Supplier: KYI AVIA, PJSC |Supplier #: 1058619 |Site: UKR |Transaction #: 000182385 |Transaction Line #: 4 |PO #: |PO Line #: 0 |Contract #: 1176166 |Project #: 01001136 |Task #: ACT 4 |Donor: GOVERNMENT OF NETHERLANDS | | AS73: Payables A 33036018000001 33038027 2 Y | AT73: 19-06-2024 Purchase Invoices | AU73: Quantum Service Account | AV73: UNDP PL USD | AY73: 0 | AZ73: 2024 | BA73: 45462 | BB73: 45476 | BC73: 4 | BD73: UAH | BE73: 31639.5 | BF73: 781.22 | BH73: 781.22
A74: =IF(X74="30000",IF(P74>60000,"yes","no"),"no") -> yes | B74: =IF(A74="no","N/A",IF(ISNA(VLOOKUP(P74,'Cost Type'!$A$4:$B$8,2,0)),"Impl",VLOOKUP(P74,'Cost Type'!$A$4:$B$8,2,0))) -> GMS | C74: =IF(B74="Impl",VLOOKUP(AB74,'Mapping Activities to outputs'!$B:$C,2,0),"N/A") -> N/A | F74: =BH74 -> 62.5 | G74: BURDEN_COST | H74: Cost of summarized burden expenditure items. | I74: Project Accounting | J74: Accounting generated by Oracle Fusion Projects for cost, revenue and billing offset transactions. | K74: 1176166 | L74: BURDEN_COST | M74: JUN-2024 | N74: UNDP | P74: 75105 | Q74: Facilities and Administration - Implementation | R74: 58204 | S74: Ukraine - Dem. Governance | T74: UKR | U74: Ukraine | V74: 000182 | W74: GOVERNMENT OF NETHERLANDS | X74: 30000 | Y74: Programme Cost Sharing | Z74: 001981-UNDP | AA74: 001981-UNDP | AB74: ACT 4 | AC74: 01001136 | AD74: Support to the stabilization and recovery of war affected communities (frontline, return and hosting areas) | AE74: 50359238 | AF74: EXPENDITURES | AP74: 24 | AQ74: Journal Import 33206680: | AR74: Expenditure Business Unit : UNDP-UKR , Project Number : 01001136 , Task Number : ACT 4 , Transaction Number : 50359238 , Expenditure Category : 75100 - Facilities & Administration , Expenditure Type : 75105 - Facilities and Administration - | AS74: Projects A 33206348000001 33206680 3 Y | AT74: 19-06-2024 Burden Cost | AU74: Quantum Service Account | AV74: UNDP PL USD | AW74: 1/1/1970 | AZ74: 2024 | BA74: 45462 | BB74: 45477 | BD74: UAH | BE74: 2531.16 | BF74: 62.5 | BH74: 62.5
A75: =IF(X75="30000",IF(P75>60000,"yes","no"),"no") -> yes | B75: =IF(A75="no","N/A",IF(ISNA(VLOOKUP(P75,'Cost Type'!$A$4:$B$8,2,0)),"Impl",VLOOKUP(Q75,'Cost Type'!$A$4:$B$8,2,0))) -> Impl | C75: =IF(B75="Impl",VLOOKUP(AB75,'Mapping Activities to outputs'!$B:$C,2,0),"N/A") -> Output 3 | F75: =BH75 -> 1002.72 | G75: Purchase Invoices | H75: Oracle Fusion Payables invoices. | I75: Payables | J75: Oracle Fusion Payables subledger. | K75: 1176166 | L75: INVOICES | M75: JUN-2024 | N75: UNDP | P75: 74215 | Q75: Promotional Materials and Distribution | R75: 58203 | S75: Ukraine - Crisis Prev & Rcvry | T75: UKR | U75: Ukraine | V75: 000182 | W75: GOVERNMENT OF NETHERLANDS | X75: 30000 | Y75: Programme Cost Sharing | Z75: 001981-UNDP | AA75: 001981-UNDP | AB75: ACT 3.2.3. | AC75: 01001136 | AD75: Support to the stabilization and recovery of war affected communities (frontline, return and hosting areas) | AE75: 046 | AF75: AP_INVOICES | AG75: production of Promotional materials/souvenirs for the participants of the School of Social Entrepreneurship 2024 | AH75: 300001863663302 | AI75: STANDARD | AJ75: 40610 | AK75: 40610 | AL75: 1 | AM75: 046 | AN75: 1058609 | AO75: KLYMENKO YURII YAKOVYCH FOP | AP75: 26 | AQ75: Journal Import 33184432: | AR75: Supplier: KLYMENKO YURII YAKOVYCH FOP |Supplier #: 1058609 |Site: UKR |Transaction #: 046 |Transaction Line #: 1 |PO #: |PO Line #: 0 |Contract #: 1176166 |Project #: 01001136 |Task #: ACT 3.2.3. |Donor: GOVERNMENT OF NETHERLANDS | AS75: Payables A 33182387000001 33184432 3 Y | AT75: 26-06-2024 Purchase Invoices | AU75: Quantum Service Account | AV75: UNDP PL USD | AY75: 0 | AZ75: 2024 | BA75: 45469 | BB75: 45477 | BC75: 1 | BD75: UAH | BE75: 40610 | BF75: 1002.72 | BH75: 1002.72
A76: =IF(X76="30000",IF(P76>60000,"yes","no"),"no") -> yes | B76: =IF(A76="no","N/A",IF(ISNA(VLOOKUP(P76,'Cost Type'!$A$4:$B$8,2,0)),"Impl",VLOOKUP(Q76,'Cost Type'!$A$4:$B$8,2,0))) -> Impl | C76: =IF(B76="Impl",VLOOKUP(AB76,'Mapping Activities to outputs'!$B:$C,2,0),"N/A") -> MC | F76: =BH76 -> -0.28 | G76: Payments | H76: Cash disbursements. | I76: Payables | J76: Oracle Fusion Payables subledger. | K76: 1176166 | L76: PAYMENTS | M76: JUL-2024 | N76: UNDP | P76: 76135 | Q76: Realized Foreign Exchange Gain - AP | R76: 58203 | S76: Ukraine - Crisis Prev & Rcvry | T76: UKR | U76: Ukraine | V76: 000182 | W76: GOVERNMENT OF NETHERLANDS | X76: 30000 | Y76: Programme Cost Sharing | Z76: 001981-UNDP | AA76: 001981-UNDP | AB76: ACT 4 | AC76: 01001136 | AD76: Support to the stabilization and recovery of war affected communities (frontline, return and hosting areas) | AE76: 8107021187 | AF76: AP_PAYMENTS | AG76: Travel Entitlements | AH76: 300001851722662 | AI76: STANDARD | AJ76: 4580 | AK76: 4580 | AL76: 1 | AM76: TR00316662 | AN76: HCM-71325972 | AO76: Anton Olehovych METLENKO[[71325972]] | AP76: 1077 | AQ76: Journal Import 33162026: | AR76: Supplier: Anton Olehovych METLENKO[[71325972]] |Supplier #: HCM-71325972 |Transaction #: TR00316662 |Payment # : 8107021187 |Payment Method : TRF | | AS76: Payables A 33160283000001 33162026 3 N | AT76: 04-07-2024 Payments | AU76: Quantum Service Account | AV76: UNDP PL USD | AY76: 0 | AZ76: 2024 | BA76: 45477 | BB76: 45477 | BD76: UAH | BE76: 0 | BG76: 0.28 | BH76: -0.28
A77: =IF(X77="30000",IF(P77>60000,"yes","no"),"no") -> yes | B77: =IF(A77="no","N/A",IF(ISNA(VLOOKUP(P77,'Cost Type'!$A$4:$B$8,2,0)),"Impl",VLOOKUP(Q77,'Cost Type'!$A$4:$B$8,2,0))) -> Impl | C77: =IF(B77="Impl",VLOOKUP(AB77,'Mapping Activities to outputs'!$B:$C,2,0),"N/A") -> MC | F77: =BH77 -> -1.94 | G77: Payments | H77: Cash disbursements. | I77: Payables | J77: Oracle Fusion Payables subledger. | K77: 1176166 | L77: PAYMENTS | M77: JUL-2024 | N77: UNDP | P77: 76135 | Q77: Realized Foreign Exchange Gain - AP | R77: 58204 | S77: Ukraine - Dem. Governance | T77: UKR | U77: Ukraine | V77: 000182 | W77: GOVERNMENT OF NETHERLANDS | X77: 30000 | Y77: Programme Cost Sharing | Z77: 001981-UNDP | AA77: 001981-UNDP | AB77: ACT 4 | AC77: 01001136 | AD77: Support to the stabilization and recovery of war affected communities (frontline, return and hosting areas) | AE77: 8107021230 | AF77: AP_PAYMENTS | AG77: payment for UN RPP Board, 13 June 2024 in Kyiv | AH77: 300001861331878 | AI77: STANDARD | AJ77: 126558 | AK77: 31639.5 | AL77: 4 | AM77: 000182385 | AN77: 1058619 | AO77: KYI AVIA, PJSC | AP77: 1085 | AQ77: Journal Import 33162026: | AR77: Supplier: KYI AVIA, PJSC |Supplier #: 1058619 |Transaction #: 000182385 |Payment # : 8107021230 |Payment Method : TRF | | AS77: Payables A 33160283000001 33162026 3 N | AT77: 04-07-2024 Payments | AU77: Quantum Service Account | AV77: UNDP PL USD | AY77: 0 | AZ77: 2024 | BA77: 45477 | BB77: 45477 | BD77: UAH | BE77: 0 | BG77: 1.94 | BH77: -1.94
A78: =IF(X78="30000",IF(P78>60000,"yes","no"),"no") -> yes | B78: =IF(A78="no","N/A",IF(ISNA(VLOOKUP(P78,'Cost Type'!$A$4:$B$8,2,0)),"Impl",VLOOKUP(P78,'Cost Type'!$A$4:$B$8,2,0))) -> GMS | C78: =IF(B78="Impl",VLOOKUP(AB78,'Mapping Activities to outputs'!$B:$C,2,0),"N/A") -> N/A | F78: =BH78 -> 80.02 | G78: BURDEN_COST | H78: Cost of summarized burden expenditure items. | I78: Project Accounting | J78: Accounting generated by Oracle Fusion Projects for cost, revenue and billing offset transactions. | K78: 1176166 | L78: BURDEN_COST | M78: JUN-2024 | N78: UNDP | P78: 75105 | Q78: Facilities and Administration - Implementation | R78: 58203 | S78: Ukraine - Crisis Prev & Rcvry | T78: UKR | U78: Ukraine | V78: 000182 | W78: GOVERNMENT OF NETHERLANDS | X78: 30000 | Y78: Programme Cost Sharing | Z78: 001981-UNDP | AA78: 001981-UNDP | AB78: ACT 3.2.3. | AC78: 01001136 | AD78: Support to the stabilization and recovery of war affected communities (frontline, return and hosting areas) | AE78: 50416854 | AF78: EXPENDITURES | AP78: 34 | AQ78: Journal Import 33348683: | AR78: Expenditure Business Unit : UNDP-UKR , Project Number : 01001136 , Task Number : ACT 3.2.3. , Transaction Number : 50416854 , Expenditure Category : 75100 - Facilities & Administration , Expenditure Type : 75105 - Facilities and Administrat | AS78: Projects A 33348597000001 33348683 4 Y | AT78: 26-06-2024 Burden Cost | AU78: Quantum Service Account | AV78: UNDP PL USD | AW78: 1/1/1970 | AZ78: 2024 | BA78: 45469 | BB78: 45478 | BD78: UAH | BE78: 3248.8 | BF78: 80.02 | BH78: 80.02
A79: =IF(X79="30000",IF(P79>60000,"yes","no"),"no") -> yes | B79: =IF(A79="no","N/A",IF(ISNA(VLOOKUP(P79,'Cost Type'!$A$4:$B$8,2,0)),"Impl",VLOOKUP(Q79,'Cost Type'!$A$4:$B$8,2,0))) -> Impl | C79: =IF(B79="Impl",VLOOKUP(AB79,'Mapping Activities to outputs'!$B:$C,2,0),"N/A") -> Output 2 | F79: =BH79 -> -91.87 | G79: Purchase Invoices | H79: Oracle Fusion Payables invoices. | I79: Payables | J79: Oracle Fusion Payables subledger. | K79: 1176166 | L79: INVOICES | M79: JUL-2024 | N79: UNDP | P79: 75709 | Q79: Learning Costs - Training of Counter | R79: 58203 | S79: Ukraine - Crisis Prev & Rcvry | T79: UKR | U79: Ukraine | V79: 000182 | W79: GOVERNMENT OF NETHERLANDS | X79: 30000 | Y79: Programme Cost Sharing | Z79: 001981-UNDP | AA79: 001981-UNDP | AB79: ACT 2.2.1. | AC79: 01001136 | AD79: Support to the stabilization and recovery of war affected communities (frontline, return and hosting areas) | AE79: 000182476 | AF79: AP_INVOICES | AG79: Networking event of Veterans Development Centers 30-31 May 2024 | AH79: 300001865507047 | AI79: STANDARD | AJ79: 814473.6 | AK79: 814473.6 | AL79: 1 | AM79: 000182476 | AN79: 1058619 | AO79: KYI AVIA, PJSC | AP79: 101 | AQ79: Journal Import 33278924: | AR79: Supplier: KYI AVIA, PJSC |Supplier #: 1058619 |Site: UKR |Transaction #: 000182476 |Transaction Line #: 1 |PO #: 10224136 |PO Line #: 1 |Contract #: 1176166 |Project #: 01001136 |Task #: ACT 2.2.1. |Donor: GOVERNMENT OF NETHERLAND | AS79: Payables A 33276558000001 33278924 N | AT79: 04-07-2024 Purchase Invoices | AU79: Quantum Service Account | AV79: UNDP PL USD | AW79: 5/17/2024 | AX79: 10224136 | AY79: 1 | AZ79: 2024 | BA79: 45477 | BB79: 45478 | BC79: 1 | BD79: UAH | BE79: 0 | BG79: 91.87 | BH79: -91.87
A80: =IF(X80="30000",IF(P80>60000,"yes","no"),"no") -> yes | B80: =IF(A80="no","N/A",IF(ISNA(VLOOKUP(P80,'Cost Type'!$A$4:$B$8,2,0)),"Impl",VLOOKUP(Q80,'Cost Type'!$A$4:$B$8,2,0))) -> Impl | C80: =IF(B80="Impl",VLOOKUP(AB80,'Mapping Activities to outputs'!$B:$C,2,0),"N/A") -> Output 2 | F80: =BH80 -> 3720.91 | G80: Purchase Invoices | H80: Oracle Fusion Payables invoices. | I80: Payables | J80: Oracle Fusion Payables subledger. | K80: 1176166 | L80: INVOICES | M80: JUL-2024 | N80: UNDP | P80: 75709 | Q80: Learning Costs - Training of Counter | R80: 58203 | S80: Ukraine - Crisis Prev & Rcvry | T80: UKR | U80: Ukraine | V80: 000182 | W80: GOVERNMENT OF NETHERLANDS | X80: 30000 | Y80: Programme Cost Sharing | Z80: 001981-UNDP | AA80: 001981-UNDP | AB80: ACT 2.2.1. | AC80: 01001136 | AD80: Support to the stabilization and recovery of war affected communities (frontline, return and hosting areas) | AE80: 000182476 | AF80: AP_INVOICES | AG80: Networking event of Veterans Development Centers 30-31 May 2024 | AH80: 300001865507047 | AI80: STANDARD | AJ80: 814473.6 | AK80: 814473.6 | AL80: 1 | AM80: 000182476 | AN80: 1058619 | AO80: KYI AVIA, PJSC | AP80: 706 | AQ80: Journal Import 33278924: | AR80: Supplier: KYI AVIA, PJSC |Supplier #: 1058619 |Site: UKR |Transaction #: 000182476 |Transaction Line #: 1 |PO #: 10224136 |PO Line #: 1 |Contract #: 1176166 |Project #: 01001136 |Task #: ACT 2.2.1. |Donor: GOVERNMENT OF NETHERLAND | AS80: Payables A 33276558000001 33278924 2 Y | AT80: 04-07-2024 Purchase Invoices | AU80: Quantum Service Account | AV80: UNDP PL USD | AW80: 5/17/2024 | AX80: 10224136 | AY80: 1 | AZ80: 2024 | BA80: 45477 | BB80: 45478 | BC80: 1 | BD80: UAH | BE80: 146975.95 | BF80: 3720.91 | BH80: 3720.91
A81: =IF(X81="30000",IF(P81>60000,"yes","no"),"no") -> yes | B81: =IF(A81="no","N/A",IF(ISNA(VLOOKUP(P81,'Cost Type'!$A$4:$B$8,2,0)),"Impl",VLOOKUP(Q81,'Cost Type'!$A$4:$B$8,2,0))) -> Impl | C81: =IF(B81="Impl",VLOOKUP(AB81,'Mapping Activities to outputs'!$B:$C,2,0),"N/A") -> Output 3 | F81: =BH81 -> -2.47 | G81: Payments | H81: Cash disbursements. | I81: Payables | J81: Oracle Fusion Payables subledger. | K81: 1176166 | L81: PAYMENTS | M81: JUL-2024 | N81: UNDP | P81: 76135 | Q81: Realized Foreign Exchange Gain - AP | R81: 58203 | S81: Ukraine - Crisis Prev & Rcvry | T81: UKR | U81: Ukraine | V81: 000182 | W81: GOVERNMENT OF NETHERLANDS | X81: 30000 | Y81: Programme Cost Sharing | Z81: 001981-UNDP | AA81: 001981-UNDP | AB81: ACT 3.2.3. | AC81: 01001136 | AD81: Support to the stabilization and recovery of war affected communities (frontline, return and hosting areas) | AE81: 8107021300 | AF81: AP_PAYMENTS | AG81: production of Promotional materials/souvenirs for the participants of the School of Social Entrepreneurship 2024 | AH81: 300001863663302 | AI81: STANDARD | AJ81: 40610 | AK81: 40610 | AL81: 1 | AM81: 046 | AN81: 1058609 | AO81: KLYMENKO YURII YAKOVYCH FOP | AP81: 5049 | AQ81: Journal Import 33306119: | AR81: Supplier: KLYMENKO YURII YAKOVYCH FOP |Supplier #: 1058609 |Transaction #: 046 |Payment # : 8107021300 |Payment Method : TRF | | AS81: Payables A 33304946000002 33306119 N | AT81: 05-07-2024 Payments | AU81: Quantum Service Account | AV81: UNDP PL USD | AY81: 0 | AZ81: 2024 | BA81: 45478 | BB81: 45478 | BD81: UAH | BE81: 0 | BG81: 2.47 | BH81: -2.47
A82: =IF(X82="30000",IF(P82>60000,"yes","no"),"no") -> yes | B82: =IF(A82="no","N/A",IF(ISNA(VLOOKUP(P82,'Cost Type'!$A$4:$B$8,2,0)),"Impl",VLOOKUP(Q82,'Cost Type'!$A$4:$B$8,2,0))) -> Impl | C82: =IF(B82="Impl",VLOOKUP(AB82,'Mapping Activities to outputs'!$B:$C,2,0),"N/A") -> MC | F82: =BH82 -> 1698.14 | G82: LABOR_COST | H82: Cost of services performed by workers for wages. | I82: Project Accounting | J82: Accounting generated by Oracle Fusion Projects for cost, revenue and billing offset transactions. | K82: 1176166 | L82: LABOR_COST | M82: JUN-2024 | N82: UNDP | P82: 67405 | Q82: Labour Cost – IP Staff | R82: 58203 | S82: Ukraine - Crisis Prev & Rcvry | T82: UKR | U82: Ukraine | V82: 000182 | W82: GOVERNMENT OF NETHERLANDS | X82: 30000 | Y82: Programme Cost Sharing | Z82: 001981-UNDP | AA82: 001981-UNDP | AB82: ACT 4 | AC82: 01001136 | AD82: Support to the stabilization and recovery of war affected communities (frontline, return and hosting areas) | AE82: 50482675 | AF82: EXPENDITURES | AP82: 2974 | AQ82: Journal Import 33470433: | AR82: Expenditure Business Unit : UNDP-UKR , Project Number : 01001136 , Task Number : ACT 4 , Transaction Number : 50482675 , Expenditure Category : 67400 - Labour Cost – IP Staff , Expenditure Type : 67405 - Labour Cost - IP Staff | AS82: Projects A 33469980000012 33470433 Y | AT82: 01-06-2024 Labor Cost | AU82: Quantum Service Account | AV82: UNDP PL USD | AW82: 1/1/1970 | AZ82: 2024 | BA82: 45444 | BB82: 45479 | BD82: USD | BE82: 1698.14 | BF82: 1698.14 | BH82: 1698.14
A83: =IF(X83="30000",IF(P83>60000,"yes","no"),"no") -> yes | B83: =IF(A83="no","N/A",IF(ISNA(VLOOKUP(P83,'Cost Type'!$A$4:$B$8,2,0)),"Impl",VLOOKUP(Q83,'Cost Type'!$A$4:$B$8,2,0))) -> Impl | C83: =IF(B83="Impl",VLOOKUP(AB83,'Mapping Activities to outputs'!$B:$C,2,0),"N/A") -> MC | F83: =BH83 -> 667.56 | G83: LABOR_COST | H83: Cost of services performed by workers for wages. | I83: Project Accounting | J83: Accounting generated by Oracle Fusion Projects for cost, revenue and billing offset transactions. | K83: 1176166 | L83: LABOR_COST | M83: JUN-2024 | N83: UNDP | P83: 71475 | Q83: Labour Cost - National Personnel Services Agreement | R83: 58203 | S83: Ukraine - Crisis Prev & Rcvry | T83: UKR | U83: Ukraine | V83: 000182 | W83: GOVERNMENT OF NETHERLANDS | X83: 30000 | Y83: Programme Cost Sharing | Z83: 001981-UNDP | AA83: 001981-UNDP | AB83: ACT 4 | AC83: 01001136 | AD83: Support to the stabilization and recovery of war affected communities (frontline, return and hosting areas) | AE83: 50482583 | AF83: EXPENDITURES | AP83: 3416 | AQ83: Journal Import 33470433: | AR83: Expenditure Business Unit : UNDP-UKR , Project Number : 01001136 , Task Number : ACT 4 , Transaction Number : 50482583 , Expenditure Category : 71400 - Contractual Services - Individ , Expenditure Type : 71475 - Labour Cost - National Perso | AS83: Projects A 33469980000012 33470433 Y | AT83: 01-06-2024 Labor Cost | AU83: Quantum Service Account | AV83: UNDP PL USD | AW83: 1/1/1970 | AZ83: 2024 | BA83: 45444 | BB83: 45479 | BD83: USD | BE83: 667.56 | BF83: 667.56 | BH83: 667.56
A84: =IF(X84="30000",IF(P84>60000,"yes","no"),"no") -> yes | B84: =IF(A84="no","N/A",IF(ISNA(VLOOKUP(P84,'Cost Type'!$A$4:$B$8,2,0)),"Impl",VLOOKUP(Q84,'Cost Type'!$A$4:$B$8,2,0))) -> Impl | C84: =IF(B84="Impl",VLOOKUP(AB84,'Mapping Activities to outputs'!$B:$C,2,0),"N/A") -> Output 2 | F84: =BH84 -> 3707.57 | G84: LABOR_COST | H84: Cost of services performed by workers for wages. | I84: Project Accounting | J84: Accounting generated by Oracle Fusion Projects for cost, revenue and billing offset transactions. | K84: 1176166 | L84: LABOR_COST | M84: JUN-2024 | N84: UNDP | P84: 71475 | Q84: Labour Cost - National Personnel Services Agreement | R84: 58203 | S84: Ukraine - Crisis Prev & Rcvry | T84: UKR | U84: Ukraine | V84: 000182 | W84: GOVERNMENT OF NETHERLANDS | X84: 30000 | Y84: Programme Cost Sharing | Z84: 001981-UNDP | AA84: 001981-UNDP | AB84: ACT 2.1.2. | AC84: 01001136 | AD84: Support to the stabilization and recovery of war affected communities (frontline, return and hosting areas) | AE84: 50482720 | AF84: EXPENDITURES | AP84: 3417 | AQ84: Journal Import 33470433: | AR84: Expenditure Business Unit : UNDP-UKR , Project Number : 01001136 , Task Number : ACT 2.1.2. , Transaction Number : 50482720 , Expenditure Category : 71400 - Contractual Services - Individ , Expenditure Type : 71475 - Labour Cost - National | AS84: Projects A 33469980000012 33470433 Y | AT84: 01-06-2024 Labor Cost | AU84: Quantum Service Account | AV84: UNDP PL USD | AW84: 1/1/1970 | AZ84: 2024 | BA84: 45444 | BB84: 45479 | BD84: USD | BE84: 3707.57 | BF84: 3707.57 | BH84: 3707.57
A85: =IF(X85="30000",IF(P85>60000,"yes","no"),"no") -> no | B85: =IF(A85="no","N/A",IF(ISNA(VLOOKUP(Q85,'Cost Type'!$A$4:$B$8,2,0)),"Impl",VLOOKUP(Q85,'Cost Type'!$A$4:$B$8,2,0))) -> N/A | C85: =IF(B85="Impl",VLOOKUP(AB85,'Mapping Activities to outputs'!$B:$C,2,0),"N/A") -> N/A | F85: =BH85 -> -667.56 | G85: LABOR_COST | H85: Cost of services performed by workers for wages. | I85: Project Accounting | J85: Accounting generated by Oracle Fusion Projects for cost, revenue and billing offset transactions. | K85: 1176166 | L85: LABOR_COST | M85: JUN-2024 | N85: UNDP | P85: 67105 | Q85: Labour Cost - Project expense recovery | R85: 58203 | S85: Ukraine - Crisis Prev & Rcvry | T85: UKR | U85: Ukraine | V85: 000182 | W85: GOVERNMENT OF NETHERLANDS | X85: 99981 | Y85: Payroll Passthrough Fund | Z85: 001981-UNDP | AA85: 001981-UNDP | AB85: ACT 4 | AC85: 01001136 | AD85: Support to the stabilization and recovery of war affected communities (frontline, return and hosting areas) | AE85: 50482583 | AF85: EXPENDITURES | AP85: 2559 | AQ85: Journal Import 33470433: | AR85: Expenditure Business Unit : UNDP-UKR , Project Number : 01001136 , Task Number : ACT 4 , Transaction Number : 50482583 , Expenditure Category : 71400 - Contractual Services - Individ , Expenditure Type : 71475 - Labour Cost - National Perso | AS85: Projects A 33469980000012 33470433 Y | AT85: 01-06-2024 Labor Cost | AU85: Quantum Service Account | AV85: UNDP PL USD | AW85: 1/1/1970 | AZ85: 2024 | BA85: 45444 | BB85: 45479 | BD85: USD | BE85: -667.56 | BG85: 667.56 | BH85: -667.56
A86: =IF(X86="30000",IF(P86>60000,"yes","no"),"no") -> no | B86: =IF(A86="no","N/A",IF(ISNA(VLOOKUP(Q86,'Cost Type'!$A$4:$B$8,2,0)),"Impl",VLOOKUP(Q86,'Cost Type'!$A$4:$B$8,2,0))) -> N/A | C86: =IF(B86="Impl",VLOOKUP(AB86,'Mapping Activities to outputs'!$B:$C,2,0),"N/A") -> N/A | F86: =BH86 -> -1698.14 | G86: LABOR_COST | H86: Cost of services performed by workers for wages. | I86: Project Accounting | J86: Accounting generated by Oracle Fusion Projects for cost, revenue and billing offset transactions. | K86: 1176166 | L86: LABOR_COST | M86: JUN-2024 | N86: UNDP | P86: 67105 | Q86: Labour Cost - Project expense recovery | R86: 58203 | S86: Ukraine - Crisis Prev & Rcvry | T86: UKR | U86: Ukraine | V86: 000182 | W86: GOVERNMENT OF NETHERLANDS | X86: 99981 | Y86: Payroll Passthrough Fund | Z86: 001981-UNDP | AA86: 001981-UNDP | AB86: ACT 4 | AC86: 01001136 | AD86: Support to the stabilization and recovery of war affected communities (frontline, return and hosting areas) | AE86: 50482675 | AF86: EXPENDITURES | AP86: 2560 | AQ86: Journal Import 33470433: | AR86: Expenditure Business Unit : UNDP-UKR , Project Number : 01001136 , Task Number : ACT 4 , Transaction Number : 50482675 , Expenditure Category : 67400 - Labour Cost – IP Staff , Expenditure Type : 67405 - Labour Cost - IP Staff | AS86: Projects A 33469980000012 33470433 Y | AT86: 01-06-2024 Labor Cost | AU86: Quantum Service Account | AV86: UNDP PL USD | AW86: 1/1/1970 | AZ86: 2024 | BA86: 45444 | BB86: 45479 | BD86: USD | BE86: -1698.14 | BG86: 1698.14 | BH86: -1698.14
A87: =IF(X87="30000",IF(P87>60000,"yes","no"),"no") -> no | B87: =IF(A87="no","N/A",IF(ISNA(VLOOKUP(Q87,'Cost Type'!$A$4:$B$8,2,0)),"Impl",VLOOKUP(Q87,'Cost Type'!$A$4:$B$8,2,0))) -> N/A | C87: =IF(B87="Impl",VLOOKUP(AB87,'Mapping Activities to outputs'!$B:$C,2,0),"N/A") -> N/A | F87: =BH87 -> -3707.57 | G87: LABOR_COST | H87: Cost of services performed by workers for wages. | I87: Project Accounting | J87: Accounting generated by Oracle Fusion Projects for cost, revenue and billing offset transactions. | K87: 1176166 | L87: LABOR_COST | M87: JUN-2024 | N87: UNDP | P87: 67105 | Q87: Labour Cost - Project expense recovery | R87: 58203 | S87: Ukraine - Crisis Prev & Rcvry | T87: UKR | U87: Ukraine | V87: 000182 | W87: GOVERNMENT OF NETHERLANDS | X87: 99981 | Y87: Payroll Passthrough Fund | Z87: 001981-UNDP | AA87: 001981-UNDP | AB87: ACT 2.1.2. | AC87: 01001136 | AD87: Support to the stabilization and recovery of war affected communities (frontline, return and hosting areas) | AE87: 50482720 | AF87: EXPENDITURES | AP87: 2561 | AQ87: Journal Import 33470433: | AR87: Expenditure Business Unit : UNDP-UKR , Project Number : 01001136 , Task Number : ACT 2.1.2. , Transaction Number : 50482720 , Expenditure Category : 71400 - Contractual Services - Individ , Expenditure Type : 71475 - Labour Cost - National | AS87: Projects A 33469980000012 33470433 Y | AT87: 01-06-2024 Labor Cost | AU87: Quantum Service Account | AV87: UNDP PL USD | AW87: 1/1/1970 | AZ87: 2024 | BA87: 45444 | BB87: 45479 | BD87: USD | BE87: -3707.57 | BG87: 3707.57 | BH87: -3707.57
A88: =IF(X88="30000",IF(P88>60000,"yes","no"),"no") -> yes | B88: =IF(A88="no","N/A",IF(ISNA(VLOOKUP(P88,'Cost Type'!$A$4:$B$8,2,0)),"Impl",VLOOKUP(P88,'Cost Type'!$A$4:$B$8,2,0))) -> GMS | C88: =IF(B88="Impl",VLOOKUP(AB88,'Mapping Activities to outputs'!$B:$C,2,0),"N/A") -> N/A | F88: =BH88 -> 289.61 | G88: BURDEN_COST | H88: Cost of summarized burden expenditure items. | I88: Project Accounting | J88: Accounting generated by Oracle Fusion Projects for cost, revenue and billing offset transactions. | K88: 1176166 | L88: BURDEN_COST | M88: JUL-2024 | N88: UNDP | P88: 75105 | Q88: Facilities and Administration - Implementation | R88: 58203 | S88: Ukraine - Crisis Prev & Rcvry | T88: UKR | U88: Ukraine | V88: 000182 | W88: GOVERNMENT OF NETHERLANDS | X88: 30000 | Y88: Programme Cost Sharing | Z88: 001981-UNDP | AA88: 001981-UNDP | AB88: ACT 2.2.1. | AC88: 01001136 | AD88: Support to the stabilization and recovery of war affected communities (frontline, return and hosting areas) | AE88: 50549546 | AF88: EXPENDITURES | AP88: 101 | AQ88: Journal Import 33591806: | AR88: Expenditure Business Unit : UNDP-UKR , Project Number : 01001136 , Task Number : ACT 2.2.1. , Transaction Number : 50549546 , Expenditure Category : 75100 - Facilities & Administration , Expenditure Type : 75105 - Facilities and Administrat | AS88: Projects A 33591329000005 33591806 2 Y | AT88: 04-07-2024 Burden Cost | AU88: Quantum Service Account | AV88: UNDP PL USD | AW88: 1/1/1970 | AZ88: 2024 | BA88: 45477 | BB88: 45480 | BD88: UAH | BE88: 11758.08 | BF88: 289.61 | BH88: 289.61
A89: =IF(X89="30000",IF(P89>60000,"yes","no"),"no") -> yes | B89: =IF(A89="no","N/A",IF(ISNA(VLOOKUP(P89,'Cost Type'!$A$4:$B$8,2,0)),"Impl",VLOOKUP(P89,'Cost Type'!$A$4:$B$8,2,0))) -> GMS | C89: =IF(B89="Impl",VLOOKUP(AB89,'Mapping Activities to outputs'!$B:$C,2,0),"N/A") -> N/A | F89: =BH89 -> 189.25 | G89: BURDEN_COST | H89: Cost of summarized burden expenditure items. | I89: Project Accounting | J89: Accounting generated by Oracle Fusion Projects for cost, revenue and billing offset transactions. | K89: 1176166 | L89: BURDEN_COST | M89: JUN-2024 | N89: UNDP | P89: 75105 | Q89: Facilities and Administration - Implementation | R89: 58203 | S89: Ukraine - Crisis Prev & Rcvry | T89: UKR | U89: Ukraine | V89: 000182 | W89: GOVERNMENT OF NETHERLANDS | X89: 30000 | Y89: Programme Cost Sharing | Z89: 001981-UNDP | AA89: 001981-UNDP | AB89: ACT 4 | AC89: 01001136 | AD89: Support to the stabilization and recovery of war affected communities (frontline, return and hosting areas) | AE89: 50549547 | AF89: EXPENDITURES | AP89: 1265 | AQ89: Journal Import 33591806: | AR89: Expenditure Business Unit : UNDP-UKR , Project Number : 01001136 , Task Number : ACT 4 , Transaction Number : 50549547 , Expenditure Category : 75100 - Facilities & Administration , Expenditure Type : 75105 - Facilities and Administration - | AS89: Projects A 33591329000005 33591806 Y | AT89: 01-06-2024 Burden Cost | AU89: Quantum Service Account | AV89: UNDP PL USD | AW89: 1/1/1970 | AZ89: 2024 | BA89: 45444 | BB89: 45480 | BD89: USD | BE89: 189.25 | BF89: 189.25 | BH89: 189.25
A90: =IF(X90="30000",IF(P90>60000,"yes","no"),"no") -> yes | B90: =IF(A90="no","N/A",IF(ISNA(VLOOKUP(P90,'Cost Type'!$A$4:$B$8,2,0)),"Impl",VLOOKUP(P90,'Cost Type'!$A$4:$B$8,2,0))) -> GMS | C90: =IF(B90="Impl",VLOOKUP(AB90,'Mapping Activities to outputs'!$B:$C,2,0),"N/A") -> N/A | F90: =BH90 -> 296.61 | G90: BURDEN_COST | H90: Cost of summarized burden expenditure items. | I90: Project Accounting | J90: Accounting generated by Oracle Fusion Projects for cost, revenue and billing offset transactions. | K90: 1176166 | L90: BURDEN_COST | M90: JUN-2024 | N90: UNDP | P90: 75105 | Q90: Facilities and Administration - Implementation | R90: 58203 | S90: Ukraine - Crisis Prev & Rcvry | T90: UKR | U90: Ukraine | V90: 000182 | W90: GOVERNMENT OF NETHERLANDS | X90: 30000 | Y90: Programme Cost Sharing | Z90: 001981-UNDP | AA90: 001981-UNDP | AB90: ACT 2.1.2. | AC90: 01001136 | AD90: Support to the stabilization and recovery of war affected communities (frontline, return and hosting areas) | AE90: 50549548 | AF90: EXPENDITURES | AP90: 1266 | AQ90: Journal Import 33591806: | AR90: Expenditure Business Unit : UNDP-UKR , Project Number : 01001136 , Task Number : ACT 2.1.2. , Transaction Number : 50549548 , Expenditure Category : 75100 - Facilities & Administration , Expenditure Type : 75105 - Facilities and Administrat | AS90: Projects A 33591329000005 33591806 Y | AT90: 01-06-2024 Burden Cost | AU90: Quantum Service Account | AV90: UNDP PL USD | AW90: 1/1/1970 | AZ90: 2024 | BA90: 45444 | BB90: 45480 | BD90: USD | BE90: 296.61 | BF90: 296.61 | BH90: 296.61
A91: =IF(X91="30000",IF(P91>60000,"yes","no"),"no") -> yes | B91: =IF(A91="no","N/A",IF(ISNA(VLOOKUP(P91,'Cost Type'!$A$4:$B$8,2,0)),"Impl",VLOOKUP(Q91,'Cost Type'!$A$4:$B$8,2,0))) -> Impl | C91: =IF(B91="Impl",VLOOKUP(AB91,'Mapping Activities to outputs'!$B:$C,2,0),"N/A") -> Output 2 | F91: =BH91 -> -8.94 | G91: Payments | H91: Cash disbursements. | I91: Payables | J91: Oracle Fusion Payables subledger. | K91: 1176166 | L91: PAYMENTS | M91: JUL-2024 | N91: UNDP | P91: 76135 | Q91: Realized Foreign Exchange Gain - AP | R91: 58203 | S91: Ukraine - Crisis Prev & Rcvry | T91: UKR | U91: Ukraine | V91: 000182 | W91: GOVERNMENT OF NETHERLANDS | X91: 30000 | Y91: Programme Cost Sharing | Z91: 001981-UNDP | AA91: 001981-UNDP | AB91: ACT 2.2.1. | AC91: 01001136 | AD91: Support to the stabilization and recovery of war affected communities (frontline, return and hosting areas) | AE91: 8107021370 | AF91: AP_PAYMENTS | AG91: Networking event of Veterans Development Centers 30-31 May 2024 | AH91: 300001865507047 | AI91: STANDARD | AJ91: 814473.6 | AK91: 814473.6 | AL91: 1 | AM91: 000182476 | AN91: 1058619 | AO91: KYI AVIA, PJSC | AP91: 2680 | AQ91: Journal Import 33652076: | AR91: Supplier: KYI AVIA, PJSC |Supplier #: 1058619 |Transaction #: 000182476 |Payment # : 8107021370 |Payment Method : TRF | | AS91: Payables A 33649727000002 33652076 N | AT91: 08-07-2024 Payments | AU91: Quantum Service Account | AV91: UNDP PL USD | AW91: 5/17/2024 | AX91: 10224136 | AY91: 1 | AZ91: 2024 | BA91: 45481 | BB91: 45481 | BD91: UAH | BE91: 0 | BG91: 8.94 | BH91: -8.94
A92: =IF(X92="30000",IF(P92>60000,"yes","no"),"no") -> yes | B92: =IF(A92="no","N/A",IF(ISNA(VLOOKUP(P92,'Cost Type'!$A$4:$B$8,2,0)),"Impl",VLOOKUP(Q92,'Cost Type'!$A$4:$B$8,2,0))) -> Impl | C92: =IF(B92="Impl",VLOOKUP(AB92,'Mapping Activities to outputs'!$B:$C,2,0),"N/A") -> MC | F92: =BH92 -> 10.25 | G92: Purchase Invoices | H92: Oracle Fusion Payables invoices. | I92: Payables | J92: Oracle Fusion Payables subledger. | K92: 1176166 | L92: INVOICES | M92: JUN-2024 | N92: UNDP | P92: 71635 | Q92: Travel Cost - Other | R92: 58203 | S92: Ukraine - Crisis Prev & Rcvry | T92: UKR | U92: Ukraine | V92: 000182 | W92: GOVERNMENT OF NETHERLANDS | X92: 30000 | Y92: Programme Cost Sharing | Z92: 001981-UNDP | AA92: 001981-UNDP | AB92: ACT 4 | AC92: 01001136 | AD92: Support to the stabilization and recovery of war affected communities (frontline, return and hosting areas) | AE92: TC00269824s_0 | AF92: AP_INVOICES | AH92: 300001836886518 | AI92: STANDARD | AJ92: 0 | AK92: 0 | AL92: 1 | AM92: TC00269824s_0 | AN92: HCM-71318443 | AO92: Olha Ivanivna BONDARENKO[[71318443]] | AP92: 34 | AQ92: Journal Import 33796179: | AR92: Supplier: Olha Ivanivna BONDARENKO[[71318443]] |Supplier #: HCM-71318443 |Site: Primary |Transaction #: TC00269824s_0 |Transaction Line #: 1 |PO #: |PO Line #: 0 |Contract #: 1176166 |Project #: 01001136 |Task #: ACT 4 |Donor: GO | AS92: Payables A 33794434000001 33796179 Y | AT92: 20-06-2024 Purchase Invoices | AU92: Quantum Service Account | AV92: UNDP PL USD | AY92: 0 | AZ92: 2024 | BA92: 45463 | BB92: 45482 | BC92: 1 | BD92: UAH | BE92: 414.95 | BF92: 10.25 | BH92: 10.25
A93: =IF(X93="30000",IF(P93>60000,"yes","no"),"no") -> yes | B93: =IF(A93="no","N/A",IF(ISNA(VLOOKUP(P93,'Cost Type'!$A$4:$B$8,2,0)),"Impl",VLOOKUP(Q93,'Cost Type'!$A$4:$B$8,2,0))) -> Impl | C93: =IF(B93="Impl",VLOOKUP(AB93,'Mapping Activities to outputs'!$B:$C,2,0),"N/A") -> MC | F93: =BH93 -> -10.25 | G93: Purchase Invoices | H93: Oracle Fusion Payables invoices. | I93: Payables | J93: Oracle Fusion Payables subledger. | K93: 1176166 | L93: INVOICES | M93: JUN-2024 | N93: UNDP | P93: 71635 | Q93: Travel Cost - Other | R93: 58203 | S93: Ukraine - Crisis Prev & Rcvry | T93: UKR | U93: Ukraine | V93: 000182 | W93: GOVERNMENT OF NETHERLANDS | X93: 30000 | Y93: Programme Cost Sharing | Z93: 001981-UNDP | AA93: 001981-UNDP | AB93: ACT 4 | AC93: 01001136 | AD93: Support to the stabilization and recovery of war affected communities (frontline, return and hosting areas) | AE93: TC00269824s_0 | AF93: AP_INVOICES | AH93: 300001836886518 | AI93: STANDARD | AJ93: 0 | AK93: 0 | AL93: 1 | AM93: TC00269824s_0 | AN93: HCM-71318443 | AO93: Olha Ivanivna BONDARENKO[[71318443]] | AP93: 35 | AQ93: Journal Import 33796179: | AR93: Supplier: Olha Ivanivna BONDARENKO[[71318443]] |Supplier #: HCM-71318443 |Site: Primary |Transaction #: TC00269824s_0 |Transaction Line #: 1 |PO #: |PO Line #: 0 |Contract #: 1176166 |Project #: 01001136 |Task #: ACT 4 |Donor: GO | AS93: Payables A 33794434000001 33796179 Y | AT93: 20-06-2024 Purchase Invoices | AU93: Quantum Service Account | AV93: UNDP PL USD | AY93: 0 | AZ93: 2024 | BA93: 45463 | BB93: 45482 | BC93: 1 | BD93: UAH | BE93: -414.95 | BG93: 10.25 | BH93: -10.25
A94: =IF(X94="30000",IF(P94>60000,"yes","no"),"no") -> yes | B94: =IF(A94="no","N/A",IF(ISNA(VLOOKUP(P94,'Cost Type'!$A$4:$B$8,2,0)),"Impl",VLOOKUP(Q94,'Cost Type'!$A$4:$B$8,2,0))) -> Impl | C94: =IF(B94="Impl",VLOOKUP(AB94,'Mapping Activities to outputs'!$B:$C,2,0),"N/A") -> MC | F94: =BH94 -> 419.53 | G94: Purchase Invoices | H94: Oracle Fusion Payables invoices. | I94: Payables | J94: Oracle Fusion Payables subledger. | K94: 1176166 | L94: INVOICES | M94: JUL-2024 | N94: UNDP | P94: 73410 | Q94: Maintenance Cost - Transportation Equipment | R94: 58203 | S94: Ukraine - Crisis Prev & Rcvry | T94: UKR | U94: Ukraine | V94: 000182 | W94: GOVERNMENT OF NETHERLANDS | X94: 30000 | Y94: Programme Cost Sharing | Z94: 001981-UNDP | AA94: 001981-UNDP | AB94: ACT 4 | AC94: 01001136 | AD94: Support to the stabilization and recovery of war affected communities (frontline, return and hosting areas) | AE94: 104122121 | AF94: AP_INVOICES | AG94: car washing service of UNDP vehicles in Poltava; fan replacement in DP201124; polish purchase for UNDP vehicles | AH94: 300001876368360 | AI94: STANDARD | AJ94: 17033 | AK94: 17033 | AL94: 1 | AM94: 104122121 | AN94: 1059137 | AO94: BABANSKYI OLEKSANDR SEHIIOVYCH FOP | AP94: 95 | AQ94: Journal Import 33956277: | AR94: Supplier: BABANSKYI OLEKSANDR SEHIIOVYCH FOP |Supplier #: 1059137 |Site: UKR |Transaction #: 104122121 |Transaction Line #: 1 |PO #: |PO Line #: 0 |Contract #: 1176166 |Project #: 01001136 |Task #: ACT 4 |Donor: GOVERNMENT OF NET | AS94: Payables A 33953953000001 33956277 Y | AT94: 04-07-2024 Purchase Invoices | AU94: Quantum Service Account | AV94: UNDP PL USD | AY94: 0 | AZ94: 2024 | BA94: 45477 | BB94: 45483 | BC94: 1 | BD94: UAH | BE94: 17033 | BF94: 419.53 | BH94: 419.53
A95: =IF(X95="30000",IF(P95>60000,"yes","no"),"no") -> yes | B95: =IF(A95="no","N/A",IF(ISNA(VLOOKUP(P95,'Cost Type'!$A$4:$B$8,2,0)),"Impl",VLOOKUP(Q95,'Cost Type'!$A$4:$B$8,2,0))) -> Impl | C95: =IF(B95="Impl",VLOOKUP(AB95,'Mapping Activities to outputs'!$B:$C,2,0),"N/A") -> MC | F95: =BH95 -> 111 | G95: Purchase Invoices | H95: Oracle Fusion Payables invoices. | I95: Payables | J95: Oracle Fusion Payables subledger. | K95: 1176166 | L95: INVOICES | M95: JUL-2024 | N95: UNDP | P95: 63340 | Q95: Rest and Recuperation Allowance - IP Staff | R95: 58203 | S95: Ukraine - Crisis Prev & Rcvry | T95: UKR | U95: Ukraine | V95: 000182 | W95: GOVERNMENT OF NETHERLANDS | X95: 30000 | Y95: Programme Cost Sharing | Z95: 001981-UNDP | AA95: 001981-UNDP | AB95: ACT 4 | AC95: 01001136 | AD95: Support to the stabilization and recovery of war affected communities (frontline, return and hosting areas) | AE95: R&R/21-27.06/2024 | AF95: AP_INVOICES | AG95: R&R/21-27.06/2024 | AH95: 300001876368877 | AI95: STANDARD | AJ95: 1110 | AK95: 111 | AL95: 5 | AM95: R&R/21-27.06/2024 | AN95: HCM-946107 | AO95: Federica DISPENZA[[946107]] | AP95: 95 | AQ95: Journal Import 33956277: | AR95: Supplier: Federica DISPENZA[[946107]] |Supplier #: HCM-946107 |Site: UKR |Transaction #: R&R/21-27.06/2024 |Transaction Line #: 5 |PO #: |PO Line #: 0 |Contract #: 1176166 |Project #: 01001136 |Task #: ACT 4 |Donor: GOVERNMENT OF | AS95: Payables A 33953953000001 33956277 Y | AT95: 08-07-2024 Purchase Invoices | AU95: Quantum Service Account | AV95: UNDP PL USD | AY95: 0 | AZ95: 2024 | BA95: 45481 | BB95: 45483 | BC95: 5 | BD95: USD | BE95: 111 | BF95: 111 | BH95: 111
A96: =IF(X96="30000",IF(P96>60000,"yes","no"),"no") -> yes | B96: =IF(A96="no","N/A",IF(ISNA(VLOOKUP(P96,'Cost Type'!$A$4:$B$8,2,0)),"Impl",VLOOKUP(P96,'Cost Type'!$A$4:$B$8,2,0))) -> GMS | C96: =IF(B96="Impl",VLOOKUP(AB96,'Mapping Activities to outputs'!$B:$C,2,0),"N/A") -> N/A | F96: =BH96 -> 33.56 | G96: BURDEN_COST | H96: Cost of summarized burden expenditure items. | I96: Project Accounting | J96: Accounting generated by Oracle Fusion Projects for cost, revenue and billing offset transactions. | K96: 1176166 | L96: BURDEN_COST | M96: JUL-2024 | N96: UNDP | P96: 75105 | Q96: Facilities and Administration - Implementation | R96: 58203 | S96: Ukraine - Crisis Prev & Rcvry | T96: UKR | U96: Ukraine | V96: 000182 | W96: GOVERNMENT OF NETHERLANDS | X96: 30000 | Y96: Programme Cost Sharing | Z96: 001981-UNDP | AA96: 001981-UNDP | AB96: ACT 4 | AC96: 01001136 | AD96: Support to the stabilization and recovery of war affected communities (frontline, return and hosting areas) | AE96: 50827017 | AF96: EXPENDITURES | AP96: 54 | AQ96: Journal Import 34066534: | AR96: Expenditure Business Unit : UNDP-UKR , Project Number : 01001136 , Task Number : ACT 4 , Transaction Number : 50827017 , Expenditure Category : 75100 - Facilities & Administration , Expenditure Type : 75105 - Facilities and Administration - | AS96: Projects A 34066402000001 34066534 2 Y | AT96: 04-07-2024 Burden Cost | AU96: Quantum Service Account | AV96: UNDP PL USD | AW96: 1/1/1970 | AZ96: 2024 | BA96: 45477 | BB96: 45484 | BD96: UAH | BE96: 1362.64 | BF96: 33.56 | BH96: 33.56
A97: =IF(X97="30000",IF(P97>60000,"yes","no"),"no") -> yes | B97: =IF(A97="no","N/A",IF(ISNA(VLOOKUP(P97,'Cost Type'!$A$4:$B$8,2,0)),"Impl",VLOOKUP(P97,'Cost Type'!$A$4:$B$8,2,0))) -> GMS | C97: =IF(B97="Impl",VLOOKUP(AB97,'Mapping Activities to outputs'!$B:$C,2,0),"N/A") -> N/A | F97: =BH97 -> 8.88 | G97: BURDEN_COST | H97: Cost of summarized burden expenditure items. | I97: Project Accounting | J97: Accounting generated by Oracle Fusion Projects for cost, revenue and billing offset transactions. | K97: 1176166 | L97: BURDEN_COST | M97: JUL-2024 | N97: UNDP | P97: 75105 | Q97: Facilities and Administration - Implementation | R97: 58203 | S97: Ukraine - Crisis Prev & Rcvry | T97: UKR | U97: Ukraine | V97: 000182 | W97: GOVERNMENT OF NETHERLANDS | X97: 30000 | Y97: Programme Cost Sharing | Z97: 001981-UNDP | AA97: 001981-UNDP | AB97: ACT 4 | AC97: 01001136 | AD97: Support to the stabilization and recovery of war affected communities (frontline, return and hosting areas) | AE97: 50827018 | AF97: EXPENDITURES | AP97: 115 | AQ97: Journal Import 34066534: | AR97: Expenditure Business Unit : UNDP-UKR , Project Number : 01001136 , Task Number : ACT 4 , Transaction Number : 50827018 , Expenditure Category : 75100 - Facilities & Administration , Expenditure Type : 75105 - Facilities and Administration - | AS97: Projects A 34066402000001 34066534 2 Y | AT97: 08-07-2024 Burden Cost | AU97: Quantum Service Account | AV97: UNDP PL USD | AW97: 1/1/1970 | AZ97: 2024 | BA97: 45481 | BB97: 45484 | BD97: USD | BE97: 8.88 | BF97: 8.88 | BH97: 8.88
A98: =IF(X98="30000",IF(P98>60000,"yes","no"),"no") -> yes | B98: =IF(A98="no","N/A",IF(ISNA(VLOOKUP(P98,'Cost Type'!$A$4:$B$8,2,0)),"Impl",VLOOKUP(Q98,'Cost Type'!$A$4:$B$8,2,0))) -> Impl | C98: =IF(B98="Impl",VLOOKUP(AB98,'Mapping Activities to outputs'!$B:$C,2,0),"N/A") -> Output 2 | F98: =BH98 -> -127.48 | G98: Purchase Invoices | H98: Oracle Fusion Payables invoices. | I98: Payables | J98: Oracle Fusion Payables subledger. | K98: 1176166 | L98: INVOICES | M98: JUL-2024 | N98: UNDP | P98: 75709 | Q98: Learning Costs - Training of Counter | R98: 58203 | S98: Ukraine - Crisis Prev & Rcvry | T98: UKR | U98: Ukraine | V98: 000182 | W98: GOVERNMENT OF NETHERLANDS | X98: 30000 | Y98: Programme Cost Sharing | Z98: 001981-UNDP | AA98: 001981-UNDP | AB98: ACT 2.2.1. | AC98: 01001136 | AD98: Support to the stabilization and recovery of war affected communities (frontline, return and hosting areas) | AE98: 000182770 | AF98: AP_INVOICES | AG98: Strategic sessions on creating an ecosystem for veterans' reintegration for 2 partner communities in Sumy region | AH98: 300001881642553 | AI98: STANDARD | AJ98: 413043.03 | AK98: 413043.03 | AL98: 1 | AM98: 000182770 | AN98: 1058619 | AO98: KYI AVIA, PJSC | AP98: 112 | AQ98: Journal Import 34051838: | AR98: Supplier: KYI AVIA, PJSC |Supplier #: 1058619 |Site: UKR |Transaction #: 000182770 |Transaction Line #: 1 |PO #: 10236088 |PO Line #: 1 |Contract #: 1176166 |Project #: 01001136 |Task #: ACT 2.2.1. |Donor: GOVERNMENT OF NETHERLAND | AS98: Payables A 34050000000002 34051838 N | AT98: 11-07-2024 Purchase Invoices | AU98: Quantum Service Account | AV98: UNDP PL USD | AW98: 6/11/2024 | AX98: 10236088 | AY98: 1 | AZ98: 2024 | BA98: 45484 | BB98: 45484 | BC98: 1 | BD98: UAH | BE98: 0 | BG98: 127.48 | BH98: -127.48
A99: =IF(X99="30000",IF(P99>60000,"yes","no"),"no") -> yes | B99: =IF(A99="no","N/A",IF(ISNA(VLOOKUP(P99,'Cost Type'!$A$4:$B$8,2,0)),"Impl",VLOOKUP(Q99,'Cost Type'!$A$4:$B$8,2,0))) -> Impl | C99: =IF(B99="Impl",VLOOKUP(AB99,'Mapping Activities to outputs'!$B:$C,2,0),"N/A") -> Output 2 | F99: =BH99 -> 10326.07 | G99: Purchase Invoices | H99: Oracle Fusion Payables invoices. | I99: Payables | J99: Oracle Fusion Payables subledger. | K99: 1176166 | L99: INVOICES | M99: JUL-2024 | N99: UNDP | P99: 75709 | Q99: Learning Costs - Training of Counter | R99: 58203 | S99: Ukraine - Crisis Prev & Rcvry | T99: UKR | U99: Ukraine | V99: 000182 | W99: GOVERNMENT OF NETHERLANDS | X99: 30000 | Y99: Programme Cost Sharing | Z99: 001981-UNDP | AA99: 001981-UNDP | AB99: ACT 2.2.1. | AC99: 01001136 | AD99: Support to the stabilization and recovery of war affected communities (frontline, return and hosting areas) | AE99: 000182770 | AF99: AP_INVOICES | AG99: Strategic sessions on creating an ecosystem for veterans' reintegration for 2 partner communities in Sumy region | AH99: 300001881642553 | AI99: STANDARD | AJ99: 413043.03 | AK99: 413043.03 | AL99: 1 | AM99: 000182770 | AN99: 1058619 | AO99: KYI AVIA, PJSC | AP99: 685 | AQ99: Journal Import 34051838: | AR99: Supplier: KYI AVIA, PJSC |Supplier #: 1058619 |Site: UKR |Transaction #: 000182770 |Transaction Line #: 1 |PO #: 10236088 |PO Line #: 1 |Contract #: 1176166 |Project #: 01001136 |Task #: ACT 2.2.1. |Donor: GOVERNMENT OF NETHERLAND | AS99: Payables A 34050000000002 34051838 2 Y | AT99: 11-07-2024 Purchase Invoices | AU99: Quantum Service Account | AV99: UNDP PL USD | AW99: 6/11/2024 | AX99: 10236088 | AY99: 1 | AZ99: 2024 | BA99: 45484 | BB99: 45484 | BC99: 1 | BD99: UAH | BE99: 413043.03 | BF99: 10326.07 | BH99: 10326.07
A100: =IF(X100="30000",IF(P100>60000,"yes","no"),"no") -> yes | B100: =IF(A100="no","N/A",IF(ISNA(VLOOKUP(P100,'Cost Type'!$A$4:$B$8,2,0)),"Impl",VLOOKUP(Q100,'Cost Type'!$A$4:$B$8,2,0))) -> Impl | C100: =IF(B100="Impl",VLOOKUP(AB100,'Mapping Activities to outputs'!$B:$C,2,0),"N/A") -> MC | F100: =BH100 -> 0.25 | G100: Purchase Invoices | H100: Oracle Fusion Payables invoices. | I100: Payables | J100: Oracle Fusion Payables subledger. | K100: 1176166 | L100: INVOICES | M100: JUL-2024 | N100: UNDP | P100: 71620 | Q100: Daily Subsistence Allowance - Local | R100: 58203 | S100: Ukraine - Crisis Prev & Rcvry | T100: UKR | U100: Ukraine | V100: 000182 | W100: GOVERNMENT OF NETHERLANDS | X100: 30000 | Y100: Programme Cost Sharing | Z100: 001981-UNDP | AA100: 001981-UNDP | AB100: ACT 4 | AC100: 01001136 | AD100: Support to the stabilization and recovery of war affected communities (frontline, return and hosting areas) | AE100: TC00277517s_0 | AF100: AP_INVOICES | AH100: 300001876325115 | AI100: STANDARD | AJ100: 10 | AK100: 10 | AL100: 1 | AM100: TC00277517s_0 | AN100: HCM-71325972 | AO100: Anton Olehovych METLENKO[[71325972]] | AP100: 73 | AQ100: Journal Import 34161423: | AR100: Supplier: Anton Olehovych METLENKO[[71325972]] |Supplier #: HCM-71325972 |Site: Primary |Transaction #: TC00277517s_0 |Transaction Line #: 1 |PO #: |PO Line #: 0 |Contract #: 1176166 |Project #: 01001136 |Task #: ACT 4 |Donor: GO | AS100: Payables A 34158948000001 34161423 Y | AT100: 09-07-2024 Purchase Invoices | AU100: Quantum Service Account | AV100: UNDP PL USD | AY100: 0 | AZ100: 2024 | BA100: 45482 | BB100: 45485 | BC100: 1 | BD100: UAH | BE100: 10 | BF100: 0.25 | BH100: 0.25
...

Sheet CPFR
K20: CHECKING | L20: =K21-'Interim finreport'!E17 -> -51839.35
K21: 1091134.1
N29: AAA
N30: 1142973.4

Sheet Pivot PTR
A1: Expenditure Type | B1: (Multiple Items)
A2: Transaction Type | B2: Project Expences
A3: Fund Code | B3: (All)
A5: Row Labels | B5: Sum of Burdened Cost(Ledger Currency) | C5: Sum of Burdened Cost(Local Currency)
A6: ACT 1.1.1. | B6: 26168.5 | C6: 1086528.7
A7: ACT 1.1.2. | B7: 41798.69 | C7: 1732489.3
A8: ACT 1.2.1. | B8: 34351.02 | C8: 200847.6
A9: ACT 1.2.2. | B9: 50625.49 | C9: 1365803.4
A10: ACT 1.2.3. | B10: 67282.931 | C10: 2017936.5
A11: ACT 2.1.1. | B11: 32655.96 | C11: 1317018.9
A12: ACT 2.1.2. | B12: 78959.762 | C12: 1596618.9
A13: ACT 2.2.1. | B13: 71066.68 | C13: 2936258.2
A14: ACT 2.3.1. | B14: 6048 | C14: 250992
A15: ACT 2.3.2. | B15: 63943.416 | C15: 1736509.9
A16: ACT 3.1.1. | B16: 12791.57 | C16: 531880.4
A17: ACT 3.1.2. | B17: 23494.5 | C17: 938878.75
... A30: Grand Total | B30: 1156666.3 | C30: 33151644

Sheet Pivot AAA
B1: Net of GMS
A2: FISCAL YEAR | B2: (All) | E2: GMS
A3: FUND | B3: 30000 | D3: FISCAL YEAR | E3: (All)
A4: DONOR | B4: (All) | D4: FUND | E4: 30000
A5: ACCOUNT | B5: (Multiple Items) | D5: DONOR | E5: (All)
D6: ACCOUNT | E6: 75105
A7: Row Labels | B7: Sum of Net Accounted Amt
B8: 40 | D8: Row Labels | E8: Sum of Net Accounted Amt
A9: ACT 1.1.1. | B9: 29220.57 | D9: ACT 1.1.1. | E9: 2328.99
A10: ACT 1.1.2. | B10: 67039.07 | D10: ACT 1.1.2. | E10: 5380.3
A11: ACT 1.2.1. | B11: 31806.5 | D11: ACT 1.2.1. | E11: 2544.52
A12: ACT 1.2.2. | B12: 72194.14 | D12: ACT 1.2.2. | E12: 5790.7
A13: ACT 1.2.3. | B13: 99740.03 | D13: ACT 1.2.3. | E13: 8106.87
A14: ACT 2.1.1. | B14: 38214.74 | D14: ACT 2.1.1. | E14: 3048.69
A15: ACT 2.1.2. | B15: 94382.47 | D15: ACT 2.1.2. | E15: 7531.59
A16: ACT 2.2.1. | B16: 73553.14 | D16: ACT 2.2.1. | E16: 5886.34
A17: ACT 2.3.1. | B17: 7971.43 | D17: ACT 2.3.1. | E17: 635.48
A18: ACT 2.3.2. | B18: 68788.79 | D18: ACT 2.3.2. | E18: 6318.19
A19: ACT 3.1.1. | B19: 11842.92 | D19: ACT 3.1.1. | E19: 948.65
A20: ACT 3.1.2. | B20: 21754.65 | D20: ACT 3.1.2. | E20: 1739.85
... A33: Grand Total | B33: 1245458.2 | D33: Grand Total | E33: 100235.4
A34: calculated | B34: =GETPIVOTDATA("Net Accounted Amt",$A$7)*0.08 -> 99636.652 | D34: diff | E34: =GETPIVOTDATA("Net Accounted Amt",$D$8)-B34 -> 598.748

Sheet PTR
I1: Project Transaction Details Report
A2: Project Details | L2: Task Details | Q2: Award Details | S2: Transaction Details | AD2: Cost Details | AJ2: Accounting Details | AT2: Invoice Details | BH2: PO Details | BM2: Labour Details
A3: Project Number | B3: Project Name | C3: Project Description | D3: Project Start Date | E3: Project End Date | F3: Project Business Unit | G3: Project Unit | H3: Project Organization | I3: Project Status | J3: Project Manager | K3: Implementing Partner | L3: Output | M3: Activity | N3: Activity Description | O3: Responsible Party | P3: Task Organization | Q3: Award Number | R3: Donor Name | S3: Transaction Type | T3: Transaction Number | U3: Commitment Number | V3: Commitment Approved Flag | W3: Transaction Date | X3: Expenditure Type | Y3: Expenditure Organization | Z3: Transaction Source | AA3: Document Type | AB3: Document Name | AC3: Document Entry Name | AD3: Raw Cost(Local Currency) | AE3: Burdened Cost(Local Currency) | AF3: Currency Code | AG3: Exchange Rate | AH3: Raw Cost(Ledger Currency) | AI3: Burdened Cost(Ledger Currency) | AJ3: Agency | AK3: Operating Unit | AL3: Fund Code | AM3: Department | AN3: Account | AO3: Project Number | AP3: Donor Number | AQ3: Accounting String | AR3: Accounting Period | AS3: Accounting Date | AT3: Invoices Business Unit | AU3: Invoice Number | AV3: Invoice Amount | AW3: Invoice Description | AX3: Invoice Line Number | AY3: Invoice Line Amount | AZ3: Vendor Number | BA3: Vendor Name | BB3: Address | BC3: City | BD3: Payment Number | BE3: Payment Date | BF3: Payment Currency Code | BG3: Payment Amount | BH3: PO Number | BI3: PO Line Number | BJ3: PO Item Description | BK3: PO Status | BL3: Fund Status | BM3: Employee Number | BN3: Employee Name | BO3: Contract Type | BP3: Department Name | BQ3: Company | BR3: User Person Type
A4: 01001136 | B4: Support to the stabilization and recovery of war affected communities (frontline, return and hosting areas) | D4: 07-08-2023 | E4: 31-03-2025 | F4: UNDP-UKR | G4: UNDP Project Unit | H4: B0582 - Ukraine - Kiev | I4: On Going | J4: DISPENZA, Federica | K4: 001981-UNDP | L4: Output 1 | M4: ACT 1.1.1. | N4: Activity 1.1.1. Capacity development of CSOs, NGOs, volunteer, and citizens group | O4: 001981-UNDP | P4: B0582 - Ukraine - Kiev | Q4: 1176166 | R4: GOVERNMENT OF NETHERLANDS | S4: Project Commitments | T4: 101934476 | U4: 10336790 | V4: Yes | W4: 30-01-2025 | X4: 75709 - Learning Costs - Training of Counter | Y4: 58203 - Ukraine - Crisis Prev & Rcvry | Z4: Oracle Fusion Purchasing | AB4: Purchase Order | AC4: Item Cost | AD4: 208249.94 | AE4: 224909.94 | AF4: UAH | AG4: 0.0240096 | AH4: 5000 | AI4: 5400 | AJ4: UNDP | AK4: UKR | AL4: 30000 | AM4: 58203 | AN4: 75709 | AO4: 01001136 | AP4: 000182 | AQ4: UNDP.UKR.30000.58203.75709.01001136.000182.0.0 | AZ4: 1058619 | BA4: KYI AVIA, PJSC | BB4: 1, DMYTRIVSKA ST. | BC4: KYIV | BH4: 10336790 | BI4: 1 | BJ4: 3-day course "Protocol for working with depression for veterans and their family members - tools and methods of psychotherapy" | BK4: OPEN | BL4: RESERVED
A5: 01001136 | B5: Support to the stabilization and recovery of war affected communities (frontline, return and hosting areas) | D5: 07-08-2023 | E5: 31-03-2025 | F5: UNDP-UKR | G5: UNDP Project Unit | H5: B0582 - Ukraine - Kiev | I5: On Going | J5: DISPENZA, Federica | K5: 001981-UNDP | L5: Output 1 | M5: ACT 1.1.1. | N5: Activity 1.1.1. Capacity development of CSOs, NGOs, volunteer, and citizens group | O5: 001981-UNDP | P5: B0582 - Ukraine - Kiev | Q5: 1176166 | R5: GOVERNMENT OF NETHERLANDS | S5: Project Commitments | T5: 101934477 | U5: 10274675 | V5: Yes | W5: 30-09-2024 | X5: 72165 - Service Cost - Social Services and Social Sciences | Y5: 58203 - Ukraine - Crisis Prev & Rcvry | Z5: Oracle Fusion Purchasing | AB5: Purchase Order | AC5: Item Cost | AD5: 70422.55 | AE5: 76056.354 | AF5: UAH | AG5: 0.02409639 | AH5: 1696.93 | AI5: 1832.68 | AJ5: UNDP | AK5: UKR | AL5: 30000 | AM5: 58203 | AN5: 72165 | AO5: 01001136 | AP5: 000182 | AQ5: UNDP.UKR.30000.58203.72165.01001136.000182.0.0 | AZ5: 2142388 | BA5: Research Bureau Sociologist, NGO | BB5: Kosmonavtiv st. 2, app.51 | BC5: Kharkiv | BH5: 10274675 | BI5: 4 | BJ5: Deliverable 4 and Deliverable 5 | BK5: OPEN | BL5: PARTIALLY_LIQUIDATED
A6: 01001136 | B6: Support to the stabilization and recovery of war affected communities (frontline, return and hosting areas) | D6: 07-08-2023 | E6: 31-03-2025 | F6: UNDP-UKR | G6: UNDP Project Unit | H6: B0582 - Ukraine - Kiev | I6: On Going | J6: DISPENZA, Federica | K6: 001981-UNDP | L6: Output 1 | M6: ACT 1.1.1. | N6: Activity 1.1.1. Capacity development of CSOs, NGOs, volunteer, and citizens group | O6: 001981-UNDP | P6: B0582 - Ukraine - Kiev | Q6: 1176166 | R6: GOVERNMENT OF NETHERLANDS | S6: Project Expences | T6: 52446518 | W6: 01-08-2024 | X6: 72605 - Grants to Institutions and Other Benefactors | Y6: 58203 - Ukraine - Crisis Prev & Rcvry | Z6: Oracle Fusion Payables | AA6: STANDARD | AB6: Supplier Invoice | AC6: Item Cost | AD6: 613743.5 | AE6: 613743.5 | AF6: UAH | AG6: 0.02409639 | AH6: 14789 | AI6: 14789 | AJ6: UNDP | AK6: UKR | AL6: 30000 | AM6: 58203 | AN6: 72605 | AO6: 01001136 | AP6: 000182 | AQ6: UNDP.UKR.30000.58203.72605.01001136.000182.0.0 | AR6: 08-2024 | AS6: 01-08-2024 | AT6: UNDP-UKR | AU6: 2024/07/035/VET, tr. #1 | AV6: 613743.5 | AW6: 2024/07/035/VET, tranche #1 | AX6: 1 | AY6: 613743.5 | AZ6: 2156985 | BA6: Kyiv School Of Public Administration Named After Serhiy Nyzhnyy NGO | BB6: Dobrovolchykh Batalioniv str.10 | BC6: Kyiv | BD6: 8107023555 | BE6: 28-08-2024 | BF6: UAH | BG6: 613743.5
A7: 01001136 | B7: Support to the stabilization and recovery of war affected communities (frontline, return and hosting areas) | D7: 07-08-2023 | E7: 31-03-2025 | F7: UNDP-UKR | G7: UNDP Project Unit | H7: B0582 - Ukraine - Kiev | I7: On Going | J7: DISPENZA, Federica | K7: 001981-UNDP | L7: Output 1 | M7: ACT 1.1.1. | N7: Activity 1.1.1. Capacity development of CSOs, NGOs, volunteer, and citizens group | O7: 001981-UNDP | P7: B0582 - Ukraine - Kiev | Q7: 1176166 | R7: GOVERNMENT OF NETHERLANDS | S7: Project Expences | T7: 52474633 | W7: 01-08-2024 | X7: 75105 - Facilities and Administration - Implementation | Y7: 58203 - Ukraine - Crisis Prev & Rcvry | Z7: Oracle Fusion Projects | AB7: Summarized Burden Expenditure | AC7: Summarized Burden Expenditure Item | AD7: 0 | AE7: 49099.48 | AF7: UAH | AG7: 0.02409639 | AH7: 0 | AI7: 1183.12 | AQ7: ........
